Workbook
Name _____________________________________________________TEP44: #N/A
Name _____________________________________________________TEP44: #N/A
Name _____________________________________________________TEP44: #N/A
Name _____________________________________________________TZ216: #N/A
Name _____________________________________________________TZ216: #N/A
Name _____________________________________________________TZ216: #N/A
Name ____________________________________________________ADM4: [1]BASE!$D$120
Name ____________________________________________________AIU1: #REF!
Name ____________________________________________________AIU1: #REF!
Name ____________________________________________________AIU1: #REF!
Name ____________________________________________________TPE1132: #N/A
Name ____________________________________________________TPE1132: #N/A
Name ____________________________________________________TPE1132: #N/A
Name ____________________________________________________TPE12: #REF!
Name ____________________________________________________TPE12: #REF!
Name ____________________________________________________TPE12: #REF!
Name ____________________________________________________TPE1331: #N/A
Name ____________________________________________________TPE1331: #N/A
Name ____________________________________________________TPE1331: #N/A
Name ____________________________________________________TPE1702: #N/A
Name ____________________________________________________TPE1702: #N/A
Name ____________________________________________________TPE1702: #N/A
Name ____________________________________________________TPE1703: #N/A
Name ____________________________________________________TPE1703: #N/A
Name ____________________________________________________TPE1703: #N/A
Name ____________________________________________________TPE1704: #N/A
Name ____________________________________________________TPE1704: #N/A
Name ____________________________________________________TPE1704: #N/A
Name ____________________________________________________TPE1706: #N/A
Name ____________________________________________________TPE1706: #N/A
Name ____________________________________________________TPE1706: #N/A
Name ____________________________________________________TPE1708: #N/A
Name ____________________________________________________TPE1708: #N/A
Name ____________________________________________________TPE1708: #N/A
Name ____________________________________________________TPE1710: #N/A
Name ____________________________________________________TPE1710: #N/A
Name ____________________________________________________TPE1710: #N/A
Name ____________________________________________________TPE1735: #N/A
Name ____________________________________________________TPE1735: #N/A
Name ____________________________________________________TPE1735: #N/A
Name ____________________________________________________TPE1763: #N/A
Name ____________________________________________________TPE1763: #N/A
Name ____________________________________________________TPE1763: #N/A
Name ____________________________________________________TPE1790: #N/A
Name ____________________________________________________TPE1790: #N/A
Name ____________________________________________________TPE1790: #N/A
Name ____________________________________________________TUZ22: '[2]BASE ORIGINAL'!#REF!
Name ____________________________________________________TUZ22: '[2]BASE ORIGINAL'!#REF!
Name ____________________________________________________TUZ22: '[2]BASE ORIGINAL'!#REF!
Name ____________________________________________________TUZ36: '[2]BASE ORIGINAL'!#REF!
Name ____________________________________________________TUZ36: '[2]BASE ORIGINAL'!#REF!
Name ____________________________________________________TUZ36: '[2]BASE ORIGINAL'!#REF!
Name ____________________________________________________TZ214: #N/A
Name ____________________________________________________TZ214: #N/A
Name ____________________________________________________TZ214: #N/A
Name ____________________________________________________TZ323: '[2]BASE ORIGINAL'!#REF!
Name ____________________________________________________TZ323: '[2]BASE ORIGINAL'!#REF!
Name ____________________________________________________TZ323: '[2]BASE ORIGINAL'!#REF!
Name ____________________________________________________TZ324: '[2]BASE ORIGINAL'!#REF!
Name ____________________________________________________TZ324: '[2]BASE ORIGINAL'!#REF!

Sheet Plan ejecución
C1: SISTEMA DE GESTIÓN INTEGRAL - SGI | AC1: Instructivo
C2: COMPONENTE FINANCIERO EP - PLAN DE EJECUCIÓN FÍSICA Y DE INVERSIONES
C3: CÓDIGO: F-PGC-21 | H3: =[74]Instructivo!G3 -> VERSIÓN: 03
A4: MODALIDAD DE CONTRATACIÓN: | C4: CONVENIO INTERADMINISTRATIVO | AC4: =C4 -> CONVENIO INTERADMINISTRATIVO
A5: OBJETO A CONTRATAR: | C5: “Aunar esfuerzos con el municipio de Santa Fe de Antioquia para cofinanciar el saneamiento hídrico rural en su territorio" | AC5: =C5 -> “Aunar esfuerzos con el municipio de Santa Fe de Antioquia para cofinanciar el saneamiento hídrico rural en su territorio"
A7: CONTRATISTA/CONVENIANTE: | C7: Municipio de Santa Fe de Antioquia
A8: NOMBRE DEL TÉCNICO (A): | C8: EL DESIGNADO POR EL ORDENADOR DEL GASTO
A9: DURACIÓN Y/O PLAZO DEL CONTRATO (MESES): | C9: 6 meses
A10: PERIODO DE PROGRAMACIÓN Y SEGUIMIENTO: | C10: mensual
A12: PROGRAMACIÓN FÍSICA
B13: Descripción | C13: % de importancia | D13: % de importancia subactividades | E13: Unidad de medida | F13: Cantidad Programada | G13: Distribución física
G14: Período 1 | H14: Período 2 | I14: Período 3 | J14: Período 4 | K14: Período 5 | L14: Período 6 | M14: Período 9 | N14: Período 10 | O14: Período 11 | P14: Período 12 | Q14: Período 13 | R14: Período 14 | S14: Período 15 | T14: Período 16 | U14: Período 17 | V14: Período 18 | W14: Período 19 | X14: Período 20 | Y14: Período 21 | Z14: Período 22 | AA14: Período 23 | AB14: Período 24
A15: META/ PRODUCTO A OBTENER: | B15: Apoyar la infraestructura de descontaminación hídrica en comunidades rurales | C15: 1 | D15: =SUM(D16:D16) -> 1 | E15: Convenio | F15: 1 | AC15: =F15-SUM(G15:AB15) -> 1
A16: Alcance 1 | B16: Cofinanciar al Municipio de Santa Fe de Antioquia para el suministro, transporte e instalación de cuarenta y cuatro (44) sistemas sépticos. | C16: 1 | D16: 1 | E16: Tanques | F16: 44 | G16: 10 | H16: 10 | I16: 10 | J16: 5 | K16: 5 | L16: 4 | M16: =+#REF! -> #REF! | N16: =+#REF! -> #REF! | O16: =+#REF! -> #REF! | P16: =+#REF! -> #REF! | Q16: =+#REF! -> #REF! | R16: =+#REF! -> #REF! | S16: =+#REF! -> #REF! | T16: =+#REF! -> #REF! | ... AB16: =+#REF! -> #REF! | AC16: =+F16-SUM(G16:L16) -> 0
A17: TOTAL | G17: =IF(ISERROR((G$16/$F$16)*$C$16),0,(G$16/$F$16)*$C$16) -> 0.22727273 | H17: =IF(ISERROR((H$16/$F$16)*$C$16),0,(H$16/$F$16)*$C$16) -> 0.22727273 | I17: =IF(ISERROR((I$16/$F$16)*$C$16),0,(I$16/$F$16)*$C$16) -> 0.22727273 | J17: =IF(ISERROR((J$16/$F$16)*$C$16),0,(J$16/$F$16)*$C$16) -> 0.11363636 | K17: =IF(ISERROR((K$16/$F$16)*$C$16),0,(K$16/$F$16)*$C$16) -> 0.11363636 | L17: =IF(ISERROR((L$16/$F$16)*$C$16),0,(L$16/$F$16)*$C$16) -> 0.090909091 | M17: =IFERROR(((#REF!/#REF!)*#REF!),0) -> 0 | N17: =IFERROR(((#REF!/#REF!)*#REF!),0) -> 0 | O17: =IFERROR(((#REF!/#REF!)*#REF!),0) -> 0 | P17: =IFERROR(((#REF!/#REF!)*#REF!),0) -> 0 | Q17: =IFERROR(((#REF!/#REF!)*#REF!),0) -> 0 | R17: =IFERROR(((#REF!/#REF!)*#REF!),0) -> 0 | S17: =IFERROR(((#REF!/#REF!)*#REF!),0) -> 0 | T17: =IFERROR(((#REF!/#REF!)*#REF!),0) -> 0 | ... AB17: =IFERROR(((#REF!/#REF!)*#REF!),0) -> 0
A18: ACUMULADO | G18: =+G17 -> 0.22727273 | H18: =G18+H17 -> 0.45454545 | I18: =H18+I17 -> 0.68181818 | J18: =I18+J17 -> 0.79545455 | K18: =J18+K17 -> 0.90909091 | L18: =K18+L17 -> 1 | M18: =M17+L18 -> 1 | N18: =N17+M18 -> 1 | O18: =O17+N18 -> 1 | P18: =P17+O18 -> 1 | Q18: =Q17+P18 -> 1 | R18: =R17+Q18 -> 1 | S18: =S17+R18 -> 1 | T18: =T17+S18 -> 1 | ... AB18: =AB17+AA18 -> 1
E20: PROGRAMACIÓN FINANCIERA INICIAL
E21: Valor del contrato o convenio | F21: Valor aportado por Corantioquia | G21: Distribución de recursos del valor aportado por Corantioquia
G22: Período 1 | H22: Período 2 | I22: Período 3 | J22: Período 4 | K22: Período 5 | L22: Período 6 | M22: Período 9 | N22: Período 10 | O22: Período 11 | P22: Período 12 | Q22: Período 13 | R22: Período 14 | S22: Período 15 | T22: Período 16 | U22: Período 17 | V22: Período 18 | W22: Período 19 | X22: Período 20 | Y22: Período 21 | Z22: Período 22 | AA22: Período 23 | AB22: Período 24
E23: =+'Presupuesto Convenio '!I106 -> 4.245642e+08 | F23: =+'Presupuesto Convenio '!D121 -> 3.3965136e+08 | G23: =+F23 -> 3.3965136e+08 | M23: =$F$23*M24 -> 0 | N23: =$F$23*N24 -> 0 | O23: =$F$23*O24 -> 0 | P23: =$F$23*P24 -> 0 | Q23: =$F$23*Q24 -> 0 | R23: =$F$23*R24 -> 0 | S23: =$F$23*S24 -> 0 | T23: =$F$23*T24 -> 0 | ... AB23: =$F$23*AB24 -> 0
E24: Porcentaje (%) | G24: 1 | H24: 0 | I24: =IFERROR(I23/$F$23,0) -> 0 | J24: =IFERROR(J23/$F$23,0) -> 0 | K24: =IFERROR(K23/$F$23,0) -> 0 | L24: 0 | M24: =M17 -> 0 | N24: =N17 -> 0 | O24: =O17 -> 0 | P24: =P17 -> 0 | Q24: =Q17 -> 0 | R24: =R17 -> 0 | S24: =S17 -> 0 | T24: =T17 -> 0 | ... AB24: =AB17 -> 0
E25: Porcentaje Acumulado (%) | G25: =+G24 -> 1 | H25: =+G25+H24 -> 1 | I25: =+H25+I24 -> 1 | J25: =+I25+J24 -> 1 | K25: =+J25+K24 -> 1 | L25: =+K25+L24 -> 1 | M25: =+L25+M24 -> 1 | N25: =+M25+N24 -> 1 | O25: =+N25+O24 -> 1 | ... AB25: =+AA25+AB24 -> 1
E26: Valores ya ejecutados | G26: =+G23 -> 3.3965136e+08 | H26: =+H23 -> 0 | I26: =+I23 -> 0 | J26: =+J23 -> 0 | K26: =+K23 -> 0 | L26: =+L23 -> 0 | M26: =+M23 -> 0 | N26: =+N23 -> 0 | ... AB26: =+AB23 -> 0
E27: Porcentaje (%) PGAR | G27: =IFERROR(G26/$F$23,0) -> 1 | H27: =IFERROR(H26/$F$23,0) -> 0 | I27: =IFERROR(I26/$F$23,0) -> 0 | J27: =IFERROR(J26/$F$23,0) -> 0 | K27: =IFERROR(K26/$F$23,0) -> 0 | L27: =IFERROR(L26/$F$23,0) -> 0 | M27: =IFERROR(M26/$F$23,0) -> 0 | N27: =IFERROR(N26/$F$23,0) -> 0 | ... AB27: =IFERROR(AB26/$F$23,0) -> 0
E28: Porcentaje Acumulado (%) PGAR | G28: =G27 -> 1 | H28: =G28+H27 -> 1 | I28: =H28+I27 -> 1 | J28: =I28+J27 -> 1 | K28: =J28+K27 -> 1 | L28: =K28+L27 -> 1 | M28: =L28+M27 -> 1 | N28: =M28+N27 -> 1 | O28: =N28+O27 -> 1 | ... AB28: =AA28+AB27 -> 1
E29: IVA EXCLUIBLE | G29: =+'Presupuesto Convenio '!I98 -> 42562750
E30: DESEMBOLSOS | G30: =+G23-G29 -> 2.9708861e+08 | H30: =+H23-H29 -> 0 | I30: =+I23-I29 -> 0 | J30: =+J23-J29 -> 0 | K30: =+K23-K29 -> 0 | L30: =+L23-L29 -> 0
C33: PROGRAMACIÓN FINANCIERA EN CASO DE ADICIÓN DE RECURSOS O PRÓRROGA
C34: Valor total del contrato o convenio (incluida la adición) | D34: Valor de la adición aportado por Corantioquia | E34: Valor total aportado por Corantioquia (incluida la adición) | F34: Distribución de recursos del valor aportado por Corantioquia
G35: Período 1 | H35: Período 2 | I35: Período 3 | J35: Período 4 | K35: Período 5 | L35: Período 8 | M35: Período 9 | N35: Período 10 | O35: Período 11 | P35: Período 12 | Q35: Período 13 | R35: Período 14 | S35: Período 15 | T35: Período 16 | U35: Período 17 | V35: Período 18 | W35: Período 19 | X35: Período 20 | Y35: Período 21 | Z35: Período 22 | AA35: Período 23 | AB35: Período 24 | AC35: Total Valores
F36: Valores ya ejecutados | M36: =M26 -> 0 | N36: =N26 -> 0 | O36: =O26 -> 0 | P36: =P26 -> 0 | Q36: =Q26 -> 0 | R36: =R26 -> 0 | S36: =S26 -> 0 | T36: =T26 -> 0 | ... AB36: =AB26 -> 0 | AC36: =SUM(G36:AB36) -> 0
F37: Porcentaje (%) | G37: =IFERROR(G36/$E$36,0) -> 0 | H37: =IFERROR(H36/$E$36,0) -> 0 | I37: =IFERROR(I36/$E$36,0) -> 0 | J37: =IFERROR(J36/$E$36,0) -> 0 | K37: =IFERROR(K36/$E$36,0) -> 0 | L37: =IFERROR(L36/$E$36,0) -> 0 | M37: =IFERROR(M36/$E$36,0) -> 0 | N37: =IFERROR(N36/$E$36,0) -> 0 | ... AB37: =IFERROR(AB36/$E$36,0) -> 0
F38: Porcentaje Acumulado (%) | G38: =+G37 -> 0 | H38: =+G38+H37 -> 0 | I38: =+H38+I37 -> 0 | J38: =+I38+J37 -> 0 | K38: =+J38+K37 -> 0 | L38: =+K38+L37 -> 0 | M38: =+L38+M37 -> 0 | N38: =+M38+N37 -> 0 | O38: =+N38+O37 -> 0 | ... AB38: =+AA38+AB37 -> 0
F39: Valores por ejecutar | AC39: =SUM(G39:AB39) -> 0
F40: Porcentaje (%) | G40: =IFERROR(G39/$E$36,0) -> 0 | H40: =IFERROR(H39/$E$36,0) -> 0 | I40: =IFERROR(I39/$E$36,0) -> 0 | J40: =IFERROR(J39/$E$36,0) -> 0 | K40: =IFERROR(K39/$E$36,0) -> 0 | L40: =IFERROR(L39/$E$36,0) -> 0 | M40: =IFERROR(M39/$E$36,0) -> 0 | N40: =IFERROR(N39/$E$36,0) -> 0 | ... AB40: =IFERROR(AB39/$E$36,0) -> 0
F41: Porcentaje Acumulado (%) | G41: =+G40 -> 0 | H41: =+G41+H40 -> 0 | I41: =+H41+I40 -> 0 | J41: =+I41+J40 -> 0 | K41: =+J41+K40 -> 0 | L41: =+K41+L40 -> 0 | M41: =+L41+M40 -> 0 | N41: =+M41+N40 -> 0 | O41: =+N41+O40 -> 0 | ... AB41: =+AA41+AB40 -> 0
C42: PORCENTAJE ACUMULADO (%) TOTAL | G42: =G38+G41 -> 0 | H42: =H38+H41 -> 0 | I42: =I38+I41 -> 0 | J42: =J38+J41 -> 0 | K42: =K38+K41 -> 0 | L42: =L38+L41 -> 0 | M42: =M38+M41 -> 0 | N42: =N38+N41 -> 0 | ... AB42: =AB38+AB41 -> 0 | AC42: =IFERROR((AC36+AC39)/E36,0) -> 0
AC44: =AC36+AC39 -> 0 | AD44: =E36-AC44 -> 0
E46: Nota el aporte de Corantioquia incluye el valor del IVA, es importante señalar que los desembolsos seran girados al municipio sin el valor del IVA sometido a trámite de exclusión de IVA
B51: GERENTE PROGRAMA | H51: COORDINADOR GIT

Sheet Presupuesto Convenio 
D2: PRESUPUESTO OFICIAL ESTUDIOS PREVIOS CONVENIO INTERADMINISTRATIVO “Aunar esfuerzos con el municipio de Santa Fe de Antioquia para cofinanciar el saneamiento hídrico rural en su territorio" MODALIDAD DE SELECCIÓN - OBJETO Convenio interadministrativo | H2: Versión 01
H3: Fecha Versión: 17/07/2013
B5: 1. COSTOS DE PERSONAL
B6: ÍTEM | C6: CANTIDAD | D6: DEDICACION (%) | E6: UNIDAD DE MEDIDA | F6: CANTIDAD UNIDAD DE MEDIDA | G6: VALOR UNITARIO | H6: FACTOR PRESTACIONAL | I6: VALOR TOTAL
B7: Mano de Obra Calificada
I10: =+C10*D10*F10*G10*H10 -> 0
B11: Subtotal Mano de Obra calificada | I11: =SUM(I8:I10) -> 0
B12: Mano de Obra No Calificada
I13: =+C13*D13*F13*G13*H13 -> 0
I14: =+C14*D14*F14*G14*H14 -> 0
B15: Subtotal Mano de Obra No Calificada | I15: =SUM(I13:I14) -> 0
B16: SUBTOTAL PERSONAL (Mano de Obra Calificada + Mano de Obra no Calificada)
B18: 2. COSTOS DIRECTOS
B19: ÍTEM | E19: UNIDAD DE MEDIDA | G19: CANTIDAD UNIDAD DE MEDIDA | H19: VALOR UNITARIO | I19: VALOR TOTAL
B20: Subtotal instalación:
B21: Excavación manual en material común hasta 4 m de profundidad, bajo cualquier grado de humedad | E21: m3 | G21: =+'ppto sistema septico'!V12+'ppto sistema septico'!V48 -> 486 | H21: =+'ppto sistema septico'!W12 -> 28013.16 | I21: =+G21*H21 -> 13614396
B22: Excavación en roca a cualquier profundidad | E22: m3 | G22: =+'ppto sistema septico'!V13 -> 4.4 | H22: =+'ppto sistema septico'!W13 -> 145647.74 | I22: =+G22*H22 -> 640850.06
B23: Lleno y apisonado de zanjas y apiques con material selecto de la excavación, incluye acarreo interno | E23: m3 | G23: =+'ppto sistema septico'!V14 -> 340.5 | H23: =+'ppto sistema septico'!W14 -> 23344.3 | I23: =+G23*H23 -> 7948734.2
B24: Regada de material proveniente de la excavación y conformación del terreno | E24: m3 | G24: =+'ppto sistema septico'!V15+'ppto sistema septico'!V49 -> 145.5 | H24: =+'ppto sistema septico'!W15 -> 2801.316 | I24: =+G24*H24 -> 407591.48 | M24: EN ESTOS DE AQUÍ PARA ARRIBA NO SEPARA SUMINISTRO DE INSTALACIÓN, PORQUE NO TIENEN SUMINISTRO
B25: I. Tubería pvc-s de ø2" (50 mm). Efluente+purga. incluye accesorios. | E25: m | G25: =+'ppto sistema septico'!V16 -> 289 | H25: =+'ppto sistema septico'!AG16 -> 4086.663 | I25: =+G25*H25 -> 1181045.6
B26: I. Tubería pvc-s de ø3" (75 mm). Incluye accesorios | E26: m | G26: =+'ppto sistema septico'!V17 -> 741 | H26: =+'ppto sistema septico'!AG17 -> 5108.3287 | I26: =+G26*H26 -> 3785271.6
B27: I. Tubería pvc-s de ø2" (50 mm). Trampa de grasas.Incluye accesorios | E27: m | G27: =+'ppto sistema septico'!V18 -> 766 | H27: =+'ppto sistema septico'!AG18 -> 4086.663 | I27: =+G27*H27 -> 3130383.9
B28: I. De sifón S.R. De 135° en pvc-s ø3" para control de olores | E28: un | G28: =+'ppto sistema septico'!V19 -> 44 | H28: =+'ppto sistema septico'!AG19 -> 6715.0125 | I28: =+G28*H28 -> 295460.55
B29: I. De sifón S.R. De 135° en pvc-s ø4" para control de olores | E29: un | G29: =+'ppto sistema septico'!V20 -> 0 | H29: =+'ppto sistema septico'!AG20 -> 8953.35 | I29: =+G29*H29 -> 0
B30: I. Sistema séptico y FAFA prefabricado en P.R.F.V (Poliéster Reforzado Con Fibra De Vidrio) con capacidad para atender una población entre tres a nueve (3 a 9) habitantes, (incluye: accesorios internos, material filtrante para el FAFA que garanticen un área superficial de contacto ≥ 90m2/m3, tubería de PVC-S ø2" con accesorios y malla mosquitera doble. Volumen de 1,500-1,800 litros. | E30: un | G30: =+'ppto sistema septico'!V21 -> 42 | H30: =+'ppto sistema septico'!AG21 -> 457276.75 | I30: =+G30*H30 -> 19205624 | L30: Relacionar para cada sistema y trampa, la capacidad en volumenes
B31: I.Trampa de grasas prefabricada en P.R.F.V (Poliéster Reforzado con Fibra De Vidrio) con capacidad para atender una población de tres a nueve (3 a 9) habitantes. | E31: un | G31: =+'ppto sistema septico'!V22 -> 46 | H31: =+'ppto sistema septico'!AG22 -> 67150.125 | I31: =+G31*H31 -> 3088905.8
B32: I. Sistema séptico y FAFA prefabricado en P.R.F.V (Poliéster Reforzado Con Fibra De Vidrio) con capacidad para atender una población de diez a quince (10 a 15) habitantes, (incluye: accesorios internos, material filtrante para el FAFA que garanticen un área superficial de contacto ≥ 90m2/m3, tubería de PVC-S ø2" con accesorios y malla mosquitera doble. Volumen de 2,300-2,500 litros. | E32: un | G32: =+'ppto sistema septico'!V23 -> 2 | H32: =+'ppto sistema septico'!AG23 -> 457276.75 | I32: =+G32*H32 -> 914553.5
B33: I. trampa de grasas prefabricado en P.R.F.V (Poliéster Reforzado con Fibra De Vidrio) con capacidad para atender una población de diez a quince (10 a 15) habitantes. | E33: un | G33: =+'ppto sistema septico'!V24 -> 0 | H33: =+'ppto sistema septico'!AG24 -> 70032.9 | I33: =+G33*H33 -> 0
B34: I. Sistema séptico y FAFA prefabricado en P.R.F.V (Poliéster Reforzado Con Fibra De Vidrio) con capacidad para atender una población de dieciséis a veinte (16 a 20) habitantes, (incluye: accesorios internos, material filtrante para el FAFA que garanticen un área superficial de contacto ≥ 90m2/m3, tubería de PVC-S ø2" con accesorios y malla mosquitera doble. Volumen de 3,000-3,300 litros. | E34: un | G34: =+'ppto sistema septico'!V25 -> 0 | H34: =+'ppto sistema septico'!AG25 -> 457276.75 | I34: =+G34*H34 -> 0
B35: I. trampa de grasas prefabricado en P.R.F.V (Poliéster Reforzado con Fibra De Vidrio) con capacidad para atender una población de dieciséis a veinte (16 a 20) habitantes | E35: un | G35: =+'ppto sistema septico'!V26 -> 0 | H35: =+'ppto sistema septico'!AG26 -> 70032.9 | I35: =+G35*H35 -> 0
B36: I. sistema séptico y FAFA prefabricado en P.R.F.V (Poliéster Reforzado Con Fibra De Vidrio) con capacidad para atender una población de veinti uno a treinta (21 a 30) habitantes, (incluye: accesorios internos, material filtrante para el FAFA que garanticen un área superficial de contacto ≥ 90m2/m3, tubería de PVC-S ø2" con accesorios y malla mosquitera doble. Volumen 4,500-5,000 litros. | E36: un | G36: =+'ppto sistema septico'!V27 -> 0 | H36: =+'ppto sistema septico'!AG27 -> 548732.1 | I36: =+G36*H36 -> 0
B37: I. trampa de grasas prefabricado en P.R.F.V (Poliéster Reforzado con Fibra De Vidrio) con capacidad para atender una población de veintiuno a treinta (21 a 30) habitantes. | E37: un | G37: =+'ppto sistema septico'!V28 -> 0 | H37: =+'ppto sistema septico'!AG29 -> 685915.12 | I37: =+G37*H37 -> 0
B38: I. sistema séptico y FAFA prefabricado en P.R.F.V (Poliéster Reforzado Con Fibra De Vidrio) con capacidad para atender una población de treinta y uno a cuarenta (31 a 40) habitantes, (incluye: accesorios internos, material filtrante para el FAFA que garanticen un área superficial de contacto ≥ 90m2/m3, tubería de PVC-S ø2" con accesorios y malla mosquitera doble. Volumen 6,000-6,500 litros. | E38: un | G38: =+'ppto sistema septico'!V29 -> 0 | H38: =+'ppto sistema septico'!AG29 -> 685915.12 | I38: =+G38*H38 -> 0
B39: I. trampa de grasas prefabricado en P.R.F.V (Poliéster Reforzado con Fibra De Vidrio) con capacidad para atender una población treinta y uno a cuarenta (31 a 40) habitantes. | E39: un | G39: =+'ppto sistema septico'!V30 -> 0 | H39: =+'ppto sistema septico'!AG30 -> 67150.125 | I39: =+G39*H39 -> 0
B40: I.sistema séptico y FAFA prefabricado en P.R.F.V (Poliéster Reforzado Con Fibra De Vidrio) con capacidad para atender una población de cuarenta y uno a cincuenta (41 a 50) habitantes, (incluye: accesorios internos, material filtrante para el FAFA que garanticen un área superficial de contacto ≥ 90m2/m3, tubería de PVC-S ø2" con accesorios y malla mosquitera doble. Volumen de 7,500-8,000 litros. | E40: un | G40: =+'ppto sistema septico'!V31 -> 0 | H40: =+'ppto sistema septico'!AG31 -> 685915.12 | I40: =+G40*H40 -> 0
B41: I. trampa de grasas prefabricado en P.R.F.V (Poliéster Reforzado con Fibra De Vidrio) con capacidad para atender una población de cuarenta y uno a cincuenta (41a 50) habitantes | E41: un | G41: =+'ppto sistema septico'!V32 -> 0 | H41: =+'ppto sistema septico'!AG32 -> 67150.125 | I41: =+G41*H41 -> 0
B42: I. sistema séptico y FAFA prefabricado en P.R.F.V (Poliéster Reforzado Con Fibra De Vidrio) con capacidad para atender una población de cincuenta y uno a setenta (51 a 70) habitantes, (incluye: accesorios internos, material filtrante para el FAFA que garanticen un área superficial de contacto ≥ 90m2/m3, tubería de PVC-S ø2" con accesorios y malla mosquitera doble. Volumen de 10,000-12,000 litros. | E42: un | G42: =+'ppto sistema septico'!V33 -> 0 | H42: =+'ppto sistema septico'!AG33 -> 914553.5 | I42: =+G42*H42 -> 0
B43: I. trampa de grasas prefabricado en P.R.F.V (Poliéster Reforzado con Fibra De Vidrio) con capacidad para atender una población de cincuenta y uno a setenta (51 a 70) habitantes. | E43: un | G43: =+'ppto sistema septico'!V34 -> 0 | H43: =+'ppto sistema septico'!AG34 -> 67150.125 | I43: =+G43*H43 -> 0
B44: I. Suministro sistema séptico y FAFA prefabricado en P.R.F.V (Poliéster Reforzado Con Fibra De Vidrio) con capacidad para atender una población de setenta y uno a noventa (71 a 90) habitantes, (incluye: accesorios internos, material filtrante para el FAFA que garanticen un área superficial de contacto ≥ 90m2/m3, tubería de PVC-S ø2" con accesorios y malla mosquitera doble. Volumen > 12,000 litros. | E44: un | G44: =+'ppto sistema septico'!V35 -> 0 | H44: =+'ppto sistema septico'!AG35 -> 914553.5 | I44: =+G44*H44 -> 0
B45: I. trampa de grasas prefabricado en P.R.F.V (Poliéster Reforzado con Fibra De Vidrio) con capacidad para atender una población de setenta y uno a noventa (71 a 90) habitantes. | E45: un | G45: =+'ppto sistema septico'!V36 -> 0 | H45: =+'ppto sistema septico'!AG36 -> 67150.125 | I45: =+G45*H45 -> 0
B46: I. Canal de entrada elaborado en P.R.F.V (Poliéster Reforzado con Fibra de Vidrio), incluye reja de cribado, bandeja de escurrimiento, desarenador, caja de derivación y vertedero) Dimensiones L=2,20m h=0,6 m a=0,4m | E46: un | G46: =+'ppto sistema septico'!V37 -> 0 | H46: =+'ppto sistema septico'!AG37 -> 204333.15 | I46: =+G46*H46 -> 0
B47: I. Lecho de secado elaborado en P.R.F.V (Poliéster Reforzado con Fibra de Vidrio) Ø=1,2m h=1,0m. Incluye accesorios y cubiertas | E47: un | G47: =+'ppto sistema septico'!V38 -> 0 | H47: =+'ppto sistema septico'!AG38 -> 548732.1 | I47: =+G47*H47 -> 0
B48: I. Válvula de bola de ø2" en PVC extremo liso para purga de lodos. Incluye accesorios | E48: un | G48: =+'ppto sistema septico'!V39 -> 44 | H48: =+'ppto sistema septico'!AG39 -> 33575.062 | I48: =+G48*H48 -> 1477302.8
B49: I. Válvula de bola de ø3" en pvc extremo liso para purga de lodos. Incluye accesorios | E49: un | G49: =+'ppto sistema septico'!V40 -> 0 | H49: =+'ppto sistema septico'!AG40 -> 33575.062 | I49: =+G49*H49 -> 0
... B55: I. ACCESORIOS Ø3" (75mm) PARA TUBERÍA DE EXTRACCIÓN DE LODOS EN TANQUES EN TERRERO PLANO | E55: un | G55: =+'ppto sistema septico'!V46 -> 0 | H55: =+'ppto sistema septico'!AG46 -> 5372.01 | I55: =+G55*H55 -> 0
B56: I. Geotextil NT referencia 1600 | E56: m2 | G56: =+'ppto sistema septico'!V50 -> 88.7 | H56: =+'ppto sistema septico'!AG50 -> 6811.105 | I56: =+G56*H56 -> 604145.01
B57: I. Cajas plásticas de gaseosa recicladas de 0,41mx0,34mx0,25m como medio de soporte | E57: un | G57: =+'ppto sistema septico'!V51 -> 1134 | H57: =+'ppto sistema septico'!AG51 -> 2593.8111 | I57: =+G57*H57 -> 2941381.8
B58: I. Tubería perforada para pozo de infiltración, (incluye accesorios) PVC-S Ø2" | E58: m | G58: =+'ppto sistema septico'!V52 -> 126.2 | H58: =+'ppto sistema septico'!AG52 -> 7567.8944 | I58: =+G58*H58 -> 955068.28
B59: .I. Pntura epóxica para protección de tuberia expuesta | E59: gal | G59: =+'ppto sistema septico'!V53 -> 1 | H59: =+'ppto sistema septico'!AG53 -> 2593.8111 | I59: =+G59*H59 -> 2593.8111 | N59: nota; de aquí para arriba presupuesta instalación
B60: Subtotal suministros: | I60: =+G60*H60 -> 0
B61: S.T. Tubería pvc-s de ø2" (50 mm) incluye accesorios. (ver A.P.U) | E61: m | G61: =+'ppto sistema septico'!V16 -> 289 | H61: ='ppto sistema septico'!AA16+'ppto sistema septico'!AC16+'ppto sistema septico'!AE16 -> 36349.523 | I61: =+G61*H61 -> 10505012
B62: S.T. Tubería pvc-s de ø3" (75 mm). Incluye accesorios (ver A.P.U) | E62: m | G62: =+'ppto sistema septico'!V17 -> 741 | H62: ='ppto sistema septico'!AA17+'ppto sistema septico'!AC17+'ppto sistema septico'!AE17 -> 30597.011 | I62: =+G62*H62 -> 22672385
B63: S.T. Tubería pvc-s de ø2" (50 mm). Trampa de grasa. Incluye accesorios | E63: m | G63: =+'ppto sistema septico'!V18 -> 766 | H63: ='ppto sistema septico'!AA18+'ppto sistema septico'!AC18+'ppto sistema septico'!AE18 -> 22759.286 | I63: =+G63*H63 -> 17433613
B64: S.T. De sifón s.r. De 135° en pvc-s ø3" para control de olores (ver A.P.U) | E64: un | G64: =+'ppto sistema septico'!V19 -> 44 | H64: ='ppto sistema septico'!AA19+'ppto sistema septico'!AC19+'ppto sistema septico'!AE19 -> 42225.498 | I64: =+G64*H64 -> 1857921.9
B65: S.T. De sifón s.r. De 135° en pvc-s ø4" para control de olores (ver A.P.U) | E65: un | G65: =+'ppto sistema septico'!V20 -> 0 | H65: ='ppto sistema septico'!AA20+'ppto sistema septico'!AC20+'ppto sistema septico'!AE20 -> 78731.164 | I65: =+G65*H65 -> 0
B66: S.T. Sistema séptico y FAFA prefabricado en P.R.F.V (Poliéster Reforzado Con Fibra De Vidrio) con capacidad para atender una población entre 3 a nueve (3 a 9) habitantes, (incluye: accesorios internos, material filtrante para el FAFA que garanticen un área superficial de contacto ≥ 90m2/m3, tubería de PVC-S ø2" con accesorios y malla mosquitera doble. Volumen de 1,500-1,800 litros. | E66: un | G66: =+'ppto sistema septico'!V21 -> 42 | H66: ='ppto sistema septico'!AA21+'ppto sistema septico'!AC21+'ppto sistema septico'!AE21 -> 3553072.5 | I66: =+G66*H66 -> 1.4922905e+08
B67: S.T trampa de grasas prefabricada en P.R.F.V (Poliéster Reforzado con Fibra De Vidrio) con capacidad para atender una población de tres a nueve (3 a 9) habitantes | E67: un | G67: =+'ppto sistema septico'!V22 -> 46 | H67: ='ppto sistema septico'!AA22+'ppto sistema septico'!AC22+'ppto sistema septico'!AE22 -> 713474.14 | I67: =+G67*H67 -> 32819811
B68: S.T. Sistema séptico y FAFA prefabricado en P.R.F.V (Poliéster Reforzado Con Fibra De Vidrio) con capacidad para atender una población de diez a quince (10 a 15) habitantes, (incluye: accesorios internos, material filtrante para el FAFA que garanticen un área superficial de contacto ≥ 90m2/m3, tubería de PVC-S ø2" con accesorios y malla mosquitera doble. Volumen de 2,300-2,500 litros. | E68: un | G68: =+'ppto sistema septico'!V23 -> 2 | H68: ='ppto sistema septico'!AA23+'ppto sistema septico'!AC23+'ppto sistema septico'!AE23 -> 4459246.3 | I68: =+G68*H68 -> 8918492.7
B69: S.T trampa de grasas prefabricado en P.R.F.V(Poliéster Reforzado con Fibra De Vidrio) con capacidad para atender una población de diez a quince (10 a 15) habitantes | E69: un | G69: =+'ppto sistema septico'!V24 -> 0 | H69: ='ppto sistema septico'!AA24+'ppto sistema septico'!AC24+'ppto sistema septico'!AE24 -> 773265.72 | I69: =+G69*H69 -> 0
B70: S.T. Sistema séptico y FAFA prefabricado en P.R.F.V (Poliéster Reforzado Con Fibra De Vidrio) con capacidad para atender una población de dieciséis a veinte (16 a 20) habitantes, (incluye: accesorios internos, material filtrante para el FAFA que garanticen un área superficial de contacto ≥ 90m2/m3, tubería de PVC-S ø2" con accesorios y malla mosquitera doble. Volumen de 3,000-3,300 litros. | E70: un | G70: =+'ppto sistema septico'!V25 -> 0 | H70: ='ppto sistema septico'!AA25+'ppto sistema septico'!AC25+'ppto sistema septico'!AE25 -> 5876913.4 | I70: =+G70*H70 -> 0
B71: S.T trampa de grasas prefabricado en P.R.F.V (Poliéster Reforzado con Fibra De Vidrio) con capacidad para atender una población de dieciséis a veinte (16 a 20) habitantes | E71: un | G71: =+'ppto sistema septico'!V26 -> 0 | H71: ='ppto sistema septico'!AA26+'ppto sistema septico'!AC26+'ppto sistema septico'!AE26 -> 927165.36 | I71: =+G71*H71 -> 0
B72: S.T. sistema séptico y FAFA prefabricado en P.R.F.V (Poliéster Reforzado Con Fibra De Vidrio) con capacidad para atender una población de veintI uno a treinta (21 a 30) habitantes, (incluye: accesorios internos, material filtrante para el FAFA que garanticen un área superficial de contacto ≥ 90m2/m3, tubería de PVC-S ø2" con accesorios y malla mosquitera doble. Volumen de 4,500-5,000 litros. | E72: un | G72: =+'ppto sistema septico'!V27 -> 0 | H72: ='ppto sistema septico'!AA27+'ppto sistema septico'!AC27+'ppto sistema septico'!AE27 -> 8224352.3 | I72: =+G72*H72 -> 0
... B91: S.T.I. ACCESORIOS Ø3" (75mm) PARA TUBERÍA DE EXTRACCIÓN DE LODOS EN TANQUES EN TERRERO PLANO | E91: un | G91: =+'ppto sistema septico'!V46 -> 0 | H91: ='ppto sistema septico'!AA46+'ppto sistema septico'!AC46+'ppto sistema septico'!AE46 -> 41514.26 | I91: =+G91*H91 -> 0
B92: S.T. Geotextil nt referencia 1600. (ver A.P.U) | E92: m2 | G92: =+'ppto sistema septico'!V50 -> 88.7 | H92: ='ppto sistema septico'!AA50+'ppto sistema septico'!AC50+'ppto sistema septico'!AE50 -> 7051.1367 | I92: =+G92*H92 -> 625435.83
B93: S.T. Cajas plásticas de gaseosa recicladas de 0,41mx0,34mx0,25m como medio de soporte | E93: un | G93: =+'ppto sistema septico'!V51 -> 1134 | H93: ='ppto sistema septico'!AA51+'ppto sistema septico'!AC51+'ppto sistema septico'!AE51 -> 11743.623 | I93: =+G93*H93 -> 13317268
B94: S.T. Tubería perforada para pozo de infiltración, (incluye accesorios) PVC-S Ø3" | E94: m | G94: =+'ppto sistema septico'!V52 -> 126.2 | H94: ='ppto sistema septico'!AA52+'ppto sistema septico'!AC52+'ppto sistema septico'!AE52 -> 104716.01 | I94: =+G94*H94 -> 13215160
B95: T.I. Pntura epóxica para protección de tuberia expuesta | E95: gal | G95: =+'ppto sistema septico'!V53 -> 1 | H95: =+'ppto sistema septico'!AA53+'ppto sistema septico'!AC53+'ppto sistema septico'!AE53 -> 210061.53 | I95: =+G95*H95 -> 210061.53
B97: SUBTOTAL COSTOS DIRECTOS + MANO DE OBRA NO CALIFICADA | I97: =SUM(I21:T95) -> 3.4685191e+08
B98: IVA EXCLUIBLE | I98: =+'ppto sistema septico'!AJ54 -> 42562750
B99: TOTAL COSTOS DIRECTOS SIN IVA EXCLUIBLE | I99: =I97-I98 -> 3.0428916e+08
B100: AU 25% | I100: =(I99*A.U!F25) -> 76072290
B101: SUBTOTAL ( Costos Directos) CON IVA EXCLUIBLE | I101: =+I97+I100 -> 4.229242e+08
B102: APORTES EN DINERO CORANTIOQUIA | H102: =D121 -> 3.3965136e+08
B103: APORTES EN DINERO CORANTIOQUIA SIN IVA EXCLUIBLE | H103: =(H102-I98) -> 2.9708861e+08
B104: APORTES EN DINERO MUNICIPIO | H104: 95412840
B105: PERMISO VERTIMIENTOS | H105: =+'ppto sistema septico'!AD73 -> 1640000 | I105: =+H105 -> 1640000 | U105: Corantioquia con IVA | V105: Corantioquia sin IVA
B106: TOTAL CON IVA EXCLUIBLE | I106: =+I101+I105 -> 4.245642e+08 | U106: =+I106*0.8 -> 3.3965136e+08 | V106: =+U106-I98 -> 2.9708861e+08
B107: TOTAL SIN IVA EXCLUIBLE | I107: =I106-I98+10500000 -> 3.9250145e+08 | U107: =+I106*0.2 -> 84912840
B109: FUENTES DE COFINANCIACION (VALORES)
B110: ÍTEM | D110: CORANTIOQUIA | F110: MUNICIPIO | H110: OTRAS ENTIDADES:
D112: DINERO | E112: ESPECIE | F112: DINERO | G112: ESPECIE | H112: DINERO | I112: ESPECIE
B113: SUMINISTRO SISTEMAS SÉPTICOS, TUBERIAS Y ACCESORIOS | D113: ='ppto sistema septico'!AD69 -> 2.6981992e+08
B114: TRANSPORTE SISTEMAS SÉPTICOS, TUBERÍAS Y ACCESORIOS | F114: ='ppto sistema septico'!AD70 -> 16004637
B115: MANO DE OBRA (INSTALACIÓN) | F115: =+'ppto sistema septico'!AD71 -> 61027351 | U115: Verificación | V115: =I97-U116 -> 0 | X115: TANQUES EQUIVALENTES
B116: INTERVENTORÍA Y/O SUPERVISIÓN | D116: =SUM(D113:D115) -> 2.6981992e+08 | F116: =SUM(F113:F115) -> 77031988 | U116: =D116+F116 -> 3.4685191e+08
B117: SUBTOTAL APORTES FUENTES DE COFINANCIACIÓN | D117: =I97-F117 -> 2.8023364e+08 | F117: =C133 -> 66618272 | U117: =D117+F117 -> 3.4685191e+08 | V117: =U117-I97 -> 0 | X117: 1 | Y117: =ROUNDUP(E142*X117,0) -> 42
B118: AU%25 | D118: =(D117-I98)*25% -> 59417722 | F118: =(F117)*25% -> 16654568 | U118: =D118+F118 -> 76072290 | V118: =U118-I100 -> 0 | X118: 2 | Y118: =ROUNDUP(E143*X118,0) -> 4
B119: PAGO PERMISO DE VERTIMIENTO | F119: =+I105 -> 1640000 | U119: =F119 -> 1640000 | V119: =F119-I105 -> 0 | X119: 2 | Y119: =ROUNDUP(E144*X119,0) -> 0
B120: PAGO PRUEBAS DE PERCOLACIÓN | F120: 10500000
B121: TOTAL APORTES FUENTES DE COFINANCIACIÓN | D121: =D117+D118 -> 3.3965136e+08 | F121: =F117+F118+F119 -> 84912840 | J121: =I106*D123 -> 3.3965136e+08 | K121: =I106*F123 -> 84912840 | U121: =D121+F121+G121 -> 4.245642e+08 | V121: =U121-I106 -> 0 | X121: 3 | Y121: =ROUNDUP(E145*X121,0) -> 0
B122: TOTAL APORTES FUENTES DE COFINANCIACIÓN SIN IVA EXCLUIBLE | D122: =D121-I98 -> 2.9708861e+08 | F122: =F121+F120 -> 95412840 | U122: =D122+F122+G122 -> 3.9250145e+08 | V122: =U122-I107 -> 0 | X122: 4 | Y122: =ROUNDUP(E146*X122,0) -> 0
B123: Porcentaje de cofinanciación: | D123: =D121/I106 -> 0.8 | F123: =F121/I106 -> 0.2 | X123: 7 | Y123: =ROUNDUP(E147*X123,0) -> 0
B124: Describa el aporte : | X124: 8 | Y124: =ROUNDUP(E148*X124,0) -> 0
X125: 8 | Y125: =ROUNDUP(E149*X125,0) -> 0
X126: TOTAL | Y126: =SUM(Y117:Y125) -> 46
D129: 20% del total
B130: Total municipio | C130: =+D130 -> 84912840 | D130: =I106*20% -> 84912840
B131: Menos permiso de vertimiento | C131: =+F119 -> 1640000
B132: Total sin PV | C132: =C130-C131 -> 83272840 | D132: =C133+C134 -> 83272840 | E132: Buscar objetivo
B133: Valor x | C133: 66618272 | D133: Valor a aportar F119 | E133: Organizando C142
...

Sheet ppto sistema septico
A1: CANTIDADES DE OBRA Y PRESUPUESTO DESAGREGADO POR COMPONENTES
A3: (AUNAR ESFUERZOS AUNAR ESFUERZOS PARA CONTRIBUÍR AL SANEAMIENTO HÍDRICO RURAL EN MUNICIPIOS DE LA JURISDICCIÓN DE CORANTIQOUIA 2019)
A4: (CANTIDAD TOTAL TANQUES DISTRIBUIDOS ASI:
E5: OCULTAR
A6: ITEM | B6: ESPECIF. TÉCNICA | C6: DESCRIPCIÓN | D6: UNIDAD | E6: CANTIDAD | G6: CANTIDADES | I6: CANTIDADES | K6: CANTIDADES | M6: CANTIDADES | O6: CANTIDADES | Q6: CANTIDADES | S6: CANTIDADES | U6: CANTIDAD TOTAL | V6: CANTIDAD TOTAL | W6: COSTO DIRECTO (CON EL DESCUENTO POR LA EXCLUSIÓN DEL IVA) | X6: COSTO DIRECTO (CON IVA INCLUÍDO) | Y6: COSTO TOTAL (CON EL DESCUENTO POR LA EXCLUSIÓN DEL IVA) | Z6: COSTO TOTAL (CON IVA INCLUÍDO) | AA6: COMPONENTE | AI6: TOTAL
E7: T.S. 1 VIV. | F7: No. | G7: T.S. 1 VIV. | H7: No. | I7: T.S. 1 VIV. | J7: No. | K7: T.S. 1 VIV. | L7: No. | M7: T.S. 1 VIV. | N7: No. | O7: T.S. 1 VIV. | P7: No. | Q7: T.S. 1 VIV. | R7: No. | S7: T.S. 1 VIV. | T7: No. | AA7: SUMINISTRO | AC7: ACCESORIOS | AE7: TRANSPORTE | AG7: INSTALACIÓN
E8: 3≤ 9 PERS. | F8: ='FICHAS '!P56 -> 42 | G8: 10<P≤15 | H8: ='FICHAS '!Q56 -> 2 | I8: 16<P≤20 | J8: =+'FICHAS '!R56 -> 0 | K8: 21<P≤30 | L8: ='FICHAS '!S56 -> 0 | M8: 31<P≤40 | N8: ='FICHAS '!T56 -> 0 | O8: 41<P≤50 | P8: ='FICHAS '!U56 -> 0 | Q8: 51<P≤70 | R8: =+'FICHAS '!V56 -> 0 | S8: 71<P≤90 | T8: =+'FICHAS '!W56 -> 0 | AA8: COSTO DIRECTO (CON IVA) | AB8: COSTO TOTAL | AC8: COSTO DIRECTO (CON IVA) | AD8: COSTO TOTAL | AE8: COSTO DIRECTO (CON IVA) | AF8: COSTO TOTAL | AG8: COSTO DIRECTO (CON IVA) | AH8: COSTO TOTAL
E9: Fuente | F9: =+'FICHAS '!BL56 -> 1 | G9: Fuente | H9: =+'FICHAS '!BM56 -> 1 | I9: Fuente | J9: =+'FICHAS '!BN56 -> 0 | K9: Fuente | L9: ='FICHAS '!BO56 -> 0 | M9: Fuente | N9: ='FICHAS '!BP56 -> 0 | O9: Fuente | P9: ='FICHAS '!BQ56 -> 0 | Q9: Fuente | R9: =+'FICHAS '!BR56 -> 0 | S9: Fuente | T9: =+'FICHAS '!BS56 -> 0 | AJ9: IVA
E10: Pozo absorc. | F10: =+'FICHAS '!BL57 -> 41 | G10: Pozo absorc. | H10: =+'FICHAS '!BM57 -> 1 | I10: Pozo absorc. | J10: =+'FICHAS '!BN57 -> 0 | K10: Pozo absorc. | L10: ='FICHAS '!BO57 -> 0 | M10: Pozo absorc. | N10: ='FICHAS '!BP57 -> 0 | O10: Pozo absorc. | P10: ='FICHAS '!BQ57 -> 0 | Q10: Pozo absorc. | R10: =+'FICHAS '!BR57 -> 0 | S10: Pozo absorc. | T10: =+'FICHAS '!BS57 -> 0
E11: Trampas de Grasas | F11: ='FICHAS '!BU56+'FICHAS '!BW56 -> 46 | G11: Trampas de Grasas | H11: ='FICHAS '!BX56 -> 0 | I11: Trampas de Grasas | J11: ='FICHAS '!BY56 -> 0 | K11: Trampas de Grasas | L11: ='FICHAS '!BZ56 -> 0 | M11: Trampas de Grasas | N11: ='FICHAS '!CA56 -> 0 | O11: Trampas de Grasas | P11: ='FICHAS '!CB56 -> 0 | Q11: Trampas de Grasas | R11: ='FICHAS '!CC56 -> 0 | S11: Trampas de Grasas | T11: ='FICHAS '!CD56 -> 0
A12: 1 | B12: NEGC 201 | C12: Excavación manual en material común hasta 4 m de profundidad, bajo cualquier grado de humedad | D12: m3 | E12: =+(E16*0.4*0.4)+(E17*0.4*0.5)+(E18*0.4*0.4)+(E22*((PI()*(0.2^2))/2)*0.35)+E21*(((PI()*(1.5)^2)/4)*1.8)+0.1+IF(F9>0,(E43*0.15*0.1),0) -> 9.8009489 | F12: =+E12*$F$8 -> 411.63986 | G12: =+(G16*0.4*0.4)+(G17*0.4*0.5)+(G18*0.4*0.5)+(G24*((PI()*(0.2^2))/2)*0.35)+G23*(((3.1416*(1.8)^2)/4)*1.8)+0.1+IF(H9>0,(G42*0.15*0.1),0) -> 15.932444 | H12: =+G12*$H$8 -> 31.864888 | I12: =+(I16*0.4*0.4)+(I17*0.4*0.5)+(I18*0.4*0.4)+(I26*((PI()*(0.2^2))/2)*0.35)+I25*(((3.1416*(1.9)^2)/4)*1.9)+0.1+IF(J9>0,(I43*0.15*0.15),0) -> 5.9890497 | J12: =+I12*$J$8 -> 0 | K12: =+(K16*0.4*0.4)+(K17*0.4*0.5)+(K18*0.4*0.4)+(K28*((PI()*(0.2^2))/2)*0.35)+K27*(((3.1416*(2.1)^2)/4)*2.2)+0.12+IF(L9>0,(K43*0.15*0.15),0) -> 8.3219419 | L12: =+K12*$L$8 -> 0 | M12: =+(M16*0.4*0.4)+(M17*0.4*0.5)+(M18*0.4*0.4)+(M30*((PI()*(0.2^2))/2)*0.35)+M29*(((3.1416*(2.5)^2)/4)*2.3)+0.12+IF(N9>0,(M43*0.15*0.15)) -> 11.992116 | N12: =+M12*$N$8 -> 0 | O12: =+(O16*0.4*0.4)+(O17*0.4*0.5)+(O18*0.4*0.4)+(O32*((PI()*(0.2^2))/2)*0.35)+O31*(((3.1416*(2.5)^2)/4)*2.3)+0.15+IF(P9>0,(O43*0.15*0.15),0) -> 12.022116 | P12: =+O12*$P$8 -> 0 | Q12: =+(Q16*0.4*0.4)+(Q17*0.4*0.5)+(Q18*0.4*0.4)+(Q34*((PI()*(0.2^2))/2)*0.35)+Q33*(((3.1416*(2.6)^2)/4)*2.5)+0.15+IF(R9>0,(Q43*0.15*0.15),0) -> 14.005251 | R12: =+Q12*$R$8 -> 0 | S12: =+(S16*0.4*0.4)+(S17*0.4*0.5)+(S18*0.4*0.4)+(S36*((PI()*(0.2^2))/2)*0.35)+S35*(((3.1416*(2.8)^2)/4)*2.6)+0.15+IF(T9>0,(S43*0.15*0.15),0) -> 16.741585 | T12: =+S12*$T$8 -> 0 | U12: =+F12+H12+J12+L12+N12+P12+R12+T12 -> 443.50474 | V12: =+ROUND(U12,1) -> 443.5 | W12: ='A.P.U. 2023'!F9 -> 28013.16 | X12: ='A.P.U. 2023'!G9 -> 28013.16 | Y12: =V12*W12 -> 12423836 | Z12: =V12*X12 -> 12423836 | AG12: ='A.P.U. 2023'!F9 -> 28013.16 | AH12: =+AG12*V12 -> 12423836 | AI12: =+AB12+AD12+AF12+AH12 -> 12423836
A13: =+A12+1 -> 2 | B13: NEGC 107.2 | C13: Excavación en roca a cualquier profundidad | D13: m3 | E13: =+E12*0.01 -> 0.098009489 | F13: =+E13*$F$8 -> 4.1163986 | G13: =G12*0.01 -> 0.15932444 | H13: =+G13*$H$8 -> 0.31864888 | I13: =+I12*0.01 -> 0.059890497 | J13: =+I13*$J$8 -> 0 | K13: =+K12*0.01 -> 0.083219419 | L13: =+K13*$L$8 -> 0 | M13: =+M12*0.01 -> 0.11992116 | N13: =+M13*$N$8 -> 0 | O13: =+O12*0.01 -> 0.12022116 | P13: =+O13*$P$8 -> 0 | Q13: =+Q12*0.01 -> 0.14005251 | R13: =+Q13*$R$8 -> 0 | S13: =+S12*1% -> 0.16741585 | T13: =+S13*$T$8 -> 0 | U13: =+F13+H13+J13+L13+N13+P13+R13+T13 -> 4.4350474 | V13: =+ROUND(U13,1) -> 4.4 | W13: ='A.P.U. 2023'!F17 -> 145647.74 | X13: ='A.P.U. 2023'!G17 -> 145647.74 | Y13: =V13*W13 -> 640850.06 | Z13: =V13*X13 -> 640850.06 | AG13: ='A.P.U. 2023'!F17 -> 145647.74 | AH13: =+AG13*V13 -> 640850.06 | AI13: =+AB13+AD13+AF13+AH13 -> 640850.06
A14: =+A12+1 -> 2 | B14: NEGC 204 | C14: Lleno y apisonado de zanjas y apiques con material selecto de la excavación, incluye acarreo interno | D14: m3 | E14: =+E12-((((3.1416*(2*0.0254)^2)/4)*E16)+(((3.1416*(3*0.0254)^2)/4)*E17)+(((3.1416*(3*0.0254)^2)/4)*E18)+(((3.1416*(4*0.0254)^2)/4)*E42)+E21*(((3.1416*(1.2)^2)/4)*1.5)+IF(F9>0,(((3.1416*(2*0.0254)^2)/4)*E42),0)) -> 7.489594 | F14: =+E14*$F$8 -> 314.56295 | G14: =+G12-((((3.1416*(2*0.0254)^2)/4)*G16)+(((3.1416*(3*0.0254)^2)/4)*G17)+(((3.1416*(3*0.0254)^2)/4)*G18)+(((G23*(((3.1416*(1.5)^2)/4)*1.5)+IF(H9>0,(((3.1416*(2*0.0254)^2)/4)*G42),0))))) -> 12.946278 | H14: =+G14*$H$8 -> 25.892556 | I14: =+I12-((((3.1416*(2*0.0254)^2)/4)*I16)+(((3.1416*(3*0.0254)^2)/4)*I17)+(((3.1416*(3*0.0254)^2)/4)*I18)+I25*(((3.1416*(1.6)^2)/4)*1.6)+IF(J9>0,(((3.1416*(2*0.0254)^2)/4)*I43),0)) -> 2.7659708 | J14: =+I14*$J$8 -> 0 | K14: =+K12-((((3.1416*(2*0.0254)^2)/4)*K16)+(((3.1416*(3*0.0254)^2)/4)*K17)+(((3.1416*(3*0.0254)^2)/4)*K18)+K27*(((3.1416*(1.8)^2)/4)*1.9)+IF(L9>0,(((3.1416*(2*0.0254)^2)/4)*K43),0)) -> 3.4799256 | L14: =+K14*$L$8 -> 0 | M14: =+M12-((((3.1416*(2*0.0254)^2)/4)*M16)+(((3.1416*(3*0.0254)^2)/4)*M17)+(((3.1416*(3*0.0254)^2)/4)*M18)+M29*(((3.1416*(2)^2)/4)*2)+IF(N9>0,(((3.1416*(2*0.0254)^2)/4)*M43),0)) -> 5.7018222 | N14: =+M14*$N$8 -> 0 | O14: =+O12-((((3.1416*(2*0.0254)^2)/4)*O16)+(((3.1416*(3*0.0254)^2)/4)*O17)+(((3.1416*(3*0.0254)^2)/4)*O18)+O31*(((3.1416*(2.2)^2)/4)*2)+IF(P9>0,(((3.1416*(2*0.0254)^2)/4)*O43),0)) -> 4.4123502 | P14: =+O14*$P$8 -> 0 | Q14: =+Q12-((((3.1416*(2*0.0254)^2)/4)*Q16)+(((3.1416*(3*0.0254)^2)/4)*Q17)+(((3.1416*(3*0.0254)^2)/4)*Q18)+Q31*(((3.1416*(2.2)^2)/4)*2)+IF(R9>0,(((3.1416*(2*0.0254)^2)/4)*Q43),0)) -> 13.998157 | R14: =+Q14*$R$8 -> 0 | S14: =+S12-((((3.1416*(2*0.0254)^2)/4)*S16)+(((3.1416*(3*0.0254)^2)/4)*S17)+(((3.1416*(3*0.0254)^2)/4)*S18)+S31*(((3.1416*(2.2)^2)/4)*2)+IF(T9>0,(((3.1416*(2*0.0254)^2)/4)*S43),0)) -> 16.734491 | T14: =+S14*$T$8 -> 0 | U14: =+F14+H14+J14+L14+N14+P14+R14+T14 -> 340.4555 | V14: =+ROUND(U14,1) -> 340.5 | W14: ='A.P.U. 2023'!F23 -> 23344.3 | X14: ='A.P.U. 2023'!G23 -> 23344.3 | Y14: =V14*W14 -> 7948734.2 | Z14: =V14*X14 -> 7948734.2 | AG14: ='A.P.U. 2023'!F23 -> 23344.3 | AH14: =+AG14*V14 -> 7948734.2 | AI14: =+AB14+AD14+AF14+AH14 -> 7948734.2
A15: =+A14+1 -> 3 | B15: NEGC 207 | C15: Regada de material proveniente de la excavación y conformación del terreno | D15: m3 | E15: =+(E12-E14) -> 2.311355 | F15: =+E15*$F$8 -> 97.076908 | G15: =+(G12-G14) -> 2.9861661 | H15: =+G15*$H$8 -> 5.9723323 | I15: =+(I12-I14) -> 3.2230789 | J15: =+I15*$J$8 -> 0 | K15: =+(K12-K14) -> 4.8420163 | L15: =+K15*$L$8 -> 0 | M15: =+(M12-M14) -> 6.2902939 | N15: =+M15*$N$8 -> 0 | O15: =+(O12-O14) -> 7.6097659 | P15: =+O15*$P$8 -> 0 | Q15: =+(Q12-Q14) -> 0.0070939213 | R15: =+Q15*$R$8 -> 0 | S15: =+(S12-S14) -> 0.0070939213 | T15: =+S15*$T$8 -> 0 | U15: =+F15+H15+J15+L15+N15+P15+R15+T15 -> 103.04924 | V15: =+ROUND(U15,1) -> 103 | W15: ='A.P.U. 2023'!F29 -> 2801.316 | X15: ='A.P.U. 2023'!G29 -> 2801.316 | Y15: =V15*W15 -> 288535.55 | Z15: =V15*X15 -> 288535.55 | AG15: ='A.P.U. 2023'!G29 -> 2801.316 | AH15: =+AG15*V15 -> 288535.55 | AI15: =+AB15+AD15+AF15+AH15 -> 288535.55 | AJ15: 2023
A16: =+A15+1 -> 4 | B16: NTC 1500 | C16: S.T.I. Tubería pvc-s de ø2" (50 mm) incluye accesorios. | D16: m | E16: =3 -> 3 | F16: =E16*$F$8+(IF(F10=0,"0",(F10*'FICHAS '!AZ57))) -> 283 | G16: 3 | H16: =+G16*$H$8 -> 6 | I16: 3 | J16: =+I16*$J$8 -> 0 | K16: 3.5 | L16: =+K16*$L$8 -> 0 | M16: =5*0.7 -> 3.5 | N16: =+M16*$N$8 -> 0 | O16: =5*0.7 -> 3.5 | P16: =+O16*$P$8+(P10*'FICHAS '!BE56) -> 0 | Q16: =5*0.7 -> 3.5 | R16: =+Q16*$P$8 -> 0 | S16: =5*0.7 -> 3.5 | T16: =+S16*$P$8 -> 0 | U16: =+F16+H16+J16+L16+N16+P16+R16+T16 -> 289 | V16: =+ROUND(U16,1) -> 289 | W16: ='A.P.U. 2023'!F39 -> 34659.042 | X16: ='A.P.U. 2023'!G39 -> 40436.186 | Y16: =V16*W16 -> 10016463 | Z16: =V16*X16 -> 11686058 | AA16: ='A.P.U. 2023'!G32 -> 15877.575 | AB16: =AA16*V16 -> 4588619.2 | AC16: ='A.P.U. 2023'!G33+'A.P.U. 2023'!G35 -> 20305.588 | AD16: =+AC16*V16 -> 5868314.9 | AE16: =+'A.P.U. 2023'!G34 -> 166.35983 | AF16: =+AE16*V16 -> 48077.989 | AG16: =+'A.P.U. 2023'!G36+'A.P.U. 2023'!G37 -> 4086.663 | AH16: =+AG16*V16 -> 1181045.6 | AI16: =+AB16+AD16+AF16+AH16 -> 11686058 | AJ16: =+'A.P.U. 2023'!L32 -> 1669594.5
A17: =+A16+1 -> 5 | B17: NTC 1500 | C17: S.T.I. Tubería pvc-s de ø3" (75 mm). Incluye accesorios | D17: m | E17: =+'FICHAS '!Y57 -> 16.452381 | F17: =+E17*$F$8 -> 691 | G17: =+'FICHAS '!Z57 -> 25 | H17: =+G17*$H$8 -> 50 | I17: =+'FICHAS '!AA57 -> 0 | J17: =+I17*$J$8+(1*J9)+(5*J10) -> 0 | K17: =+'FICHAS '!AB57 -> 0 | L17: =+K17*$L$8+(1*L9)+(5*L10) -> 0 | M17: =+'FICHAS '!AC57 -> 0 | N17: =+M17*$N$8+(1*N9)+(5*N10) -> 0 | O17: =+'FICHAS '!AD57 -> 0 | P17: =+O17*$P$8+(1*P9)+(5*P10) -> 0 | Q17: =+'FICHAS '!AE57 -> 0 | R17: =+Q17*$R$8+(1*R9)+(5*R10) -> 0 | S17: =+'FICHAS '!AF57 -> 0 | T17: =+S17*$P$8+(1*T9)+(5*T10) -> 0 | U17: =+F17+H17+J17+L17+N17+P17+R17+T17 -> 741 | V17: =+ROUND(U17,1) -> 741 | W17: =+'A.P.U. 2023'!F49 -> 30846.664 | X17: =+'A.P.U. 2023'!G49 -> 35705.34 | Y17: =V17*W17 -> 22857378 | Z17: =V17*X17 -> 26457657 | AA17: =+'A.P.U. 2023'!G42 -> 23715.3 | AB17: =+AA17*V17 -> 17573037 | AC17: =+'A.P.U. 2023'!G43+'A.P.U. 2023'!G45 -> 6715.3512 | AD17: =+AC17*V17 -> 4976075.2 | AE17: =+'A.P.U. 2023'!G44 -> 166.35983 | AF17: =+AE17*V17 -> 123272.63 | AG17: =+'A.P.U. 2023'!G46+'A.P.U. 2023'!G47 -> 5108.3287 | AH17: =+AG17*V17 -> 3785271.6 | AI17: =+AB17+AD17+AF17+AH17 -> 26457657 | AJ17: =+'A.P.U. 2023'!L42 -> 3600278.5
C18: S.T.I. Tubería pvc-s de ø2" (50 mm). Trampa de grasa. Incluye accesorios | D18: m | E18: =+'FICHAS '!AH57 -> 17.047619 | F18: =+E18*F$8 -> 716 | G18: =+'FICHAS '!AI57 -> 25 | H18: =+G18*H$8 -> 50 | I18: =+'FICHAS '!AJ56 -> 0 | J18: =+I18*J47 -> 0 | K18: =+'FICHAS '!AK56 -> 0 | L18: =+K18*L47 -> 0 | M18: =+'FICHAS '!AL56 -> 0 | N18: =+M18*N$8 -> 0 | O18: =+'FICHAS '!AM56 -> 0 | P18: =+O18*P$8 -> 0 | Q18: =+'FICHAS '!AN56 -> 0 | R18: =+Q18*R$8 -> 0 | S18: =+'FICHAS '!AO56 -> 0 | T18: =+S18*T$8 -> 0 | U18: =+F18+H18+J18+L18+N18+P18+R18+T18 -> 766 | V18: =+ROUND(U18,1) -> 766 | W18: =+'A.P.U. 2023'!F59 -> 23238.675 | X18: =+'A.P.U. 2023'!G59 -> 26845.949 | Y18: =V18*W18 -> 17800825 | Z18: =V18*X18 -> 20563997 | AA18: =+'A.P.U. 2023'!G52 -> 15877.575 | AB18: =+AA18*V18 -> 12162222 | AC18: =+'A.P.U. 2023'!G53+'A.P.U. 2023'!G55 -> 6715.3512 | AD18: =+AC18*V18 -> 5143959 | AE18: =+'A.P.U. 2023'!G54 -> 166.35983 | AF18: =+AE18*V18 -> 127431.63 | AG18: =+'A.P.U. 2023'!G56+'A.P.U. 2023'!G57 -> 4086.663 | AH18: =+AG18*V18 -> 3130383.9 | AI18: =+AB18+AD18+AF18+AH18 -> 20563997 | AJ18: =+'A.P.U. 2023'!L56 -> 2672990
A19: =+#REF!+1 -> #REF! | B19: Particular | C19: S.T.I. De sifón S.R. De 135° en pvc-s ø3" para control de olores | D19: un | E19: =1 -> 1 | F19: =+E19*$F$8 -> 42 | G19: 1 | H19: =+G19*$H$8 -> 2 | J19: =+I19*$J$8 -> 0 | L19: =K19*$L$8 -> 0 | N19: =+M19*$N$8 -> 0 | P19: =+O19*$P$8 -> 0 | R19: =+Q19*$R$8 -> 0 | T19: =+S19*$R$8 -> 0 | U19: =+F19+H19+J19+L19+N19+P19+R19+T19 -> 44 | V19: =+ROUND(U19,1) -> 44 | W19: =+'A.P.U. 2023'!F70 -> 42530.645 | X19: =+'A.P.U. 2023'!G70 -> 48940.51 | Y19: =V19*W19 -> 1871348.4 | Z19: =V19*X19 -> 2153382.5 | AA19: =+'A.P.U. 2023'!G62 -> 13459 | AB19: =+AA19*V19 -> 592196 | AC19: =+'A.P.U. 2023'!G63+'A.P.U. 2023'!G64+'A.P.U. 2023'!G65 -> 26687 | AD19: =+AC19*V19 -> 1174228 | AE19: =+'A.P.U. 2023'!G66 -> 2079.4978 | AF19: =+AE19*V19 -> 91497.904 | AG19: =+'A.P.U. 2023'!G67+'A.P.U. 2023'!G68 -> 6715.0125 | AH19: =+AG19*V19 -> 295460.55 | AI19: =+AB19+AD19+AF19+AH19 -> 2153382.5 | AJ19: =+'A.P.U. 2023'!L62 -> 282034.08
A20: =+A19+1 -> #REF! | B20: Particular | C20: S.T.I. De sifón S.R. De 135° en pvc-s ø4" para control de olores | D20: un | I20: 1 | J20: =+I20*$J$8 -> 0 | K20: 1 | L20: =+K20*$L$8 -> 0 | M20: 1 | N20: =+M20*$N$8 -> 0 | O20: 1 | P20: =+O20*$P$8 -> 0 | Q20: 1 | R20: =+Q20*$R$8 -> 0 | S20: 1 | T20: =+S20*$T$8 -> 0 | U20: =+F20+H20+J20+L20+N20+P20+R20+T20 -> 0 | V20: =+ROUND(U20,1) -> 0 | W20: =+'A.P.U. 2023'!F81 -> 75556.686 | X20: =+'A.P.U. 2023'!G81 -> 87684.514 | Y20: =V20*W20 -> 0 | Z20: =V20*X20 -> 0 | AA20: =+'A.P.U. 2023'!G73 -> 29417 | AB20: =+AA20*V20 -> 0 | AC20: =+'A.P.U. 2023'!G74+'A.P.U. 2023'!G75+'A.P.U. 2023'!G76 -> 46541.5 | AD20: =+AC20*V20 -> 0 | AE20: =+'A.P.U. 2023'!G77 -> 2772.6638 | AF20: =+AE20*V20 -> 0 | AG20: =+'A.P.U. 2023'!G78+'A.P.U. 2023'!G79 -> 8953.35 | AH20: =+AG20*V20 -> 0 | AI20: =+AB20+AD20+AF20+AH20 -> 0 | AJ20: =+'A.P.U. 2023'!L73 -> 0
A21: =+A20+1 -> #REF! | B21: Particular | C21: =+'A.P.U. 2023'!A84 -> sistema séptico y FAFA prefabricado en P.R.F.V (Poliéster Reforzado Con Fibra De Vidrio) con capacidad para atender una población entre tres a nueve (3 a 9) habitantes, (incluye: accesorios internos, material filtrante para el FAFA que garanticen un área superficial de contacto ≥ 90m2/m3, tubería de PVC-S ø2" con accesorios y malla mosquitera doble. Volumen de 1,500-1,800 litros. | D21: un | E21: 1 | F21: =+F8*E21 -> 42 | U21: =+F21+H21+J21+L21+N21+P21+R21+T21 -> 42 | V21: =+ROUND(U21,1) -> 42 | W21: =+'A.P.U. 2023'!F94 -> 3469001.8 | X21: =+'A.P.U. 2023'!G94 -> 4010349.3 | Y21: =V21*W21 -> 1.4569808e+08 | Z21: =V21*X21 -> 1.6843467e+08 | AA21: =+'A.P.U. 2023'!G84 -> 3363362 | AB21: =+AA21*V21 -> 1.412612e+08 | AC21: =+'A.P.U. 2023'!G87+'A.P.U. 2023'!G85 -> 27182.5 | AD21: =+AC21*V21 -> 1141665 | AE21: =+'A.P.U. 2023'!G89 -> 162527.98 | AF21: =+AE21*V21 -> 6826175.3 | AG21: =+'A.P.U. 2023'!G91+'A.P.U. 2023'!G92 -> 457276.75 | AH21: =+AG21*V21 -> 19205624 | AI21: =+AB21+AD21+AF21+AH21 -> 1.6843467e+08 | AJ21: =+'A.P.U. 2023'!L84 -> 22736593
C22: trampa de grasas prefabricada en P.R.F.V (Poliéster Reforzado con Fibra De Vidrio) con capacidad para atender una población de tres a nueve (3 a 9) habitantes. | D22: un | E22: 1 | F22: =F11*E22 -> 46 | U22: =+F22+H22+J22+L22+N22+P22+R22+T22 -> 46 | V22: =+ROUND(U22,1) -> 46 | W22: ='A.P.U. 2023'!F106 -> 693269.88 | X22: ='A.P.U. 2023'!G106 -> 780624.27 | Y22: =V22*W22 -> 31890415 | Z22: =V22*X22 -> 35908716 | AA22: ='A.P.U. 2023'!G97 -> 536821.32 | AB22: =+AA22*V22 -> 24693781 | AC22: ='A.P.U. 2023'!G99+'A.P.U. 2023'!G100 -> 10293 | AD22: =+AC22*V22 -> 473478 | AE22: ='A.P.U. 2023'!G101 -> 166359.83 | AF22: =+AE22*V22 -> 7652552 | AG22: ='A.P.U. 2023'!F105 -> 67150.125 | AH22: =+AG22*V22 -> 3088905.8 | AI22: =+AB22+AD22+AF22+AH22 -> 35908716 | AJ22: ='A.P.U. 2023'!L102 -> 4018301.8
A23: =+A21+1 -> #REF! | B23: Particular | C23: =+'A.P.U. 2023'!A109 -> sistema séptico y FAFA prefabricado en P.R.F.V (Poliéster Reforzado Con Fibra De Vidrio) con capacidad para atender una población de diez a quince (10 a 15) habitantes, (incluye: accesorios internos, material filtrante para el FAFA que garanticen un área superficial de contacto ≥ 90m2/m3, tubería de PVC-S ø2" con accesorios y malla mosquitera doble. Volumen de 2,300-2,500 litros. | D23: un | G23: 1 | H23: =+G23*$H$8 -> 2 | U23: =+F23+H23+J23+L23+N23+P23+R23+T23 -> 2 | V23: =+ROUND(U23,1) -> 2 | W23: =+'A.P.U. 2023'!F119 -> 4243952.2 | X23: =+'A.P.U. 2023'!G119 -> 4916523.1 | Y23: =V23*W23 -> 8487904.3 | Z23: =V23*X23 -> 9833046.2 | AA23: =+'A.P.U. 2023'!G109 -> 4185235.3 | AB23: =+AA23*V23 -> 8370470.6 | AC23: =+'A.P.U. 2023'!G112+'A.P.U. 2023'!G110 -> 27182.5 | AD23: =+AC23*V23 -> 54365 | AE23: =+'A.P.U. 2023'!G114 -> 246828.52 | AF23: =+AE23*V23 -> 493657.04 | AG23: =+'A.P.U. 2023'!G116+'A.P.U. 2023'!G117 -> 457276.75 | AH23: =+AG23*V23 -> 914553.5 | AI23: =+AB23+AD23+AF23+AH23 -> 9833046.2 | AJ23: =+'A.P.U. 2023'!L109 -> 1345141.8
C24: trampa de grasas prefabricado en P.R.F.V (Poliéster Reforzado con Fibra De Vidrio) con capacidad para atender una población de diez a quince (10 a 15) habitantes. | D24: un | G24: 1 | H24: =+G24*$H$11 -> 0 | U24: =+F24+H24+J24+L24+N24+P24+R24+T24 -> 0 | V24: =+ROUND(U24,1) -> 0 | W24: ='A.P.U. 2023'!F131 -> 746397.68 | X24: ='A.P.U. 2023'!G131 -> 843298.62 | Y24: =V24*W24 -> 0 | Z24: =V24*X24 -> 0 | AA24: ='A.P.U. 2023'!G122 -> 596612.9 | AB24: =+AA24*V24 -> 0 | AC24: ='A.P.U. 2023'!G124+'A.P.U. 2023'!G125 -> 10293 | AD24: =+AC24*V24 -> 0 | AE24: ='A.P.U. 2023'!G126 -> 166359.83 | AF24: =+AE24*V24 -> 0 | AG24: ='A.P.U. 2023'!F130 -> 70032.9 | AH24: =+AG24*V24 -> 0 | AI24: =+AB24+AD24+AF24+AH24 -> 0 | AJ24: ='A.P.U. 2023'!L128 -> 0
A25: =+A23+1 -> #REF! | B25: Particular | C25: =+'A.P.U. 2023'!A135 -> sistema séptico y FAFA prefabricado en P.R.F.V (Poliéster Reforzado Con Fibra De Vidrio) con capacidad para atender una población de dieciséis a veinte (16 a 20) habitantes, (incluye: accesorios internos, material filtrante para el FAFA que garanticen un área superficial de contacto ≥ 90m2/m3, tubería de PVC-S ø2" con accesorios y malla mosquitera doble. Volumen de 3,000-3,300 litros. | D25: un | I25: 1 | J25: =+I25*$J$8 -> 0 | U25: =+F25+H25+J25+L25+N25+P25+R25+T25 -> 0 | V25: =+ROUND(U25,1) -> 0 | W25: =+'A.P.U. 2023'!F144 -> 5395859.4 | X25: =+'A.P.U. 2023'!G144 -> 6334190.1 | Y25: =V25*W25 -> 0 | Z25: =V25*X25 -> 0 | AA25: =+'A.P.U. 2023'!G135 -> 5849730.9 | AB25: =+AA25*V25 -> 0 | AC25: =+'A.P.U. 2023'!G138+'A.P.U. 2023'!G136 -> 27182.5 | AD25: =+AC25*V25 -> 0 | AE25: =+'A.P.U. 2023'!G140 -> 0 | AF25: =+AE25*V25 -> 0 | AG25: =+'A.P.U. 2023'!G141+'A.P.U. 2023'!G142 -> 457276.75 | AH25: =+AG25*V25 -> 0 | AI25: =+AB25+AD25+AF25+AH25 -> 0 | AJ25: =+'A.P.U. 2023'!L135 -> 0
C26: trampa de grasas prefabricado en P.R.F.V (Poliéster Reforzado con Fibra De Vidrio) con capacidad para atender una población de dieciséis a veinte (16 a 20) habitantes. | D26: un | I26: 1 | J26: =+I26*$J$11 -> 0 | U26: =+F26+H26+J26+L26+N26+P26+R26+T26 -> 0 | V26: =+ROUND(U26,1) -> 0 | W26: ='A.P.U. 2023'!F156 -> 875725.11 | X26: ='A.P.U. 2023'!G156 -> 997198.26 | Y26: =V26*W26 -> 0 | Z26: =V26*X26 -> 0 | AA26: ='A.P.U. 2023'!G147 -> 750512.54 | AB26: =+AA26*V26 -> 0 | AC26: ='A.P.U. 2023'!G149+'A.P.U. 2023'!G150 -> 10293 | AD26: =+AC26*V26 -> 0 | AE26: ='A.P.U. 2023'!G151 -> 166359.83 | AF26: =+AE26*V26 -> 0 | AG26: ='A.P.U. 2023'!F155 -> 70032.9 | AH26: =+AG26*V26 -> 0 | AI26: =+AB26+AD26+AF26+AH26 -> 0 | AJ26: ='A.P.U. 2023'!L153 -> 0
A27: =+A25+1 -> #REF! | B27: Particular | C27: =+'A.P.U. 2023'!A159 -> sistema séptico y FAFA prefabricado en P.R.F.V (Poliéster Reforzado Con Fibra De Vidrio) con capacidad para atender una población de veinti uno a treinta (21 a 30) habitantes, (incluye: accesorios internos, material filtrante para el FAFA que garanticen un área superficial de contacto ≥ 90m2/m3, tubería de PVC-S ø2" con accesorios y malla mosquitera doble. Volumen de 4,500-5,000 litros. | D27: un | K27: 1 | L27: =+K27*$L$8 -> 0 | U27: =+F27+H27+J27+L27+N27+P27+R27+T27 -> 0 | V27: =+ROUND(U27,1) -> 0 | W27: =+'A.P.U. 2023'!F168 -> 7459952.5 | X27: =+'A.P.U. 2023'!G168 -> 8773084.4 | Y27: =V27*W27 -> 0 | Z27: =V27*X27 -> 0 | AA27: =+'A.P.U. 2023'!G159 -> 8197169.8 | AB27: =+AA27*V27 -> 0 | AC27: =+'A.P.U. 2023'!G162+'A.P.U. 2023'!G160 -> 27182.5 | AD27: =+AC27*V27 -> 0 | AE27: =+'A.P.U. 2023'!G164 -> 0 | AF27: =+AE27*V27 -> 0 | AG27: =+'A.P.U. 2023'!G165+'A.P.U. 2023'!G166 -> 548732.1 | AH27: =+AG27*V27 -> 0 | AI27: =+AB27+AD27+AF27+AH27 -> 0 | AJ27: =+'A.P.U. 2023'!L159 -> 0
C28: trampa de grasas prefabricado en P.R.F.V (Poliéster Reforzado con Fibra De Vidrio) con capacidad para atender una población de veinti uno a treinta (21 a 30) habitantes. | D28: un | K28: 1 | L28: =+K28*$L$11 -> 0 | U28: =+F28+H28+J28+L28+N28+P28+R28+T28 -> 0 | V28: =+ROUND(U28,1) -> 0 | W28: ='A.P.U. 2023'!F180 -> 955704.19 | X28: ='A.P.U. 2023'!G180 -> 1092921.1 | Y28: =V28*W28 -> 0 | Z28: =V28*X28 -> 0 | AA28: ='A.P.U. 2023'!G171 -> 849118.14 | AB28: =+AA28*V28 -> 0 | AC28: ='A.P.U. 2023'!G173+'A.P.U. 2023'!G174 -> 10293 | AD28: =+AC28*V28 -> 0 | AE28: ='A.P.U. 2023'!G175 -> 166359.83 | AF28: =+AE28*V28 -> 0 | AG28: ='A.P.U. 2023'!F179 -> 67150.125 | AH28: =+AG28*V28 -> 0 | AI28: =+AB28+AD28+AF28+AH28 -> 0 | AJ28: ='A.P.U. 2023'!L177 -> 0
A29: =+A27+1 -> #REF! | B29: Particular | C29: =+'A.P.U. 2023'!A183 -> sistema séptico y FAFA prefabricado en P.R.F.V (Poliéster Reforzado Con Fibra De Vidrio) con capacidad para atender una población de treinta y uno a cuarenta (31 a 40) habitantes, (incluye: accesorios internos, material filtrante para el FAFA que garanticen un área superficial de contacto ≥ 90m2/m3, tubería de PVC-S ø2" con accesorios y malla mosquitera doble. Volumen de 6,000-6,500 litros. | D29: un | M29: 1 | N29: =+M29*$N$8 -> 0 | U29: =+F29+H29+J29+L29+N29+P29+R29+T29 -> 0 | V29: =+ROUND(U29,1) -> 0 | W29: =+'A.P.U. 2023'!F192 -> 9944663.2 | X29: =+'A.P.U. 2023'!G192 -> 11703825 | Y29: =V29*W29 -> 0 | Z29: =V29*X29 -> 0 | AA29: =+'A.P.U. 2023'!G183 -> 10990728 | AB29: =+AA29*V29 -> 0 | AC29: =+'A.P.U. 2023'!G186+'A.P.U. 2023'!G184 -> 27182.5 | AD29: =+AC29*V29 -> 0 | AE29: =+'A.P.U. 2023'!G188 -> 0 | AF29: =+AE29*V29 -> 0 | AG29: =+'A.P.U. 2023'!G189+'A.P.U. 2023'!G190 -> 685915.12 | AH29: =+AG29*V29 -> 0 | AI29: =+AB29+AD29+AF29+AH29 -> 0 | AJ29: =+'A.P.U. 2023'!L183 -> 0
C30: trampa de grasas prefabricado en P.R.F.V (Poliéster Reforzado con Fibra De Vidrio) con capacidad para atender una población de treinta y uno a cuarenta (31 a 40) habitantes. | D30: un | M30: 1 | N30: =+M30*$N$11 -> 0 | U30: =+F30+H30+J30+L30+N30+P30+R30+T30 -> 0 | V30: =+ROUND(U30,1) -> 0 | W30: ='A.P.U. 2023'!F204 -> 1495361.1 | X30: ='A.P.U. 2023'!G204 -> 1735112.9 | Y30: =V30*W30 -> 0 | Z30: =V30*X30 -> 0 | AA30: ='A.P.U. 2023'!G195 -> 1491309.9 | AB30: =+AA30*V30 -> 0 | AC30: ='A.P.U. 2023'!G197+'A.P.U. 2023'!G198 -> 10293 | AD30: =+AC30*V30 -> 0 | AE30: ='A.P.U. 2023'!G199 -> 166359.83 | AF30: =+AE30*V30 -> 0 | AG30: ='A.P.U. 2023'!F203 -> 67150.125 | AH30: =+AG30*V30 -> 0 | AI30: =+AB30+AD30+AF30+AH30 -> 0 | AJ30: ='A.P.U. 2023'!L200 -> 0
A31: =+A29+1 -> #REF! | B31: Particular | C31: =+'A.P.U. 2023'!A207 -> sistema séptico y FAFA prefabricado en P.R.F.V (Poliéster Reforzado Con Fibra De Vidrio) con capacidad para atender una población de cuarenta y uno a cincuenta (41 a 50) habitantes, (incluye: accesorios internos, material filtrante para el FAFA que garanticen un área superficial de contacto ≥ 90m2/m3, tubería de PVC-S ø2" con accesorios y malla mosquitera doble. Volumen de 7,500-,8,000 litros. | D31: un | O31: 1 | P31: =+O31*$P$8 -> 0 | U31: =+F31+H31+J31+L31+N31+P31+R31+T31 -> 0 | V31: =+ROUND(U31,1) -> 0 | W31: =+'A.P.U. 2023'!F216 -> 13341174 | X31: =+'A.P.U. 2023'!G216 -> 15745673 | Y31: =V31*W31 -> 0 | Z31: =V31*X31 -> 0 | AA31: =+'A.P.U. 2023'!G207 -> 15032575 | AB31: =+AA31*V31 -> 0 | AC31: =+'A.P.U. 2023'!G210+'A.P.U. 2023'!G208 -> 27182.5 | AD31: =+AC31*V31 -> 0 | AE31: =+'A.P.U. 2023'!G212 -> 0 | AF31: =+AE31*V31 -> 0 | AG31: =+'A.P.U. 2023'!G213+'A.P.U. 2023'!G214 -> 685915.12 | AH31: =+AG31*V31 -> 0 | AI31: =+AB31+AD31+AF31+AH31 -> 0 | AJ31: =+'A.P.U. 2023'!L207 -> 0
C32: trampa de grasas prefabricado en P.R.F.V (Poliéster Reforzado con Fibra De Vidrio) con capacidad para atender una población de cuarenta y uno a cincuenta (41 a 50) habitantes. | D32: un | O32: 1 | P32: =+O32*$P$11 -> 0 | U32: =+F32+H32+J32+L32+N32+P32+R32+T32 -> 0 | V32: =+ROUND(U32,1) -> 0 | W32: ='A.P.U. 2023'!F228 -> 1742076.4 | X32: ='A.P.U. 2023'!G228 -> 2028704 | Y32: =V32*W32 -> 0 | Z32: =V32*X32 -> 0 | AA32: ='A.P.U. 2023'!G219 -> 1784901 | AB32: =+AA32*V32 -> 0 | AC32: ='A.P.U. 2023'!G221+'A.P.U. 2023'!G222 -> 10293 | AD32: =+AC32*V32 -> 0 | AE32: ='A.P.U. 2023'!G223 -> 166359.83 | AF32: =+AE32*V32 -> 0 | AG32: ='A.P.U. 2023'!F227 -> 67150.125 | AH32: =+AG32*V32 -> 0 | AI32: =+AB32+AD32+AF32+AH32 -> 0 | AJ32: ='A.P.U. 2023'!L224 -> 0
C33: =+'A.P.U. 2023'!A230 -> sistema séptico y FAFA prefabricado en P.R.F.V (Poliéster Reforzado Con Fibra De Vidrio) con capacidad para atender una población de cincuenta y uno a setenta (51 a 70) habitantes, (incluye: accesorios internos, material filtrante para el FAFA que garanticen un área superficial de contacto ≥ 90m2/m3, tubería de PVC-S ø2" con accesorios y malla mosquitera doble. Volumen de 10,000-12,000 litros. | D33: un | Q33: 1 | R33: =+Q33*$R$8 -> 0 | U33: =+F33+H33+J33+L33+N33+P33+R33+T33 -> 0 | V33: =+ROUND(U33,1) -> 0 | W33: =+'A.P.U. 2023'!F239 -> 17654681 | X33: =+'A.P.U. 2023'!G239 -> 20835306 | Y33: =V33*W33 -> 0 | Z33: =V33*X33 -> 0 | AA33: =+'A.P.U. 2023'!G230 -> 19893570 | AB33: =+AA33*V33 -> 0 | AC33: =+'A.P.U. 2023'!G233+'A.P.U. 2023'!G231 -> 27182.5 | AD33: =+AC33*V33 -> 0 | AE33: =+'A.P.U. 2023'!G235 -> 0 | AF33: =+AE33*V33 -> 0 | AG33: =+'A.P.U. 2023'!G236+'A.P.U. 2023'!G237 -> 914553.5 | AH33: =+AG33*V33 -> 0 | AI33: =+AB33+AD33+AF33+AH33 -> 0 | AJ33: =+'A.P.U. 2023'!L230 -> 0
C34: trampa de grasas prefabricado en P.R.F.V (Poliéster Reforzado con Fibra De Vidrio) con capacidad para atender una población de cincuenta y uno a setenta (51 a 70) habitantes. | D34: un | Q34: 1 | R34: =+Q34*$R$11 -> 0 | U34: =+F34+H34+J34+L34+N34+P34+R34+T34 -> 0 | V34: =+ROUND(U34,1) -> 0 | W34: ='A.P.U. 2023'!F251 -> 2558593.8 | X34: ='A.P.U. 2023'!G251 -> 3000359.7 | Y34: =V34*W34 -> 0 | Z34: =V34*X34 -> 0 | AA34: ='A.P.U. 2023'!G242 -> 2756556.8 | AB34: =+AA34*V34 -> 0 | AC34: ='A.P.U. 2023'!G244+'A.P.U. 2023'!G245 -> 10293 | AD34: =+AC34*V34 -> 0 | AE34: ='A.P.U. 2023'!G246 -> 166359.83 | AF34: =+AE34*V34 -> 0 | AG34: ='A.P.U. 2023'!F250 -> 67150.125 | AH34: =+AG34*V34 -> 0 | AI34: =+AB34+AD34+AF34+AH34 -> 0 | AJ34: ='A.P.U. 2023'!L247 -> 0
C35: =+'A.P.U. 2023'!A254 -> Suministro sistema séptico y FAFA prefabricado en P.R.F.V (Poliéster Reforzado Con Fibra De Vidrio) con capacidad para atender una población de setenta y uno a noventa (71 a 90) habitantes, (incluye: accesorios internos, material filtrante para el FAFA que garanticen un área superficial de contacto ≥ 90m2/m3, tubería de PVC-S ø2" con accesorios y malla mosquitera doble. Volumen > 12,000 litros. | D35: un | S35: 1 | T35: =+S35*$T$8 -> 0 | U35: =+F35+H35+J35+L35+N35+P35+R35+T35 -> 0 | V35: =+ROUND(U35,1) -> 0 | W35: =+'A.P.U. 2023'!F263 -> 21996683 | X35: =+'A.P.U. 2023'!G263 -> 26002288 | Y35: =V35*W35 -> 0 | Z35: =V35*X35 -> 0 | AA35: =+'A.P.U. 2023'!G254 -> 25060552 | AB35: =+AA35*V35 -> 0 | AC35: =+'A.P.U. 2023'!G257 -> 12061 | AD35: =+AC35*V35 -> 0 | AE35: =+'A.P.U. 2023'!G259 -> 0 | AF35: =+AE35*V35 -> 0 | AG35: =+'A.P.U. 2023'!G260+'A.P.U. 2023'!G261 -> 914553.5 | AH35: =+AG35*V35 -> 0 | AI35: =+AB35+AD35+AF35+AH35 -> 0 | AJ35: =+'A.P.U. 2023'!L254 -> 0
C36: trampa de grasas prefabricado en P.R.F.V (Poliéster Reforzado con Fibra De Vidrio) con capacidad para atender una población de setenta y uno a noventa (71 a 90) habitantes. | D36: un | S36: 1 | T36: =+S36*$T$11 -> 0 | U36: =+F36+H36+J36+L36+N36+P36+R36+T36 -> 0 | V36: =+ROUND(U36,1) -> 0 | W36: ='A.P.U. 2023'!F275 -> 3255927.4 | X36: ='A.P.U. 2023'!G275 -> 3830186.8 | Y36: =V36*W36 -> 0 | Z36: =V36*X36 -> 0 | AA36: ='A.P.U. 2023'!G266 -> 3586383.8 | AB36: =+AA36*V36 -> 0 | AC36: ='A.P.U. 2023'!G268+'A.P.U. 2023'!G269 -> 10293 | AD36: =+AC36*V36 -> 0 | AE36: ='A.P.U. 2023'!G270 -> 166359.83 | AF36: =+AE36*V36 -> 0 | AG36: ='A.P.U. 2023'!F274 -> 67150.125 | AH36: =+AG36*V36 -> 0 | AI36: =+AB36+AD36+AF36+AH36 -> 0 | AJ36: ='A.P.U. 2023'!L272 -> 0
A37: =+A40+1 -> #REF! | B37: Particular | C37: S.T.I. Suministro de canal de entrada elaborado en P.R.F.V (Poliéster Reforzado con Fibra de Vidrio), incluye reja de cribado, bandeja de escurrimiento, desarenador, caja de derivación y vertedero) Dimensiones L=2,20m h=0,6 m a=0,4m | D37: un | O37: 1 | P37: =+O37*$P$8 -> 0 | Q37: 1 | R37: =+Q37*$R$8 -> 0 | S37: 1 | T37: =+S37*$T$8 -> 0 | U37: =+F37+H37+J37+L37+N37+P37+R37+T37 -> 0 | V37: =+ROUND(U37,1) -> 0 | W37: ='A.P.U. 2023'!F283 -> 5481671.1 | X37: ='A.P.U. 2023'!G283 -> 6452757 | Y37: =V37*W37 -> 0 | Z37: =V37*X37 -> 0 | AA37: ='A.P.U. 2023'!G278 -> 6082064 | AB37: =+AA37*V37 -> 0 | AD37: =+AC37*V37 -> 0 | AE37: ='A.P.U. 2023'!G279 -> 166359.83 | AF37: =+AE37*V37 -> 0 | AG37: ='A.P.U. 2023'!F280+'A.P.U. 2023'!F281 -> 204333.15 | AH37: =+AG37*V37 -> 0 | AI37: =+AB37+AD37+AF37+AH37 -> 0 | AJ37: =+'A.P.U. 2023'!L275 -> 0
A38: =+A41+1 -> #REF! | B38: Particular | C38: S.T.I. Suministro de lecho de secado elaborado en P.R.F.V (Poliéster Reforzado con Fibra de Vidrio) Ø=1,2m h=1,0m. Incluye accesorios y cubiertas | D38: un | O38: 1 | P38: =+O38*$P$8 -> 0 | Q38: 1 | R38: =+Q38*$R$8 -> 0 | S38: 1 | T38: =+S38*$T$8 -> 0 | U38: =+F38+H38+J38+L38+N38+P38+R38+T38 -> 0 | V38: =+ROUND(U38,1) -> 0 | W38: =+'A.P.U. 2023'!F298 -> 6322157.5 | X38: =+'A.P.U. 2023'!G298 -> 7387500 | Y38: =V38*W38 -> 0 | Z38: =V38*X38 -> 0 | AA38: =+'A.P.U. 2023'!G286 -> 5679063.9 | AB38: =+AA38*V38 -> 0 | AC38: =SUM('A.P.U. 2023'!G287:G293) -> 993344.19 | AD38: =+AC38*V38 -> 0 | AE38: =+'A.P.U. 2023'!G294 -> 166359.83 | AF38: =+AE38*V38 -> 0 | AG38: =+'A.P.U. 2023'!G295+'A.P.U. 2023'!G296 -> 548732.1 | AH38: =+AG38*V38 -> 0 | AI38: =+AB38+AD38+AF38+AH38 -> 0 | AJ38: =+'A.P.U. 2023'!L286 -> 0
A39: =+A23+1 -> #REF! | B39: Particular | C39: S.T.I. Válvula de bola de ø2" PVC para purga de lodos. Incluye accesorios | D39: un | E39: 1 | F39: =+E39*$F$8 -> 42 | G39: 1 | H39: =+G39*$H$8 -> 2 | U39: =+F39+H39+J39+L39+N39+P39+R39+T39 -> 44 | V39: =+ROUND(U39,1) -> 44 | W39: =+'A.P.U. 2023'!F312 -> 125186.59 | X39: =+'A.P.U. 2023'!G312 -> 141539.16 | Y39: =V39*W39 -> 5508209.8 | Z39: =V39*X39 -> 6227723.2 | AA39: =+'A.P.U. 2023'!G302 -> 60860.822 | AB39: =+AA39*V39 -> 2677876.2 | AC39: =SUM('A.P.U. 2023'!G305:G309)+'A.P.U. 2023'!G302 -> 102418.77 | AD39: =+AC39*V39 -> 4506426.1 | AE39: =+'A.P.U. 2023'!G303 -> 5545.3275 | AF39: =+AE39*V39 -> 243994.41 | AG39: =+'A.P.U. 2023'!G304+'A.P.U. 2023'!G310 -> 33575.062 | AH39: =+AG39*V39 -> 1477302.8 | AI39: =+AA39+AD39+AF39+AH39 -> 6288584.1 | AJ39: ='A.P.U. 2023'!L302 -> 719513.41
A40: =+A39+1 -> #REF! | B40: Particular | C40: S.T.I. Válvula de bola de ø3" en PVC extremo liso para purga de lodos. Incluye accesorios | D40: un | I40: 1 | J40: =+I40*$J$8 -> 0 | K40: 1 | L40: =+K40*$L$8 -> 0 | M40: 1 | N40: =+M40*$N$8 -> 0 | O40: 1 | P40: =+O40*$P$8 -> 0 | Q40: 1 | R40: =+Q40*$R$8 -> 0 | S40: 1 | T40: =+S40*$T$8 -> 0 | U40: =+F40+H40+J40+L40+N40+P40+R40+T40 -> 0 | V40: =+ROUND(U40,1) -> 0 | W40: =+'A.P.U. 2023'!F324 -> 138180.64 | X40: =+'A.P.U. 2023'!G324 -> 220601.78 | Y40: =V40*W40 -> 0 | Z40: =V40*X40 -> 0 | AA40: ='A.P.U. 2023'!G315 -> 85093 | AB40: =+AA40*V40 -> 0 | AC40: =SUM('A.P.U. 2023'!G318:G321)+'A.P.U. 2023'!G315 -> 181481.39 | AD40: =+AC40*V40 -> 0 | AE40: =+'A.P.U. 2023'!G316 -> 5545.3275 | AF40: =+AE40*V40 -> 0 | AG40: =+'A.P.U. 2023'!G317+'A.P.U. 2023'!G322 -> 33575.062 | AH40: =+AG40*V40 -> 0 | AI40: =+AB40+AD40+AF40+AH40 -> 0 | AJ40: =+'A.P.U. 2023'!L315 -> 0
A41: =+A39+1 -> #REF! | B41: Particular | C41: S.T.I. Caja circular en tubería pvc-novafort de ø12" para válvula de purga. Incluye tapa en fibra de vidrio con manila sintética | D41: m | E41: 1 | F41: =+E41*$F$8 -> 42 | G41: 1 | H41: =+G41*$H$8 -> 2 | I41: 1 | J41: =+I41*$J$8 -> 0 | K41: 1 | L41: =+K41*$L$8 -> 0 | M41: 1 | N41: =+M41*$N$8 -> 0 | O41: 1 | P41: =+O41*$P$8 -> 0 | Q41: 1 | R41: =+Q41*$R$8 -> 0 | S41: 1 | T41: =+S41*$T$8 -> 0 | U41: =+F41+H41+J41+L41+N41+P41+R41+T41 -> 44 | V41: =+ROUND(U41,1) -> 44 | W41: =+'A.P.U. 2023'!F334 -> 142948.34 | X41: =+'A.P.U. 2023'!G334 -> 167718.71 | Y41: =V41*W41 -> 6289727.1 | Z41: =V41*X41 -> 7379623.1 | AA41: =+'A.P.U. 2023'!G327 -> 62467.126 | AB41: =+AA41*V41 -> 2748553.6 | AC41: =+'A.P.U. 2023'!G328 -> 92673.56 | AD41: =+AC41*V41 -> 4077636.6 | AE41: =+'A.P.U. 2023'!G329 -> 1386.3319 | AF41: =+AE41*V41 -> 60998.603 | AG41: =+'A.P.U. 2023'!G330+'A.P.U. 2023'!G331 -> 11191.688 | AH41: =+AG41*V41 -> 492434.25 | AI41: =+AB41+AD41+AF41+AH41 -> 7379623.1 | AJ41: ='A.P.U. 2023'!L327 -> 1089895.9
A42: =+A41+1 -> #REF! | B42: NTC 1500 | C42: S.T.I. Tubería PE C40 de ø2" con resistencia mínima de 110 psi, para descarga de efluente | D42: m | E42: =+'FICHAS '!AQ57 -> 45 | F42: =+E42*$F$9 -> 45 | G42: =+'FICHAS '!AR57 -> 50 | H42: =G42*H9 -> 50 | U42: =+F42+H42+J42+L42+N42+P42+R42+T42 -> 95 | V42: =+ROUND(U42,1) -> 95 | W42: =+'A.P.U. 2023'!F342 -> 9118.5043 | X42: =+'A.P.U. 2023'!G342 -> 10168.147 | Y42: =V42*W42 -> 866257.91 | Z42: =V42*X42 -> 965974.01 | AA42: =+'A.P.U. 2023'!G337 -> 6574.0803 | AB42: =+AA42*V42 -> 624537.63 | AC42: 0 | AD42: =+AC42*V42 -> 0 | AE42: =+'A.P.U. 2023'!G338 -> 92.422125 | AF42: =+AE42*V42 -> 8780.1019 | AG42: =+'A.P.U. 2023'!G339+'A.P.U. 2023'!G340 -> 3501.645 | AH42: =+AG42*V42 -> 332656.28 | AI42: =+AB42+AD42+AF42+AH42 -> 965974.01 | AJ42: =+'A.P.U. 2023'!L337 -> 99716.092
A43: =+A42+1 -> #REF! | B43: NTC 1500 | C43: S.T.I. Tubería pe c40 de ø3" con resistencia mínima de 80 psi, para descarga de efluente | D43: m | I43: =+'FICHAS '!AS57 -> 0 | J43: =+J9*I43 -> 0 | K43: =+'FICHAS '!AT57 -> 0 | L43: =+L9*K43 -> 0 | M43: =+'FICHAS '!AU57 -> 0 | N43: =+N9*M43 -> 0 | O43: =+'FICHAS '!AV57 -> 0 | P43: =+P9*O43 -> 0 | Q43: =+'FICHAS '!AW57 -> 0 | R43: =+R9*Q43 -> 0 | S43: =+'FICHAS '!AX57 -> 0 | T43: =+T9*S43 -> 0 | U43: =+F43+H43+J43+L43+N43+P43+R43+T43 -> 0 | V43: =+ROUND(U43,1) -> 0 | W43: =+'A.P.U. 2023'!F350 -> 18387.721 | X43: =+'A.P.U. 2023'!G350 -> 20533.203 | Y43: =V43*W43 -> 0 | Z43: =V43*X43 -> 0 | AA43: =+'A.P.U. 2023'!G345 -> 13437.491 | AB43: =+AA43*V43 -> 0 | AC43: 0 | AD43: =+AC43*V43 -> 0 | AE43: =+'A.P.U. 2023'!G346 -> 92.422125 | AF43: =+AE43*V43 -> 0 | AG43: =+'A.P.U. 2023'!G347+'A.P.U. 2023'!G348 -> 7003.29 | AH43: =+AG43*V43 -> 0 | AI43: =+AB43+AD43+AF43+AH43 -> 0 | AJ43: =+'A.P.U. 2023'!L345 -> 0
A44: =+A42+1 -> #REF! | B44: Particular | C44: S.T.I. Accesorios ø2" (50mm) para empalme de tubería pvc-s y polietileno (pe - c40) | D44: un | E44: 1 | F44: =+E44*$F$9 -> 1 | G44: 1 | H44: =+G44*$H$9 -> 1 | U44: =+F44+H44+J44+L44+N44+P44+R44+T44 -> 2 | V44: =+ROUND(U44,1) -> 2 | W44: =+'A.P.U. 2023'!F360 -> 3867455.5 | X44: =+'A.P.U. 2023'!G360 -> 40250.372 | Y44: =V44*W44 -> 7734911 | Z44: =V44*X44 -> 80500.743 | AA44: =+'A.P.U. 2023'!G353+'A.P.U. 2023'!G354 -> 30489.641 | AB44: =+AA44*V44 -> 60979.282 | AC44: =+'A.P.U. 2023'!G356 -> 5117.7 | AD44: =+AC44*V44 -> 10235.4 | AE44: =+'A.P.U. 2023'!G355 -> 166.35983 | AF44: =+AE44*V44 -> 332.71965 | AG44: =+'A.P.U. 2023'!G357+'A.P.U. 2023'!G358 -> 4476.6705 | AH44: =+AG44*V44 -> 8953.341 | AI44: =+AB44+AD44+AF44+AH44 -> 80500.743 | AJ44: =+'A.P.U. 2023'!L353 -> 11370.411
A45: =+A44+1 -> #REF! | B45: Particular | C45: S.T.I. Accesorios ø3" (75mm) para empalme de tubería pvc-s y polietileno (pe - c40) | D45: un | I45: 1 | J45: =+I45*J9 -> 0 | K45: 1 | L45: =+K45*$L$9 -> 0 | M45: 1 | N45: =+M45*$N$9 -> 0 | O45: 1 | P45: =+O45*$P$9 -> 0 | Q45: 1 | R45: =+Q45*$R$9 -> 0 | S45: 1 | T45: =+S45*$T$9 -> 0 | U45: =+F45+H45+J45+L45+N45+P45+R45+T45 -> 0 | V45: =+ROUND(U45,1) -> 0 | W45: =+'A.P.U. 2023'!F370 -> 67782.572 | X45: =+'A.P.U. 2023'!G370 -> 79608.97 | Y45: =V45*W45 -> 0 | Z45: =V45*X45 -> 0 | AA45: =+'A.P.U. 2023'!G363+'A.P.U. 2023'!G364 -> 67247 | AB45: =+AA45*V45 -> 0 | AC45: =+'A.P.U. 2023'!G366 -> 6823.6 | AD45: =+AC45*V45 -> 0 | AE45: =+'A.P.U. 2023'!G365 -> 166.35983 | AF45: =+AE45*V45 -> 0 | AG45: =+'A.P.U. 2023'!G367+'A.P.U. 2023'!G368 -> 5372.01 | AH45: =+AG45*V45 -> 0 | AI45: =+AB45+AD45+AF45+AH45 -> 0 | AJ45: =+'A.P.U. 2023'!L363 -> 0
A46: =+A45+1 -> #REF! | B46: Particular | C46: S.T.I. ACCESORIOS Ø3" (75mm) PARA TUBERÍA DE EXTRACCIÓN DE LODOS EN TANQUES EN TERRERO PLANO OJO SE HACE MANUAL | D46: un | E46: 0 | F46: =+E46*$F$9 -> 0 | G46: 0 | H46: =+G46*$F$9 -> 0 | I46: 0 | J46: =+I46*$F$9 -> 0 | K46: 0 | L46: =+K46*$F$9 -> 0 | M46: 0 | N46: =+M46*$F$9 -> 0 | O46: 0 | P46: =+O46*$F$9 -> 0 | Q46: 0 | R46: =+Q46*$F$9 -> 0 | S46: 0 | T46: =+S46*$F$9 -> 0 | U46: =+F46+H46+J46+L46+N46+P46+R46+T46 -> 0 | V46: =+ROUND(U46,1) -> 0 | W46: =+'A.P.U. 2023'!F380 -> 40284.504 | X46: =+'A.P.U. 2023'!G380 -> 46886.27 | Y46: =V46*W46 -> 0 | Z46: =V46*X46 -> 0 | AA46: =+'A.P.U. 2023'!G373 -> 23715.3 | AB46: =+AA46*V46 -> 0 | AC46: =+'A.P.U. 2023'!G374+'A.P.U. 2023'!G376 -> 17632.6 | AD46: =+AC46*V46 -> 0 | AE46: =+'A.P.U. 2023'!G375 -> 166.35983 | AF46: =+AE46*V46 -> 0 | AG46: =+'A.P.U. 2023'!G377+'A.P.U. 2023'!G378 -> 5372.01 | AH46: =+AG46*V46 -> 0 | AI46: =+AB46+AD46+AF46+AH46 -> 0 | AJ46: =+'A.P.U. 2023'!L373 -> 0
A47: =+A44+1 -> #REF! | C47: Pozo de absorción: | AI47: =+AB47+AD47+AF47+AH47 -> 0
A48: =+A47+0.1 -> #REF! | B48: NEGC 201 | C48: Excavación manual en material común hasta 4 m de profundidad, bajo cualquier grado de humedad | D48: m3 | E48: =0.1*10 -> 1 | F48: =+E48*$F$10 -> 41 | G48: =0.1*15 -> 1.5 | H48: =+G48*$H$10 -> 1.5 | I48: =0.1*20 -> 2 | J48: =+I48*$J$10 -> 0 | K48: =0.1*30 -> 3 | L48: =+K48*$L$10 -> 0 | M48: =0.1*40 -> 4 | N48: =+M48*$N$10 -> 0 | O48: =0.1*50 -> 5 | P48: =+O48*$P$10 -> 0 | Q48: =0.1*70 -> 7 | R48: =+Q48*$R$10 -> 0 | S48: =0.1*90 -> 9 | T48: =+S48*$T$10 -> 0 | U48: =+F48+H48+J48+L48+N48+P48+R48+T48 -> 42.5 | V48: =+ROUND(U48,1) -> 42.5 | W48: =+'A.P.U. 2023'!F9 -> 28013.16 | X48: =+'A.P.U. 2023'!G9 -> 28013.16 | Y48: =V48*W48 -> 1190559.3 | Z48: =V48*X48 -> 1190559.3 | AB48: =+AA48*V48 -> 0 | AD48: =+AC48*V48 -> 0 | AF48: =+AE48*V48 -> 0 | AG48: =+'A.P.U. 2023'!G9 -> 28013.16 | AH48: =+AG48*V48 -> 1190559.3 | AI48: =+AB48+AD48+AF48+AH48 -> 1190559.3
A49: =+A48+0.1 -> #REF! | B49: NEGC 207 | C49: Regada de material proveniente de la excavación y conformación del terreno | D49: m3 | E49: =+E48 -> 1 | F49: =+E49*$F$10 -> 41 | G49: =+G48 -> 1.5 | H49: =+G49*$H$10 -> 1.5 | I49: =+I48 -> 2 | J49: =+I49*$J$10 -> 0 | K49: =+K48 -> 3 | L49: =+K49*$L$10 -> 0 | M49: =+M48 -> 4 | N49: =+M49*$N$10 -> 0 | O49: =+O48 -> 5 | P49: =+O49*$P$10 -> 0 | Q49: =+Q48 -> 7 | R49: =+Q49*$P$10 -> 0 | S49: =+S48 -> 9 | T49: =+S49*$P$10 -> 0 | U49: =+F49+H49+J49+L49+N49+P49+R49+T49 -> 42.5 | V49: =+ROUND(U49,1) -> 42.5 | W49: =+'A.P.U. 2023'!F29 -> 2801.316 | X49: =+'A.P.U. 2023'!G29 -> 2801.316 | Y49: =V49*W49 -> 119055.93 | Z49: =V49*X49 -> 119055.93 | AB49: =+AA49*V49 -> 0 | AD49: =+AC49*V49 -> 0 | AF49: =+AE49*V49 -> 0 | AG49: =+'A.P.U. 2023'!G26+'A.P.U. 2023'!G27 -> 2801.316 | AH49: =+AG49*V49 -> 119055.93 | AI49: =+AB49+AD49+AF49+AH49 -> 119055.93
A50: =+A49+0.1 -> #REF! | B50: NTC 1600 | C50: S.T.I. Geotextil NT referencia 1600 | D50: m2 | E50: =1.4*1.5 -> 2.1 | F50: =+E50*$F$10 -> 86.1 | G50: =1.7*1.5 -> 2.55 | H50: =+G50*$H$10 -> 2.55 | I50: =1.8*1.5 -> 2.7 | J50: =+I50*$J$10 -> 0 | K50: =2*1.5 -> 3 | L50: =+K50*$L$10 -> 0 | M50: =2.2*1.5 -> 3.3 | N50: =+M50*$N$10 -> 0 | O50: =2.4*1.5 -> 3.6 | P50: =+O50*$P$10 -> 0 | Q50: =2.6*1.5 -> 3.9 | R50: =+Q50*$R$10 -> 0 | S50: =2.8*1.5 -> 4.2 | T50: =+S50*$T$10 -> 0 | U50: =+F50+H50+J50+L50+N50+P50+R50+T50 -> 88.65 | V50: =+ROUND(U50,1) -> 88.7 | W50: =+'A.P.U. 2023'!F388 -> 12869.238 | X50: =+'A.P.U. 2023'!G388 -> 13862.242 | Y50: =V50*W50 -> 1141501.4 | Z50: =V50*X50 -> 1229580.8 | AA50: =+'A.P.U. 2023'!G383 -> 6219.3376 | AB50: =+AA50*V50 -> 551655.25 | AE50: =+'A.P.U. 2023'!G384 -> 831.79913 | AF50: =+AE50*V50 -> 73780.582 | AG50: =+'A.P.U. 2023'!G385+'A.P.U. 2023'!G386 -> 6811.105 | AH50: =+AG50*V50 -> 604145.01 | AI50: =+AB50+AD50+AF50+AH50 -> 1229580.8 | AJ50: =+'A.P.U. 2023'!L383 -> 88079.409
A51: =+A50+0.1 -> #REF! | B51: Particular | C51: S.T.I. Cajas plásticas de gaseosa recicladas de 0,41mx0,34mx0,25m como medio de soporte | D51: un | E51: 27 | F51: =+E51*$F$10 -> 1107 | G51: 27 | H51: =+G51*$H$10 -> 27 | I51: 27 | J51: =+I51*$J$10 -> 0 | K51: =16*3 -> 48 | L51: =+K51*$L$10 -> 0 | M51: =25*3 -> 75 | N51: =+M51*$N$10 -> 0 | O51: =36*3 -> 108 | P51: =+O51*$P$10 -> 0 | Q51: =49*3 -> 147 | R51: =+Q51*$R$10 -> 0 | S51: =64*3 -> 192 | T51: =+S51*$T$10 -> 0 | U51: =+F51+H51+J51+L51+N51+P51+R51+T51 -> 1134 | V51: =+ROUND(U51,1) -> 1134 | W51: =+'A.P.U. 2023'!F396 -> 12495.194 | X51: =+'A.P.U. 2023'!G396 -> 14337.434 | Y51: =V51*W51 -> 14169550 | Z51: =V51*X51 -> 16258650 | AA51: =+'A.P.U. 2023'!G391 -> 11538.24 | AB51: =+AA51*V51 -> 13084364 | AE51: =+'A.P.U. 2023'!G392 -> 205.3825 | AF51: =+AE51*V51 -> 232903.76 | AG51: =+'A.P.U. 2023'!G393+'A.P.U. 2023'!G394 -> 2593.8111 | AH51: =+AG51*V51 -> 2941381.8 | AI51: =+AB51+AD51+AF51+AH51 -> 16258650 | AJ51: ='A.P.U. 2023'!L393 -> 2089100.2
A52: =+A51+0.1 -> #REF! | B52: Particular | C52: S.T.I. Tubería perforada para pozo de infiltración, (incluye accesorios) PVC-S Ø2" | D52: m | E52: 3 | F52: =+E52*$F$10 -> 123 | G52: 3.2 | H52: =+G52*$H$10 -> 3.2 | I52: 3.4 | J52: =+I52*$J$10 -> 0 | K52: 3.6 | L52: =+K52*$L$10 -> 0 | M52: 3.8 | N52: =+M52*$N$10 -> 0 | O52: 4 | P52: =+O52*$P$10 -> 0 | Q52: 4.2 | R52: =+Q52*$R$10 -> 0 | S52: 4.2 | T52: =+S52*$T$10 -> 0 | U52: =+F52+H52+J52+L52+N52+P52+R52+T52 -> 126.2 | V52: =+ROUND(U52,1) -> 126.2 | W52: =+'A.P.U. 2023'!F407 -> 95591.129 | X52: =+'A.P.U. 2023'!G407 -> 112283.9 | Y52: =V52*W52 -> 12063600 | Z52: =V52*X52 -> 14170229 | AA52: =+'A.P.U. 2023'!G399 -> 15882.727 | AB52: =+AA52*V52 -> 2004400.1 | AC52: =+'A.P.U. 2023'!G402+'A.P.U. 2023'!G403+'A.P.U. 2023'!G404 -> 88666.756 | AD52: =+AC52*V52 -> 11189745 | AE52: =+'A.P.U. 2023'!G400 -> 166.52635 | AF52: =+AE52*V52 -> 21015.626 | AG52: =+'A.P.U. 2023'!G401+'A.P.U. 2023'!G405 -> 7567.8944 | AH52: =+AG52*V52 -> 955068.28 | AI52: =+AB52+AD52+AF52+AH52 -> 14170229 | AJ52: =+'A.P.U. 2023'!L399 -> 2106628.1
A53: =+A52+0.1 -> #REF! | B53: Particular | C53: S.T.I. Pntura epóxica para protección de tuberia expuesta | D53: gal | E53: 1 | F53: 1 | U53: =+F53+H53+J53+L53+N53+P53+R53+T53 -> 1 | V53: =+ROUND(U53,1) -> 1 | W53: =+'A.P.U. 2023'!F415 -> 179142.69 | X53: =+'A.P.U. 2023'!G415 -> 212655.34 | Y53: =V53*W53 -> 179142.69 | Z53: =V53*X53 -> 212655.34 | AA53: =+'A.P.U. 2023'!G410 -> 209895 | AB53: =+AA53*V53 -> 209895 | AD53: =+AC53*V53 -> 0 | AE53: =+'A.P.U. 2023'!G411 -> 166.52635 | AF53: =+AE53*V53 -> 166.52635 | AG53: =+'A.P.U. 2023'!G413+'A.P.U. 2023'!G412 -> 2593.8111 | AH53: =+AG53*V53 -> 2593.8111 | AI53: =+AB53+AD53+AF53+AH53 -> 212655.34 | AJ53: ='A.P.U. 2023'!L412 -> 33512.647
A54: COSTO DIRECTO TOTAL | Y54: =SUM(Y12:Y53) -> 3.0918688e+08 | Z54: =SUM(Z12:Z53) -> 3.4417403e+08 | AA54: =SUM(AA12:AA53) -> 1.1737803e+08 | AB54: =SUM(AB12:AB53) -> 2.3120379e+08 | AC54: =SUM(AC11:AC53) -> 1879805.9 | AD54: =SUM(AD12:AD53) -> 38616128 | AE54: =SUM(AE11:AE53) -> 2092837.1 | AF54: =SUM(AF12:AF53) -> 16004637 | AH54: =SUM(AH12:AH53) -> 61027351 | AI54: =SUM(AI12:AI53) -> 3.4423489e+08 | AJ54: =ROUND((SUM(AJ16:AJ53)),0) -> 42562750
C56: COSTO DIRECTO | D56: =Z54 -> 3.4417403e+08 | AB56: =AB54+AD54+AF54 -> 2.8582456e+08
C57: AU(25%) | D57: =D56*0.25 -> 86043508 | AB57: =AB56-AF54 -> 2.6981992e+08
C58: INTERVENTORIA | AK58: TOMADO DE 190-MEM2301-323 | AL58: SMMMLV 2023 | AM58: 1160000
B59: CORANTIOQUIA | C59: COSTO TOTAL INCLUIDO IVA | D59: =D56+D57+D58 -> 4.3021754e+08 | AK59: TARIFAS PERMISO DE VERTIMIENTOS 2023
B60: COFINANCIA | C60: IVA | D60: =AJ54 -> 42562750 | AK60: Valor proyecto | AL60: Tarifa 2023 | AM60: Tope
B61: =+AB17+#REF!+AB21+AB41+AD17+#REF!+AD19+AD20+AD39+AF17+#REF!+AF19+AF20+AF39+AF41 -> #REF! | AK61: Menores a 25 SMMV | AL61: 136000 | AM61: =$AM$58*25 -> 29000000
AK62: Igual o superior a 25 SMMV e inferior a 35 SMMV | AL62: 191000 | AM62: =AM58*35 -> 40600000
B63: MPIO | AK63: Igual o superior a 35 SMMV e inferior a 50 SMMV | AL63: 273000 | AM63: =AM58*50 -> 58000000
B64: =+AB16+AB42+AB50+AD16+AD44+AD51+AF16+AF42+AF44+AF50+AF51+AH54 -> 73034589 | AK64: Igual o superior a 50 SMMV e inferior a 70 SMMV | AL64: 382000 | AM64: =AM58*70 -> 81200000
AK65: Igual o superior a 70 SMMV e inferior a 100 SMMV | AL65: 546000 | AM65: =AM58*100 -> 116000000
AK66: Igual o superior a 100 SMMV e inferior a 200 SMMV | AL66: 1093000 | AM66: =AM58*200 -> 232000000
AK67: Igual o superior a 200 SMMV e inferior a 300 SMMV | AL67: 1640000 | AM67: =AM58*300 -> 348000000
AD68: TOTAL | AK68: Igual o superior a 300 SMMV e inferior a 400 SMMV | AL68: 2188000 | AM68: =AM58*400 -> 464000000
AC69: Suministros sistema, tuberías y accesorios | AD69: =AB54+AD54 -> 2.6981992e+08 | AK69: Igual o superior a 400 SMMV e inferior a 500 SMMV | AL69: 2735000 | AM69: =AM58*500 -> 580000000
AC70: Transporte sistema, tuberías y accesorios | AD70: =AF54 -> 16004637 | AK70: Igual o superior a 500 SMMV e inferior a 700 SMMV | AL70: 3828000 | AM70: =AM58*700 -> 812000000
AC71: Mano de obra | AD71: =AH54 -> 61027351 | AK71: Igual o superior a 700 SMMV e inferior a 900 SMMV | AL71: 4923000 | AM71: =AM58*900 -> 1044000000
AD72: =SUM(AD69:AD71) -> 3.4685191e+08 | AE72: =PRESUPUESTO DE OBRA FÍSICA | AK72: Igual o superior a 900 SMMV e inferior a 1500 SMMV | AL72: 8205000 | AM72: =AM58*1500 -> 1740000000
AD73: =IF($AD$72<=AM61,AL61,IF(AND(AM61<$AD$72,$AD$72<=AM62),AL62,IF(AND(AM62<$AD$72,$AD$72<=AM63),AL63,IF(AND(AM63<$AD$72,$AD$72<=AM64),AL64,IF(AND(AM64<$AD$72,$AD$72<=AM65),AL65,IF(AND(AM65<$AD$72,$AD$72<=AM66),AL66,IF(AND(AM66<$AD$72,$AD$72<=AM67),AL67,IF(AND(AM67<$AD$72,$AD$72<=AM68),AL68,IF(AND(AM68<$AD$72,$AD$72<=AM69),AL69,IF(AND(AM69<$AD$72,$AD$72<=AM70),AL70,IF(AND(AM70<$AD$72,$AD$72<=AM71),AL71,"REVISAR VALOR"))))))))))) -> 1640000 | AE73: Permiso de vertimiento | AK73: Igual o superior a 1500 SMMV e inferior a 2115 SMMV | AL73: 11569000 | AM73: =AM58*2115 -> 2453400000
AD74: =IF(AND(AM67<$AD$72,$AD$72<=AM68),AL68,IF(AND(AM68<$AD$72,$AD$72<=AM69),AL69,IF(AND(AM69<$AD$72,$AD$72<=AM70),AL70,IF(AND(AM70<$AD$72,$AD$72<=AM71),AL71,IF(AND(AM71<$AD$72,$AD$72<=AM72),AL72,IF(AND(AM72<$AD$72,$AD$72<=AM73),AL73,"REVISAR VALOR")))))) -> REVISAR VALOR

Sheet FICHAS 
A1: LISTADO DE USUARIOS BENEFICIARIOS SEGÚN LA INFORMACIÓN REPORTADA EN LAS "FICHAS DE ASIGNACIÓN Y UBICACIÓN DE TANQUES SÉPTICOS" - (AUNAR ESFUERZOS AUNAR ESFUERZOS PARA CONTRIBUÍR AL SANEAMIENTO HÍDRICO RURAL EN MUNICIPIOS DE LA JURISDICCIÓN DE CORANTIQOUIA 2018)
P2: OCULTAR
A3: FICHA No. | B3: Usuario | C3: Municipio | D3: Vereda / Resguardo Indígena | E3: No. de viviendas beneficiadas | F3: No personas atendidas | G3: Fuente Hídrica mas cercana | H3: Vivienda? SI/NO | I3: Distancia Horizontal Vivienda - T. Séptico+trampa de grasa (m) | J3: Distancia Horizontal Trampa de grasa al postratamiento (m) | K3: Distancia Horizontal T.Séptico-Sitio descarga (m) | L3: Disposición Efluente en Pozo de Absorción | M3: SITIIO DE DESCARGA | N3: Distancia Municipio - Vereda (Km) | P3: CAPACIDAD DE LOS SISTEMAS SEGÚN POBLACIÓN (P) | Y3: Distancia Horizontal Vivienda al tanque séptico+trampa de grasa Vivienda - T. Séptico (m) | AH3: Distancia HorizontaTrampa de grasa al postratamiento (m) | AQ3: Distancia Horizontal T. Séptico - Fuente (m) | AZ3: Distancia Horizontal T. Séptico - Pozo de Absorcion (m) | BJ3: Futuro Sitio de descarga | BL3: DISPOSICIÓN EFLUENTE | BU3: CAPACIDAD TRAMPA DE GRASAS PARA VIVIENDAS | BW3: CAPACIDAD TRAMPA DE GRASAS PARA MULTIUSOS
P4: 3≤ 9 PERS. | Q4: 10≤P≤15 | R4: 16<P≤20 | S4: 21<P≤30 | T4: 31<P≤40 | U4: 41<P≤50 | V4: 51<P≤70 | W4: 71<P≤90 | Y4: 3≤ 9 PERS. | Z4: 10<P≤15 | AA4: 16<P≤20 | AB4: 21<P≤30 | AC4: 31<P≤40 | AD4: 41<P≤50 | AE4: 51<P≤70 | AF4: 71<P≤90 | AH4: 3≤ 9 PERS. | AI4: 10<P≤15 | AJ4: 16<P≤20 | AK4: 21<P≤30 | AL4: 31<P≤40 | AM4: 41<P≤50 | AN4: 51<P≤70 | AO4: 71<P≤90 | AQ4: 3≤ 9 PERS. | AR4: 10<P≤15 | AS4: 16<P≤20 | AT4: 21<P≤30 | AU4: 31<P≤40 | AV4: 41<P≤50 | AW4: 51<P≤70 | AX4: 71<P≤90 | AZ4: 3≤ 9 PERS. | BA4: 10<P≤15 | BB4: 16<P≤20 | BC4: 21<P≤30 | BD4: 31<P≤40 | BE4: 41<P≤50 | BF4: 51<P≤70 | BG4: 71<P≤90 | BL4: 3≤ 9 PERS. | BM4: 10<P≤15 | BN4: 16<P≤20 | BO4: 21<P≤30 | BP4: 31<P≤40 | BQ4: 41<P≤50 | BR4: 51<P≤70 | BS4: 71<P≤90 | BU4: 3≤ 9 PERS. | BW4: 3≤ 9 PERS. | BX4: 10<P≤15 | BY4: 16<P≤20 | BZ4: 21<P≤30 | CA4: 31<P≤40 | CB4: 41<P≤50 | CC4: 51<P≤70 | CD4: 71<P≤90
P5: 1500-1800 | Q5: 2300-2500 | R5: 3000-3300 | S5: 4500-5000 | T5: 6000-6500 | U5: 7500-8000 | V5: 10000-12000 | W5: >12500 | Y5: 1500-1800 | Z5: 2300-2500 | AA5: 3000-3300 | AB5: 4500-5000 | AC5: 6000-6500 | AD5: 7500-8000 | AE5: 10000-12000 | AF5: >12500 | AH5: 1500-1800 | AI5: 2300-2500 | AJ5: 3000-3300 | AK5: 4500-5000 | AL5: 6000-6500 | AM5: 7500-8000 | AN5: 10000-12000 | AO5: >12500 | AQ5: 1500-1800 | AR5: 2300-2500 | AS5: 3000-3300 | AT5: 4500-5000 | AU5: 6000-6500 | AV5: 7500-8000 | AW5: 10000-12000 | AX5: >12500 | AZ5: 1500-1800 | BA5: 2300-2500 | BB5: 3000-3300 | BC5: 4500-5000 | BD5: 6000-6500 | BE5: 7500-8000 | BF5: 10000-12000 | BG5: >12500 | BJ5: F = Fuente P = Pozo | BL5: 1500-1800 | BM5: 2300-2500 | BN5: 3000-3300 | BO5: 4500-5000 | BP5: 6000-6500 | BQ5: 7500-8000 | BR5: 10000-12000 | BS5: >12500 | BU5: 1500-1800 | BW5: 1500-1800 | BX5: 2300-2500 | BY5: 3000-3300 | BZ5: 4500-5000 | CA5: 6000-6500 | CB5: 7500-8000 | CC5: 10000-12000 | CD5: >12500
A6: 1 | B6: Salmon de Jesus Santana Garces | C6: Santa Fe de Antioquia | D6: El Tunal | E6: 1 | F6: 5 | G6: Ninguna | H6: SI | I6: 20 | J6: 20 | K6: 4 | L6: SI | M6: Suelo | N6: 6 | P6: =IF(F6<=9,IF(F6>=1,"X",""),"") -> X | Q6: =IF(F6>=10,IF(F6<=15,"X",""),"") | R6: =IF(F6>15,IF(F6<=20,"X",""),"") | S6: =IF(F6>20,IF(F6<=30,"X",""),"") | T6: =IF(F6>30,IF(F6<=40,"X",""),"") | U6: =IF(F6>40,IF(F6<=50,"X",""),"") | V6: =IF(F6>50,IF(F6<=70,"X",""),"") | W6: =IF(F6>70,IF(F6<=100,"X",""),"") | Y6: =IF(P6="X",$I6,"") -> 20 | Z6: =IF(Q6="X",$I6,"") | AA6: =IF(R6="X",$I6,"") | AB6: =IF(S6="X",$I6,"") | AC6: =IF(T6="X",$I6,"") | AD6: =IF(U6="X",$I6,"") | AE6: =IF(V6="X",$I6,"") | AF6: =IF(W6="X",$I6,"") | AH6: =IF(P6="X",$J6,"") -> 20 | AI6: =IF(Q6="X",$J6,"") | AJ6: =IF(R6="X",$J6,"") | AK6: =IF(S6="X",$J6,"") | AL6: =IF(T6="X",$J6,"") | AM6: =IF(U6="X",$J6,"") | AN6: =IF(V6="X",$J6,"") | AO6: =IF(W6="X",$J6,"") | AQ6: =IF(AND(P6="X",$BJ6="F"),$K6,"") | AR6: =IF(AND(Q6="X",$BJ6="F"),$K6,"") | AS6: =IF(AND(R6="X",$BJ6="F"),$K6,"") | AT6: =IF(AND(S6="X",$BJ6="F"),$K6,"") | AU6: =IF(AND(T6="X",$BJ6="F"),$K6,"") | AV6: =IF(AND(U6="X",$BJ6="F"),$K6,"") | AW6: =IF(AND(V6="X",$BJ6="F"),$K6,"") | AX6: =IF(AND(W6="X",$BJ6="F"),$K6,"") | AZ6: =IF(AND(P6="X",$BJ6="P"),$K6,"") -> 4 | BA6: =IF(AND(Q6="X",$BJ6="P"),$K6,"") | BB6: =IF(AND(R6="X",$BJ6="P"),$K6,"") | BC6: =IF(AND(S6="X",$BJ6="P"),$K6,"") | BD6: =IF(AND(T6="X",$BJ6="P"),$K6,"") | BE6: =IF(AND(U6="X",$BJ6="P"),$K6,"") | BF6: =IF(AND(V6="X",$BJ6="P"),$K6,"") | BG6: =IF(AND(W6="X",$BJ6="P"),$K6,"") | BJ6: =IF(L6="","",IF(L6="SI","P","F")) -> P | BL6: =IF(P6="X",$BJ6,"") -> P | BM6: =IF(Q6="X",$BJ6,"") | BN6: =IF(R6="X",$BJ6,"") | BO6: =IF(S6="X",$BJ6,"") | BP6: =IF(T6="X",$BJ6,"") | BQ6: =IF(U6="X",$BJ6,"") | BR6: =IF(V6="X",$BJ6,"") | BS6: =IF(W6="X",$BJ6,"") | BU6: =IF(H6="SI",E6,"") -> 1 | BW6: =IF(H6="NO",IF(F6<=9,"X",""),"") | BX6: =IF(H6="NO",IF(F6>=10,IF(F6<=15,"X",""),"")) -> FALSE | BY6: =IF(H6="NO",IF(F6>=16,IF(F6<=20,"X",""),"")) -> FALSE | BZ6: =IF(H6="NO",IF(F6>=21,IF(F6<=30,"X",""),"")) -> FALSE | CA6: =IF(H6="NO",IF(F6>=31,IF(F6<=40,"X",""),"")) -> FALSE | CB6: =IF(H6="NO",IF(F6>=41,IF(F6<=50,"X",""),"")) -> FALSE | CC6: =IF(H6="NO",IF(F6>=51,IF(F6<=70,"X",""),"")) -> FALSE | CD6: =IF(H6="NO",IF(F6>=71,IF(F6<=90,"X",""),"")) -> FALSE
A7: 2 | B7: Jaime de Jesus Castrillon | C7: Santa Fe de Antioquia | D7: El Tunal | E7: 1 | F7: 3 | G7: Ninguna | H7: SI | I7: 20 | J7: 25 | K7: 4 | L7: SI | M7: Suelo | N7: 6 | P7: =IF(F7<=9,IF(F7>=1,"X",""),"") -> X | Q7: =IF(F7>=10,IF(F7<=15,"X",""),"") | R7: =IF(F7>15,IF(F7<=20,"X",""),"") | S7: =IF(F7>20,IF(F7<=30,"X",""),"") | T7: =IF(F7>30,IF(F7<=40,"X",""),"") | U7: =IF(F7>40,IF(F7<=50,"X",""),"") | V7: =IF(F7>50,IF(F7<=70,"X",""),"") | W7: =IF(F7>70,IF(F7<=100,"X",""),"") | Y7: =IF(P7="X",$I7,"") -> 20 | Z7: =IF(Q7="X",$I7,"") | AA7: =IF(R7="X",$I7,"") | AB7: =IF(S7="X",$I7,"") | AC7: =IF(T7="X",$I7,"") | AD7: =IF(U7="X",$I7,"") | AE7: =IF(V7="X",$I7,"") | AF7: =IF(W7="X",$I7,"") | AH7: =IF(P7="X",$J7,"") -> 25 | AI7: =IF(Q7="X",$J7,"") | AJ7: =IF(R7="X",$J7,"") | AK7: =IF(S7="X",$J7,"") | AL7: =IF(T7="X",$J7,"") | AM7: =IF(U7="X",$J7,"") | AN7: =IF(V7="X",$J7,"") | AO7: =IF(W7="X",$J7,"") | AQ7: =IF(AND(P7="X",$BJ7="F"),$K7,"") | AR7: =IF(AND(Q7="X",$BJ7="F"),$K7,"") | AS7: =IF(AND(R7="X",$BJ7="F"),$K7,"") | AT7: =IF(AND(S7="X",$BJ7="F"),$K7,"") | AU7: =IF(AND(T7="X",$BJ7="F"),$K7,"") | AV7: =IF(AND(U7="X",$BJ7="F"),$K7,"") | AW7: =IF(AND(V7="X",$BJ7="F"),$K7,"") | AX7: =IF(AND(W7="X",$BJ7="F"),$K7,"") | AZ7: =IF(AND(P7="X",$BJ7="P"),$K7,"") -> 4 | BA7: =IF(AND(Q7="X",$BJ7="P"),$K7,"") | BB7: =IF(AND(R7="X",$BJ7="P"),$K7,"") | BC7: =IF(AND(S7="X",$BJ7="P"),$K7,"") | BD7: =IF(AND(T7="X",$BJ7="P"),$K7,"") | BE7: =IF(AND(U7="X",$BJ7="P"),$K7,"") | BF7: =IF(AND(V7="X",$BJ7="P"),$K7,"") | BG7: =IF(AND(W7="X",$BJ7="P"),$K7,"") | BJ7: =IF(L7="","",IF(L7="SI","P","F")) -> P | BL7: =IF(P7="X",$BJ7,"") -> P | BM7: =IF(Q7="X",$BJ7,"") | BN7: =IF(R7="X",$BJ7,"") | BO7: =IF(S7="X",$BJ7,"") | BP7: =IF(T7="X",$BJ7,"") | BQ7: =IF(U7="X",$BJ7,"") | BR7: =IF(V7="X",$BJ7,"") | BS7: =IF(W7="X",$BJ7,"") | BU7: =IF(H7="SI",E7,"") -> 1 | BW7: =IF(H7="NO",IF(F7<=9,"X",""),"") | BX7: =IF(H7="NO",IF(F7>=10,IF(F7<=15,"X",""),"")) -> FALSE | BY7: =IF(H7="NO",IF(F7>=16,IF(F7<=20,"X",""),"")) -> FALSE | BZ7: =IF(H7="NO",IF(F7>=21,IF(F7<=30,"X",""),"")) -> FALSE | CA7: =IF(H7="NO",IF(F7>=31,IF(F7<=40,"X",""),"")) -> FALSE | CB7: =IF(H7="NO",IF(F7>=41,IF(F7<=50,"X",""),"")) -> FALSE | CC7: =IF(H7="NO",IF(F7>=51,IF(F7<=70,"X",""),"")) -> FALSE | CD7: =IF(H7="NO",IF(F7>=71,IF(F7<=90,"X",""),"")) -> FALSE
A8: 3 | B8: Edilberto Arango Restrepo | C8: Santa Fe de Antioquia | D8: El Tunal | E8: 1 | F8: 3 | G8: Ninguna | H8: SI | I8: 18 | J8: 24 | K8: 4 | L8: SI | M8: Suelo | N8: 6 | P8: =IF(F8<=9,IF(F8>=1,"X",""),"") -> X | Q8: =IF(F8>=10,IF(F8<=15,"X",""),"") | R8: =IF(F8>15,IF(F8<=20,"X",""),"") | S8: =IF(F8>20,IF(F8<=30,"X",""),"") | T8: =IF(F8>30,IF(F8<=40,"X",""),"") | U8: =IF(F8>40,IF(F8<=50,"X",""),"") | V8: =IF(F8>50,IF(F8<=70,"X",""),"") | W8: =IF(F8>70,IF(F8<=100,"X",""),"") | Y8: =IF(P8="X",$I8,"") -> 18 | Z8: =IF(Q8="X",$I8,"") | AA8: =IF(R8="X",$I8,"") | AB8: =IF(S8="X",$I8,"") | AC8: =IF(T8="X",$I8,"") | AD8: =IF(U8="X",$I8,"") | AE8: =IF(V8="X",$I8,"") | AF8: =IF(W8="X",$I8,"") | AH8: =IF(P8="X",$J8,"") -> 24 | AI8: =IF(Q8="X",$J8,"") | AJ8: =IF(R8="X",$J8,"") | AK8: =IF(S8="X",$J8,"") | AL8: =IF(T8="X",$J8,"") | AM8: =IF(U8="X",$J8,"") | AN8: =IF(V8="X",$J8,"") | AO8: =IF(W8="X",$J8,"") | AQ8: =IF(AND(P8="X",$BJ8="F"),$K8,"") | AR8: =IF(AND(Q8="X",$BJ8="F"),$K8,"") | AS8: =IF(AND(R8="X",$BJ8="F"),$K8,"") | AT8: =IF(AND(S8="X",$BJ8="F"),$K8,"") | AU8: =IF(AND(T8="X",$BJ8="F"),$K8,"") | AV8: =IF(AND(U8="X",$BJ8="F"),$K8,"") | AW8: =IF(AND(V8="X",$BJ8="F"),$K8,"") | AX8: =IF(AND(W8="X",$BJ8="F"),$K8,"") | AZ8: =IF(AND(P8="X",$BJ8="P"),$K8,"") -> 4 | BA8: =IF(AND(Q8="X",$BJ8="P"),$K8,"") | BB8: =IF(AND(R8="X",$BJ8="P"),$K8,"") | BC8: =IF(AND(S8="X",$BJ8="P"),$K8,"") | BD8: =IF(AND(T8="X",$BJ8="P"),$K8,"") | BE8: =IF(AND(U8="X",$BJ8="P"),$K8,"") | BF8: =IF(AND(V8="X",$BJ8="P"),$K8,"") | BG8: =IF(AND(W8="X",$BJ8="P"),$K8,"") | BJ8: =IF(L8="","",IF(L8="SI","P","F")) -> P | BL8: =IF(P8="X",$BJ8,"") -> P | BM8: =IF(Q8="X",$BJ8,"") | BN8: =IF(R8="X",$BJ8,"") | BO8: =IF(S8="X",$BJ8,"") | BP8: =IF(T8="X",$BJ8,"") | BQ8: =IF(U8="X",$BJ8,"") | BR8: =IF(V8="X",$BJ8,"") | BS8: =IF(W8="X",$BJ8,"") | BU8: =IF(H8="SI",E8,"") -> 1 | BW8: =IF(H8="NO",IF(F8<=9,"X",""),"") | BX8: =IF(H8="NO",IF(F8>=10,IF(F8<=15,"X",""),"")) -> FALSE | BY8: =IF(H8="NO",IF(F8>=16,IF(F8<=20,"X",""),"")) -> FALSE | BZ8: =IF(H8="NO",IF(F8>=21,IF(F8<=30,"X",""),"")) -> FALSE | CA8: =IF(H8="NO",IF(F8>=31,IF(F8<=40,"X",""),"")) -> FALSE | CB8: =IF(H8="NO",IF(F8>=41,IF(F8<=50,"X",""),"")) -> FALSE | CC8: =IF(H8="NO",IF(F8>=51,IF(F8<=70,"X",""),"")) -> FALSE | CD8: =IF(H8="NO",IF(F8>=71,IF(F8<=90,"X",""),"")) -> FALSE
A9: 4 | B9: Rosa Maria David de Marin | C9: Santa Fe de Antioquia | D9: El Tunal | E9: 1 | F9: 3 | G9: Ninguna | H9: SI | I9: 15 | J9: 24 | K9: 4 | L9: SI | M9: Suelo | N9: 6 | P9: =IF(F9<=9,IF(F9>=1,"X",""),"") -> X | Q9: =IF(F9>=10,IF(F9<=15,"X",""),"") | R9: =IF(F9>15,IF(F9<=20,"X",""),"") | S9: =IF(F9>20,IF(F9<=30,"X",""),"") | T9: =IF(F9>30,IF(F9<=40,"X",""),"") | U9: =IF(F9>40,IF(F9<=50,"X",""),"") | V9: =IF(F9>50,IF(F9<=70,"X",""),"") | W9: =IF(F9>70,IF(F9<=100,"X",""),"") | Y9: =IF(P9="X",$I9,"") -> 15 | Z9: =IF(Q9="X",$I9,"") | AA9: =IF(R9="X",$I9,"") | AB9: =IF(S9="X",$I9,"") | AC9: =IF(T9="X",$I9,"") | AD9: =IF(U9="X",$I9,"") | AE9: =IF(V9="X",$I9,"") | AF9: =IF(W9="X",$I9,"") | AH9: =IF(P9="X",$J9,"") -> 24 | AI9: =IF(Q9="X",$J9,"") | AJ9: =IF(R9="X",$J9,"") | AK9: =IF(S9="X",$J9,"") | AL9: =IF(T9="X",$J9,"") | AM9: =IF(U9="X",$J9,"") | AN9: =IF(V9="X",$J9,"") | AO9: =IF(W9="X",$J9,"") | AQ9: =IF(AND(P9="X",$BJ9="F"),$K9,"") | AR9: =IF(AND(Q9="X",$BJ9="F"),$K9,"") | AS9: =IF(AND(R9="X",$BJ9="F"),$K9,"") | AT9: =IF(AND(S9="X",$BJ9="F"),$K9,"") | AU9: =IF(AND(T9="X",$BJ9="F"),$K9,"") | AV9: =IF(AND(U9="X",$BJ9="F"),$K9,"") | AW9: =IF(AND(V9="X",$BJ9="F"),$K9,"") | AX9: =IF(AND(W9="X",$BJ9="F"),$K9,"") | AZ9: =IF(AND(P9="X",$BJ9="P"),$K9,"") -> 4 | BA9: =IF(AND(Q9="X",$BJ9="P"),$K9,"") | BB9: =IF(AND(R9="X",$BJ9="P"),$K9,"") | BC9: =IF(AND(S9="X",$BJ9="P"),$K9,"") | BD9: =IF(AND(T9="X",$BJ9="P"),$K9,"") | BE9: =IF(AND(U9="X",$BJ9="P"),$K9,"") | BF9: =IF(AND(V9="X",$BJ9="P"),$K9,"") | BG9: =IF(AND(W9="X",$BJ9="P"),$K9,"") | BJ9: =IF(L9="","",IF(L9="SI","P","F")) -> P | BL9: =IF(P9="X",$BJ9,"") -> P | BM9: =IF(Q9="X",$BJ9,"") | BN9: =IF(R9="X",$BJ9,"") | BO9: =IF(S9="X",$BJ9,"") | BP9: =IF(T9="X",$BJ9,"") | BQ9: =IF(U9="X",$BJ9,"") | BR9: =IF(V9="X",$BJ9,"") | BS9: =IF(W9="X",$BJ9,"") | BU9: =IF(H9="SI",E9,"") -> 1 | BW9: =IF(H9="NO",IF(F9<=9,"X",""),"") | BX9: =IF(H9="NO",IF(F9>=10,IF(F9<=15,"X",""),"")) -> FALSE | BY9: =IF(H9="NO",IF(F9>=16,IF(F9<=20,"X",""),"")) -> FALSE | BZ9: =IF(H9="NO",IF(F9>=21,IF(F9<=30,"X",""),"")) -> FALSE | CA9: =IF(H9="NO",IF(F9>=31,IF(F9<=40,"X",""),"")) -> FALSE | CB9: =IF(H9="NO",IF(F9>=41,IF(F9<=50,"X",""),"")) -> FALSE | CC9: =IF(H9="NO",IF(F9>=51,IF(F9<=70,"X",""),"")) -> FALSE | CD9: =IF(H9="NO",IF(F9>=71,IF(F9<=90,"X",""),"")) -> FALSE
A10: 5 | B10: Piedad de Jesus Urrego Padierna | C10: Santa Fe de Antioquia | D10: El Tunal | E10: 1 | F10: 3 | G10: Ninguna | H10: SI | I10: 14 | J10: 14 | K10: 4 | L10: SI | M10: Suelo | N10: 6 | P10: =IF(F10<=9,IF(F10>=1,"X",""),"") -> X | Q10: =IF(F10>=10,IF(F10<=15,"X",""),"") | R10: =IF(F10>15,IF(F10<=20,"X",""),"") | S10: =IF(F10>20,IF(F10<=30,"X",""),"") | T10: =IF(F10>30,IF(F10<=40,"X",""),"") | U10: =IF(F10>40,IF(F10<=50,"X",""),"") | V10: =IF(F10>50,IF(F10<=70,"X",""),"") | W10: =IF(F10>70,IF(F10<=100,"X",""),"") | Y10: =IF(P10="X",$I10,"") -> 14 | Z10: =IF(Q10="X",$I10,"") | AA10: =IF(R10="X",$I10,"") | AB10: =IF(S10="X",$I10,"") | AC10: =IF(T10="X",$I10,"") | AD10: =IF(U10="X",$I10,"") | AE10: =IF(V10="X",$I10,"") | AF10: =IF(W10="X",$I10,"") | AH10: =IF(P10="X",$J10,"") -> 14 | AI10: =IF(Q10="X",$J10,"") | AJ10: =IF(R10="X",$J10,"") | AK10: =IF(S10="X",$J10,"") | AL10: =IF(T10="X",$J10,"") | AM10: =IF(U10="X",$J10,"") | AN10: =IF(V10="X",$J10,"") | AO10: =IF(W10="X",$J10,"") | AQ10: =IF(AND(P10="X",$BJ10="F"),$K10,"") | AR10: =IF(AND(Q10="X",$BJ10="F"),$K10,"") | AS10: =IF(AND(R10="X",$BJ10="F"),$K10,"") | AT10: =IF(AND(S10="X",$BJ10="F"),$K10,"") | AU10: =IF(AND(T10="X",$BJ10="F"),$K10,"") | AV10: =IF(AND(U10="X",$BJ10="F"),$K10,"") | AW10: =IF(AND(V10="X",$BJ10="F"),$K10,"") | AX10: =IF(AND(W10="X",$BJ10="F"),$K10,"") | AZ10: =IF(AND(P10="X",$BJ10="P"),$K10,"") -> 4 | BA10: =IF(AND(Q10="X",$BJ10="P"),$K10,"") | BB10: =IF(AND(R10="X",$BJ10="P"),$K10,"") | BC10: =IF(AND(S10="X",$BJ10="P"),$K10,"") | BD10: =IF(AND(T10="X",$BJ10="P"),$K10,"") | BE10: =IF(AND(U10="X",$BJ10="P"),$K10,"") | BF10: =IF(AND(V10="X",$BJ10="P"),$K10,"") | BG10: =IF(AND(W10="X",$BJ10="P"),$K10,"") | BJ10: =IF(L10="","",IF(L10="SI","P","F")) -> P | BL10: =IF(P10="X",$BJ10,"") -> P | BM10: =IF(Q10="X",$BJ10,"") | BN10: =IF(R10="X",$BJ10,"") | BO10: =IF(S10="X",$BJ10,"") | BP10: =IF(T10="X",$BJ10,"") | BQ10: =IF(U10="X",$BJ10,"") | BR10: =IF(V10="X",$BJ10,"") | BS10: =IF(W10="X",$BJ10,"") | BU10: =IF(H10="SI",E10,"") -> 1 | BW10: =IF(H10="NO",IF(F10<=9,"X",""),"") | BX10: =IF(H10="NO",IF(F10>=10,IF(F10<=15,"X",""),"")) -> FALSE | BY10: =IF(H10="NO",IF(F10>=16,IF(F10<=20,"X",""),"")) -> FALSE | BZ10: =IF(H10="NO",IF(F10>=21,IF(F10<=30,"X",""),"")) -> FALSE | CA10: =IF(H10="NO",IF(F10>=31,IF(F10<=40,"X",""),"")) -> FALSE | CB10: =IF(H10="NO",IF(F10>=41,IF(F10<=50,"X",""),"")) -> FALSE | CC10: =IF(H10="NO",IF(F10>=51,IF(F10<=70,"X",""),"")) -> FALSE | CD10: =IF(H10="NO",IF(F10>=71,IF(F10<=90,"X",""),"")) -> FALSE
A11: 6 | B11: Niria del Carmen Graciano | C11: Santa Fe de Antioquia | D11: El Tunal | E11: 1 | F11: 3 | G11: Ninguna | H11: SI | I11: 15 | J11: 15 | K11: 4 | L11: SI | M11: Suelo | N11: 6 | P11: =IF(F11<=9,IF(F11>=1,"X",""),"") -> X | Q11: =IF(F11>=10,IF(F11<=15,"X",""),"") | R11: =IF(F11>15,IF(F11<=20,"X",""),"") | S11: =IF(F11>20,IF(F11<=30,"X",""),"") | T11: =IF(F11>30,IF(F11<=40,"X",""),"") | U11: =IF(F11>40,IF(F11<=50,"X",""),"") | V11: =IF(F11>50,IF(F11<=70,"X",""),"") | W11: =IF(F11>70,IF(F11<=100,"X",""),"") | Y11: =IF(P11="X",$I11,"") -> 15 | Z11: =IF(Q11="X",$I11,"") | AA11: =IF(R11="X",$I11,"") | AB11: =IF(S11="X",$I11,"") | AC11: =IF(T11="X",$I11,"") | AD11: =IF(U11="X",$I11,"") | AE11: =IF(V11="X",$I11,"") | AF11: =IF(W11="X",$I11,"") | AH11: =IF(P11="X",$J11,"") -> 15 | AI11: =IF(Q11="X",$J11,"") | AJ11: =IF(R11="X",$J11,"") | AK11: =IF(S11="X",$J11,"") | AL11: =IF(T11="X",$J11,"") | AM11: =IF(U11="X",$J11,"") | AN11: =IF(V11="X",$J11,"") | AO11: =IF(W11="X",$J11,"") | AQ11: =IF(AND(P11="X",$BJ11="F"),$K11,"") | AR11: =IF(AND(Q11="X",$BJ11="F"),$K11,"") | AS11: =IF(AND(R11="X",$BJ11="F"),$K11,"") | AT11: =IF(AND(S11="X",$BJ11="F"),$K11,"") | AU11: =IF(AND(T11="X",$BJ11="F"),$K11,"") | AV11: =IF(AND(U11="X",$BJ11="F"),$K11,"") | AW11: =IF(AND(V11="X",$BJ11="F"),$K11,"") | AX11: =IF(AND(W11="X",$BJ11="F"),$K11,"") | AZ11: =IF(AND(P11="X",$BJ11="P"),$K11,"") -> 4 | BA11: =IF(AND(Q11="X",$BJ11="P"),$K11,"") | BB11: =IF(AND(R11="X",$BJ11="P"),$K11,"") | BC11: =IF(AND(S11="X",$BJ11="P"),$K11,"") | BD11: =IF(AND(T11="X",$BJ11="P"),$K11,"") | BE11: =IF(AND(U11="X",$BJ11="P"),$K11,"") | BF11: =IF(AND(V11="X",$BJ11="P"),$K11,"") | BG11: =IF(AND(W11="X",$BJ11="P"),$K11,"") | BJ11: =IF(L11="","",IF(L11="SI","P","F")) -> P | BL11: =IF(P11="X",$BJ11,"") -> P | BM11: =IF(Q11="X",$BJ11,"") | BN11: =IF(R11="X",$BJ11,"") | BO11: =IF(S11="X",$BJ11,"") | BP11: =IF(T11="X",$BJ11,"") | BQ11: =IF(U11="X",$BJ11,"") | BR11: =IF(V11="X",$BJ11,"") | BS11: =IF(W11="X",$BJ11,"") | BU11: =IF(H11="SI",E11,"") -> 1 | BW11: =IF(H11="NO",IF(F11<=9,"X",""),"") | BX11: =IF(H11="NO",IF(F11>=10,IF(F11<=15,"X",""),"")) -> FALSE | BY11: =IF(H11="NO",IF(F11>=16,IF(F11<=20,"X",""),"")) -> FALSE | BZ11: =IF(H11="NO",IF(F11>=21,IF(F11<=30,"X",""),"")) -> FALSE | CA11: =IF(H11="NO",IF(F11>=31,IF(F11<=40,"X",""),"")) -> FALSE | CB11: =IF(H11="NO",IF(F11>=41,IF(F11<=50,"X",""),"")) -> FALSE | CC11: =IF(H11="NO",IF(F11>=51,IF(F11<=70,"X",""),"")) -> FALSE | CD11: =IF(H11="NO",IF(F11>=71,IF(F11<=90,"X",""),"")) -> FALSE
A12: 7 | B12: Jesus Alberto Marin David | C12: Santa Fe de Antioquia | D12: El Tunal | E12: 1 | F12: 3 | G12: Ninguna | H12: SI | I12: 14 | J12: 14 | K12: 4 | L12: SI | M12: Suelo | N12: 6 | P12: =IF(F12<=9,IF(F12>=1,"X",""),"") -> X | Q12: =IF(F12>=10,IF(F12<=15,"X",""),"") | R12: =IF(F12>15,IF(F12<=20,"X",""),"") | S12: =IF(F12>20,IF(F12<=30,"X",""),"") | T12: =IF(F12>30,IF(F12<=40,"X",""),"") | U12: =IF(F12>40,IF(F12<=50,"X",""),"") | V12: =IF(F12>50,IF(F12<=70,"X",""),"") | W12: =IF(F12>70,IF(F12<=100,"X",""),"") | Y12: =IF(P12="X",$I12,"") -> 14 | Z12: =IF(Q12="X",$I12,"") | AA12: =IF(R12="X",$I12,"") | AB12: =IF(S12="X",$I12,"") | AC12: =IF(T12="X",$I12,"") | AD12: =IF(U12="X",$I12,"") | AE12: =IF(V12="X",$I12,"") | AF12: =IF(W12="X",$I12,"") | AH12: =IF(P12="X",$J12,"") -> 14 | AI12: =IF(Q12="X",$J12,"") | AJ12: =IF(R12="X",$J12,"") | AK12: =IF(S12="X",$J12,"") | AL12: =IF(T12="X",$J12,"") | AM12: =IF(U12="X",$J12,"") | AN12: =IF(V12="X",$J12,"") | AO12: =IF(W12="X",$J12,"") | AQ12: =IF(AND(P12="X",$BJ12="F"),$K12,"") | AR12: =IF(AND(Q12="X",$BJ12="F"),$K12,"") | AS12: =IF(AND(R12="X",$BJ12="F"),$K12,"") | AT12: =IF(AND(S12="X",$BJ12="F"),$K12,"") | AU12: =IF(AND(T12="X",$BJ12="F"),$K12,"") | AV12: =IF(AND(U12="X",$BJ12="F"),$K12,"") | AW12: =IF(AND(V12="X",$BJ12="F"),$K12,"") | AX12: =IF(AND(W12="X",$BJ12="F"),$K12,"") | AZ12: =IF(AND(P12="X",$BJ12="P"),$K12,"") -> 4 | BA12: =IF(AND(Q12="X",$BJ12="P"),$K12,"") | BB12: =IF(AND(R12="X",$BJ12="P"),$K12,"") | BC12: =IF(AND(S12="X",$BJ12="P"),$K12,"") | BD12: =IF(AND(T12="X",$BJ12="P"),$K12,"") | BE12: =IF(AND(U12="X",$BJ12="P"),$K12,"") | BF12: =IF(AND(V12="X",$BJ12="P"),$K12,"") | BG12: =IF(AND(W12="X",$BJ12="P"),$K12,"") | BJ12: =IF(L12="","",IF(L12="SI","P","F")) -> P | BL12: =IF(P12="X",$BJ12,"") -> P | BM12: =IF(Q12="X",$BJ12,"") | BN12: =IF(R12="X",$BJ12,"") | BO12: =IF(S12="X",$BJ12,"") | BP12: =IF(T12="X",$BJ12,"") | BQ12: =IF(U12="X",$BJ12,"") | BR12: =IF(V12="X",$BJ12,"") | BS12: =IF(W12="X",$BJ12,"") | BU12: =IF(H12="SI",E12,"") -> 1 | BW12: =IF(H12="NO",IF(F12<=9,"X",""),"") | BX12: =IF(H12="NO",IF(F12>=10,IF(F12<=15,"X",""),"")) -> FALSE | BY12: =IF(H12="NO",IF(F12>=16,IF(F12<=20,"X",""),"")) -> FALSE | BZ12: =IF(H12="NO",IF(F12>=21,IF(F12<=30,"X",""),"")) -> FALSE | CA12: =IF(H12="NO",IF(F12>=31,IF(F12<=40,"X",""),"")) -> FALSE | CB12: =IF(H12="NO",IF(F12>=41,IF(F12<=50,"X",""),"")) -> FALSE | CC12: =IF(H12="NO",IF(F12>=51,IF(F12<=70,"X",""),"")) -> FALSE | CD12: =IF(H12="NO",IF(F12>=71,IF(F12<=90,"X",""),"")) -> FALSE
A13: 8 | B13: Luis Argiro Oquendo | C13: Santa Fe de Antioquia | D13: El Tunal | E13: 1 | F13: 4 | G13: Ninguna | H13: SI | I13: 15 | J13: 20 | K13: 4 | L13: SI | M13: Suelo | N13: 6 | P13: =IF(F13<=9,IF(F13>=1,"X",""),"") -> X | Q13: =IF(F13>=10,IF(F13<=15,"X",""),"") | R13: =IF(F13>15,IF(F13<=20,"X",""),"") | S13: =IF(F13>20,IF(F13<=30,"X",""),"") | T13: =IF(F13>30,IF(F13<=40,"X",""),"") | U13: =IF(F13>40,IF(F13<=50,"X",""),"") | V13: =IF(F13>50,IF(F13<=70,"X",""),"") | W13: =IF(F13>70,IF(F13<=100,"X",""),"") | Y13: =IF(P13="X",$I13,"") -> 15 | Z13: =IF(Q13="X",$I13,"") | AA13: =IF(R13="X",$I13,"") | AB13: =IF(S13="X",$I13,"") | AC13: =IF(T13="X",$I13,"") | AD13: =IF(U13="X",$I13,"") | AE13: =IF(V13="X",$I13,"") | AF13: =IF(W13="X",$I13,"") | AH13: =IF(P13="X",$J13,"") -> 20 | AI13: =IF(Q13="X",$J13,"") | AJ13: =IF(R13="X",$J13,"") | AK13: =IF(S13="X",$J13,"") | AL13: =IF(T13="X",$J13,"") | AM13: =IF(U13="X",$J13,"") | AN13: =IF(V13="X",$J13,"") | AO13: =IF(W13="X",$J13,"") | AQ13: =IF(AND(P13="X",$BJ13="F"),$K13,"") | AR13: =IF(AND(Q13="X",$BJ13="F"),$K13,"") | AS13: =IF(AND(R13="X",$BJ13="F"),$K13,"") | AT13: =IF(AND(S13="X",$BJ13="F"),$K13,"") | AU13: =IF(AND(T13="X",$BJ13="F"),$K13,"") | AV13: =IF(AND(U13="X",$BJ13="F"),$K13,"") | AW13: =IF(AND(V13="X",$BJ13="F"),$K13,"") | AX13: =IF(AND(W13="X",$BJ13="F"),$K13,"") | AZ13: =IF(AND(P13="X",$BJ13="P"),$K13,"") -> 4 | BA13: =IF(AND(Q13="X",$BJ13="P"),$K13,"") | BB13: =IF(AND(R13="X",$BJ13="P"),$K13,"") | BC13: =IF(AND(S13="X",$BJ13="P"),$K13,"") | BD13: =IF(AND(T13="X",$BJ13="P"),$K13,"") | BE13: =IF(AND(U13="X",$BJ13="P"),$K13,"") | BF13: =IF(AND(V13="X",$BJ13="P"),$K13,"") | BG13: =IF(AND(W13="X",$BJ13="P"),$K13,"") | BJ13: =IF(L13="","",IF(L13="SI","P","F")) -> P | BL13: =IF(P13="X",$BJ13,"") -> P | BM13: =IF(Q13="X",$BJ13,"") | BN13: =IF(R13="X",$BJ13,"") | BO13: =IF(S13="X",$BJ13,"") | BP13: =IF(T13="X",$BJ13,"") | BQ13: =IF(U13="X",$BJ13,"") | BR13: =IF(V13="X",$BJ13,"") | BS13: =IF(W13="X",$BJ13,"") | BU13: =IF(H13="SI",E13,"") -> 1 | BW13: =IF(H13="NO",IF(F13<=9,"X",""),"") | BX13: =IF(H13="NO",IF(F13>=10,IF(F13<=15,"X",""),"")) -> FALSE | BY13: =IF(H13="NO",IF(F13>=16,IF(F13<=20,"X",""),"")) -> FALSE | BZ13: =IF(H13="NO",IF(F13>=21,IF(F13<=30,"X",""),"")) -> FALSE | CA13: =IF(H13="NO",IF(F13>=31,IF(F13<=40,"X",""),"")) -> FALSE | CB13: =IF(H13="NO",IF(F13>=41,IF(F13<=50,"X",""),"")) -> FALSE | CC13: =IF(H13="NO",IF(F13>=51,IF(F13<=70,"X",""),"")) -> FALSE | CD13: =IF(H13="NO",IF(F13>=71,IF(F13<=90,"X",""),"")) -> FALSE
A14: 9 | B14: Alexander Urreo Urrego | C14: Santa Fe de Antioquia | D14: El Tunal | E14: 2 | F14: 5 | G14: Ninguna | H14: SI | I14: 25 | J14: 25 | K14: 4 | L14: SI | M14: Suelo | N14: 6 | P14: =IF(F14<=9,IF(F14>=1,"X",""),"") -> X | Q14: =IF(F14>=10,IF(F14<=15,"X",""),"") | R14: =IF(F14>15,IF(F14<=20,"X",""),"") | S14: =IF(F14>20,IF(F14<=30,"X",""),"") | T14: =IF(F14>30,IF(F14<=40,"X",""),"") | U14: =IF(F14>40,IF(F14<=50,"X",""),"") | V14: =IF(F14>50,IF(F14<=70,"X",""),"") | W14: =IF(F14>70,IF(F14<=100,"X",""),"") | Y14: =IF(P14="X",$I14,"") -> 25 | Z14: =IF(Q14="X",$I14,"") | AA14: =IF(R14="X",$I14,"") | AB14: =IF(S14="X",$I14,"") | AC14: =IF(T14="X",$I14,"") | AD14: =IF(U14="X",$I14,"") | AE14: =IF(V14="X",$I14,"") | AF14: =IF(W14="X",$I14,"") | AH14: =IF(P14="X",$J14,"") -> 25 | AI14: =IF(Q14="X",$J14,"") | AJ14: =IF(R14="X",$J14,"") | AK14: =IF(S14="X",$J14,"") | AL14: =IF(T14="X",$J14,"") | AM14: =IF(U14="X",$J14,"") | AN14: =IF(V14="X",$J14,"") | AO14: =IF(W14="X",$J14,"") | AQ14: =IF(AND(P14="X",$BJ14="F"),$K14,"") | AR14: =IF(AND(Q14="X",$BJ14="F"),$K14,"") | AS14: =IF(AND(R14="X",$BJ14="F"),$K14,"") | AT14: =IF(AND(S14="X",$BJ14="F"),$K14,"") | AU14: =IF(AND(T14="X",$BJ14="F"),$K14,"") | AV14: =IF(AND(U14="X",$BJ14="F"),$K14,"") | AW14: =IF(AND(V14="X",$BJ14="F"),$K14,"") | AX14: =IF(AND(W14="X",$BJ14="F"),$K14,"") | AZ14: =IF(AND(P14="X",$BJ14="P"),$K14,"") -> 4 | BA14: =IF(AND(Q14="X",$BJ14="P"),$K14,"") | BB14: =IF(AND(R14="X",$BJ14="P"),$K14,"") | BC14: =IF(AND(S14="X",$BJ14="P"),$K14,"") | BD14: =IF(AND(T14="X",$BJ14="P"),$K14,"") | BE14: =IF(AND(U14="X",$BJ14="P"),$K14,"") | BF14: =IF(AND(V14="X",$BJ14="P"),$K14,"") | BG14: =IF(AND(W14="X",$BJ14="P"),$K14,"") | BJ14: =IF(L14="","",IF(L14="SI","P","F")) -> P | BL14: =IF(P14="X",$BJ14,"") -> P | BM14: =IF(Q14="X",$BJ14,"") | BN14: =IF(R14="X",$BJ14,"") | BO14: =IF(S14="X",$BJ14,"") | BP14: =IF(T14="X",$BJ14,"") | BQ14: =IF(U14="X",$BJ14,"") | BR14: =IF(V14="X",$BJ14,"") | BS14: =IF(W14="X",$BJ14,"") | BU14: =IF(H14="SI",E14,"") -> 2 | BW14: =IF(H14="NO",IF(F14<=9,"X",""),"") | BX14: =IF(H14="NO",IF(F14>=10,IF(F14<=15,"X",""),"")) -> FALSE | BY14: =IF(H14="NO",IF(F14>=16,IF(F14<=20,"X",""),"")) -> FALSE | BZ14: =IF(H14="NO",IF(F14>=21,IF(F14<=30,"X",""),"")) -> FALSE | CA14: =IF(H14="NO",IF(F14>=31,IF(F14<=40,"X",""),"")) -> FALSE | CB14: =IF(H14="NO",IF(F14>=41,IF(F14<=50,"X",""),"")) -> FALSE | CC14: =IF(H14="NO",IF(F14>=51,IF(F14<=70,"X",""),"")) -> FALSE | CD14: =IF(H14="NO",IF(F14>=71,IF(F14<=90,"X",""),"")) -> FALSE
A15: 10 | B15: Celsa Julia Yepez | C15: Santa Fe de Antioquia | D15: El Tunal | E15: 1 | F15: 3 | G15: Ninguna | H15: SI | I15: 23 | J15: 23 | K15: 4 | L15: SI | M15: Suelo | N15: 6 | P15: =IF(F15<=9,IF(F15>=1,"X",""),"") -> X | Q15: =IF(F15>=10,IF(F15<=15,"X",""),"") | R15: =IF(F15>15,IF(F15<=20,"X",""),"") | S15: =IF(F15>20,IF(F15<=30,"X",""),"") | T15: =IF(F15>30,IF(F15<=40,"X",""),"") | U15: =IF(F15>40,IF(F15<=50,"X",""),"") | V15: =IF(F15>50,IF(F15<=70,"X",""),"") | W15: =IF(F15>70,IF(F15<=100,"X",""),"") | Y15: =IF(P15="X",$I15,"") -> 23 | Z15: =IF(Q15="X",$I15,"") | AA15: =IF(R15="X",$I15,"") | AB15: =IF(S15="X",$I15,"") | AC15: =IF(T15="X",$I15,"") | AD15: =IF(U15="X",$I15,"") | AE15: =IF(V15="X",$I15,"") | AF15: =IF(W15="X",$I15,"") | AH15: =IF(P15="X",$J15,"") -> 23 | AI15: =IF(Q15="X",$J15,"") | AJ15: =IF(R15="X",$J15,"") | AK15: =IF(S15="X",$J15,"") | AL15: =IF(T15="X",$J15,"") | AM15: =IF(U15="X",$J15,"") | AN15: =IF(V15="X",$J15,"") | AO15: =IF(W15="X",$J15,"") | AQ15: =IF(AND(P15="X",$BJ15="F"),$K15,"") | AR15: =IF(AND(Q15="X",$BJ15="F"),$K15,"") | AS15: =IF(AND(R15="X",$BJ15="F"),$K15,"") | AT15: =IF(AND(S15="X",$BJ15="F"),$K15,"") | AU15: =IF(AND(T15="X",$BJ15="F"),$K15,"") | AV15: =IF(AND(U15="X",$BJ15="F"),$K15,"") | AW15: =IF(AND(V15="X",$BJ15="F"),$K15,"") | AX15: =IF(AND(W15="X",$BJ15="F"),$K15,"") | AZ15: =IF(AND(P15="X",$BJ15="P"),$K15,"") -> 4 | BA15: =IF(AND(Q15="X",$BJ15="P"),$K15,"") | BB15: =IF(AND(R15="X",$BJ15="P"),$K15,"") | BC15: =IF(AND(S15="X",$BJ15="P"),$K15,"") | BD15: =IF(AND(T15="X",$BJ15="P"),$K15,"") | BE15: =IF(AND(U15="X",$BJ15="P"),$K15,"") | BF15: =IF(AND(V15="X",$BJ15="P"),$K15,"") | BG15: =IF(AND(W15="X",$BJ15="P"),$K15,"") | BJ15: =IF(L15="","",IF(L15="SI","P","F")) -> P | BL15: =IF(P15="X",$BJ15,"") -> P | BM15: =IF(Q15="X",$BJ15,"") | BN15: =IF(R15="X",$BJ15,"") | BO15: =IF(S15="X",$BJ15,"") | BP15: =IF(T15="X",$BJ15,"") | BQ15: =IF(U15="X",$BJ15,"") | BR15: =IF(V15="X",$BJ15,"") | BS15: =IF(W15="X",$BJ15,"") | BU15: =IF(H15="SI",E15,"") -> 1 | BW15: =IF(H15="NO",IF(F15<=9,"X",""),"") | BX15: =IF(H15="NO",IF(F15>=10,IF(F15<=15,"X",""),"")) -> FALSE | BY15: =IF(H15="NO",IF(F15>=16,IF(F15<=20,"X",""),"")) -> FALSE | BZ15: =IF(H15="NO",IF(F15>=21,IF(F15<=30,"X",""),"")) -> FALSE | CA15: =IF(H15="NO",IF(F15>=31,IF(F15<=40,"X",""),"")) -> FALSE | CB15: =IF(H15="NO",IF(F15>=41,IF(F15<=50,"X",""),"")) -> FALSE | CC15: =IF(H15="NO",IF(F15>=51,IF(F15<=70,"X",""),"")) -> FALSE | CD15: =IF(H15="NO",IF(F15>=71,IF(F15<=90,"X",""),"")) -> FALSE
A16: 11 | B16: Yaned Virginia Oquendo | C16: Santa Fe de Antioquia | D16: El Tunal | E16: 1 | F16: 3 | G16: Ninguna | H16: SI | I16: 15 | J16: 15 | K16: 4 | L16: SI | M16: Suelo | N16: 6 | P16: =IF(F16<=9,IF(F16>=1,"X",""),"") -> X | Q16: =IF(F16>=10,IF(F16<=15,"X",""),"") | R16: =IF(F16>15,IF(F16<=20,"X",""),"") | S16: =IF(F16>20,IF(F16<=30,"X",""),"") | T16: =IF(F16>30,IF(F16<=40,"X",""),"") | U16: =IF(F16>40,IF(F16<=50,"X",""),"") | V16: =IF(F16>50,IF(F16<=70,"X",""),"") | W16: =IF(F16>70,IF(F16<=100,"X",""),"") | Y16: =IF(P16="X",$I16,"") -> 15 | Z16: =IF(Q16="X",$I16,"") | AA16: =IF(R16="X",$I16,"") | AB16: =IF(S16="X",$I16,"") | AC16: =IF(T16="X",$I16,"") | AD16: =IF(U16="X",$I16,"") | AE16: =IF(V16="X",$I16,"") | AF16: =IF(W16="X",$I16,"") | AH16: =IF(P16="X",$J16,"") -> 15 | AI16: =IF(Q16="X",$J16,"") | AJ16: =IF(R16="X",$J16,"") | AK16: =IF(S16="X",$J16,"") | AL16: =IF(T16="X",$J16,"") | AM16: =IF(U16="X",$J16,"") | AN16: =IF(V16="X",$J16,"") | AO16: =IF(W16="X",$J16,"") | AQ16: =IF(AND(P16="X",$BJ16="F"),$K16,"") | AR16: =IF(AND(Q16="X",$BJ16="F"),$K16,"") | AS16: =IF(AND(R16="X",$BJ16="F"),$K16,"") | AT16: =IF(AND(S16="X",$BJ16="F"),$K16,"") | AU16: =IF(AND(T16="X",$BJ16="F"),$K16,"") | AV16: =IF(AND(U16="X",$BJ16="F"),$K16,"") | AW16: =IF(AND(V16="X",$BJ16="F"),$K16,"") | AX16: =IF(AND(W16="X",$BJ16="F"),$K16,"") | AZ16: =IF(AND(P16="X",$BJ16="P"),$K16,"") -> 4 | BA16: =IF(AND(Q16="X",$BJ16="P"),$K16,"") | BB16: =IF(AND(R16="X",$BJ16="P"),$K16,"") | BC16: =IF(AND(S16="X",$BJ16="P"),$K16,"") | BD16: =IF(AND(T16="X",$BJ16="P"),$K16,"") | BE16: =IF(AND(U16="X",$BJ16="P"),$K16,"") | BF16: =IF(AND(V16="X",$BJ16="P"),$K16,"") | BG16: =IF(AND(W16="X",$BJ16="P"),$K16,"") | BJ16: =IF(L16="","",IF(L16="SI","P","F")) -> P | BL16: =IF(P16="X",$BJ16,"") -> P | BM16: =IF(Q16="X",$BJ16,"") | BN16: =IF(R16="X",$BJ16,"") | BO16: =IF(S16="X",$BJ16,"") | BP16: =IF(T16="X",$BJ16,"") | BQ16: =IF(U16="X",$BJ16,"") | BR16: =IF(V16="X",$BJ16,"") | BS16: =IF(W16="X",$BJ16,"") | BU16: =IF(H16="SI",E16,"") -> 1 | BW16: =IF(H16="NO",IF(F16<=9,"X",""),"") | BX16: =IF(H16="NO",IF(F16>=10,IF(F16<=15,"X",""),"")) -> FALSE | BY16: =IF(H16="NO",IF(F16>=16,IF(F16<=20,"X",""),"")) -> FALSE | BZ16: =IF(H16="NO",IF(F16>=21,IF(F16<=30,"X",""),"")) -> FALSE | CA16: =IF(H16="NO",IF(F16>=31,IF(F16<=40,"X",""),"")) -> FALSE | CB16: =IF(H16="NO",IF(F16>=41,IF(F16<=50,"X",""),"")) -> FALSE | CC16: =IF(H16="NO",IF(F16>=51,IF(F16<=70,"X",""),"")) -> FALSE | CD16: =IF(H16="NO",IF(F16>=71,IF(F16<=90,"X",""),"")) -> FALSE
A17: 12 | B17: C.E.R. El Tunal | C17: Santa Fe de Antioquia | D17: El Tunal | E17: 1 | F17: 15 | G17: Ninguna | H17: SI | I17: 25 | J17: 25 | K17: 4 | L17: SI | M17: Suelo | N17: 6 | P17: =IF(F17<=9,IF(F17>=1,"X",""),"") | Q17: =IF(F17>=10,IF(F17<=15,"X",""),"") -> X | R17: =IF(F17>15,IF(F17<=20,"X",""),"") | S17: =IF(F17>20,IF(F17<=30,"X",""),"") | T17: =IF(F17>30,IF(F17<=40,"X",""),"") | U17: =IF(F17>40,IF(F17<=50,"X",""),"") | V17: =IF(F17>50,IF(F17<=70,"X",""),"") | W17: =IF(F17>70,IF(F17<=100,"X",""),"") | Y17: =IF(P17="X",$I17,"") | Z17: =IF(Q17="X",$I17,"") -> 25 | AA17: =IF(R17="X",$I17,"") | AB17: =IF(S17="X",$I17,"") | AC17: =IF(T17="X",$I17,"") | AD17: =IF(U17="X",$I17,"") | AE17: =IF(V17="X",$I17,"") | AF17: =IF(W17="X",$I17,"") | AH17: =IF(P17="X",$J17,"") | AI17: =IF(Q17="X",$J17,"") -> 25 | AJ17: =IF(R17="X",$J17,"") | AK17: =IF(S17="X",$J17,"") | AL17: =IF(T17="X",$J17,"") | AM17: =IF(U17="X",$J17,"") | AN17: =IF(V17="X",$J17,"") | AO17: =IF(W17="X",$J17,"") | AQ17: =IF(AND(P17="X",$BJ17="F"),$K17,"") | AR17: =IF(AND(Q17="X",$BJ17="F"),$K17,"") | AS17: =IF(AND(R17="X",$BJ17="F"),$K17,"") | AT17: =IF(AND(S17="X",$BJ17="F"),$K17,"") | AU17: =IF(AND(T17="X",$BJ17="F"),$K17,"") | AV17: =IF(AND(U17="X",$BJ17="F"),$K17,"") | AW17: =IF(AND(V17="X",$BJ17="F"),$K17,"") | AX17: =IF(AND(W17="X",$BJ17="F"),$K17,"") | AZ17: =IF(AND(P17="X",$BJ17="P"),$K17,"") | BA17: =IF(AND(Q17="X",$BJ17="P"),$K17,"") -> 4 | BB17: =IF(AND(R17="X",$BJ17="P"),$K17,"") | BC17: =IF(AND(S17="X",$BJ17="P"),$K17,"") | BD17: =IF(AND(T17="X",$BJ17="P"),$K17,"") | BE17: =IF(AND(U17="X",$BJ17="P"),$K17,"") | BF17: =IF(AND(V17="X",$BJ17="P"),$K17,"") | BG17: =IF(AND(W17="X",$BJ17="P"),$K17,"") | BJ17: =IF(L17="","",IF(L17="SI","P","F")) -> P | BL17: =IF(P17="X",$BJ17,"") | BM17: =IF(Q17="X",$BJ17,"") -> P | BN17: =IF(R17="X",$BJ17,"") | BO17: =IF(S17="X",$BJ17,"") | BP17: =IF(T17="X",$BJ17,"") | BQ17: =IF(U17="X",$BJ17,"") | BR17: =IF(V17="X",$BJ17,"") | BS17: =IF(W17="X",$BJ17,"") | BU17: =IF(H17="SI",E17,"") -> 1 | BW17: =IF(H17="NO",IF(F17<=9,"X",""),"") | BX17: =IF(H17="NO",IF(F17>=10,IF(F17<=15,"X",""),"")) -> FALSE | BY17: =IF(H17="NO",IF(F17>=16,IF(F17<=20,"X",""),"")) -> FALSE | BZ17: =IF(H17="NO",IF(F17>=21,IF(F17<=30,"X",""),"")) -> FALSE | CA17: =IF(H17="NO",IF(F17>=31,IF(F17<=40,"X",""),"")) -> FALSE | CB17: =IF(H17="NO",IF(F17>=41,IF(F17<=50,"X",""),"")) -> FALSE | CC17: =IF(H17="NO",IF(F17>=51,IF(F17<=70,"X",""),"")) -> FALSE | CD17: =IF(H17="NO",IF(F17>=71,IF(F17<=90,"X",""),"")) -> FALSE
... A49: 44 | B49: Javier Ignacio Vargas Quiros | C49: Santa Fe de Antioquia | D49: El Tunal | E49: 1 | F49: 5 | G49: Ninguna | H49: SI | I49: 3 | J49: 3 | K49: 2 | L49: SI | M49: Suelo | N49: 6 | P49: =IF(F49<=9,IF(F49>=1,"X",""),"") -> X | Q49: =IF(F49>=10,IF(F49<=15,"X",""),"") | R49: =IF(F49>15,IF(F49<=20,"X",""),"") | S49: =IF(F49>20,IF(F49<=30,"X",""),"") | T49: =IF(F49>30,IF(F49<=40,"X",""),"") | U49: =IF(F49>40,IF(F49<=50,"X",""),"") | V49: =IF(F49>50,IF(F49<=70,"X",""),"") | W49: =IF(F49>70,IF(F49<=100,"X",""),"") | Y49: =IF(P49="X",$I49,"") -> 3 | Z49: =IF(Q49="X",$I49,"") | AA49: =IF(R49="X",$I49,"") | AB49: =IF(S49="X",$I49,"") | AC49: =IF(T49="X",$I49,"") | AD49: =IF(U49="X",$I49,"") | AE49: =IF(V49="X",$I49,"") | AF49: =IF(W49="X",$I49,"") | AH49: =IF(P49="X",$J49,"") -> 3 | AI49: =IF(Q49="X",$J49,"") | AJ49: =IF(R49="X",$J49,"") | AK49: =IF(S49="X",$J49,"") | AL49: =IF(T49="X",$J49,"") | AM49: =IF(U49="X",$J49,"") | AN49: =IF(V49="X",$J49,"") | AO49: =IF(W49="X",$J49,"") | AQ49: =IF(AND(P49="X",$BJ49="F"),$K49,"") | AR49: =IF(AND(Q49="X",$BJ49="F"),$K49,"") | AS49: =IF(AND(R49="X",$BJ49="F"),$K49,"") | AT49: =IF(AND(S49="X",$BJ49="F"),$K49,"") | AU49: =IF(AND(T49="X",$BJ49="F"),$K49,"") | AV49: =IF(AND(U49="X",$BJ49="F"),$K49,"") | AW49: =IF(AND(V49="X",$BJ49="F"),$K49,"") | AX49: =IF(AND(W49="X",$BJ49="F"),$K49,"") | AZ49: =IF(AND(P49="X",$BJ49="P"),$K49,"") -> 2 | BA49: =IF(AND(Q49="X",$BJ49="P"),$K49,"") | BB49: =IF(AND(R49="X",$BJ49="P"),$K49,"") | BC49: =IF(AND(S49="X",$BJ49="P"),$K49,"") | BD49: =IF(AND(T49="X",$BJ49="P"),$K49,"") | BE49: =IF(AND(U49="X",$BJ49="P"),$K49,"") | BF49: =IF(AND(V49="X",$BJ49="P"),$K49,"") | BG49: =IF(AND(W49="X",$BJ49="P"),$K49,"") | BJ49: =IF(L49="","",IF(L49="SI","P","F")) -> P | BL49: =IF(P49="X",$BJ49,"") -> P | BM49: =IF(Q49="X",$BJ49,"") | BN49: =IF(R49="X",$BJ49,"") | BO49: =IF(S49="X",$BJ49,"") | BP49: =IF(T49="X",$BJ49,"") | BQ49: =IF(U49="X",$BJ49,"") | BR49: =IF(V49="X",$BJ49,"") | BS49: =IF(W49="X",$BJ49,"") | BU49: =IF(H49="SI",E49,"") -> 1 | BW49: =IF(H49="NO",IF(F49<=9,"X",""),"") | BX49: =IF(H49="NO",IF(F49>=10,IF(F49<=15,"X",""),"")) -> FALSE | BY49: =IF(H49="NO",IF(F49>=16,IF(F49<=20,"X",""),"")) -> FALSE | BZ49: =IF(H49="NO",IF(F49>=21,IF(F49<=30,"X",""),"")) -> FALSE | CA49: =IF(H49="NO",IF(F49>=31,IF(F49<=40,"X",""),"")) -> FALSE | CB49: =IF(H49="NO",IF(F49>=41,IF(F49<=50,"X",""),"")) -> FALSE | CC49: =IF(H49="NO",IF(F49>=51,IF(F49<=70,"X",""),"")) -> FALSE | CD49: =IF(H49="NO",IF(F49>=71,IF(F49<=90,"X",""),"")) -> FALSE
A50: 45 | N50: 5.5 km | P50: =IF(F50<=9,IF(F50>=1,"X",""),"") | Q50: =IF(F50>=10,IF(F50<=15,"X",""),"") | R50: =IF(F50>15,IF(F50<=20,"X",""),"") | S50: =IF(F50>20,IF(F50<=30,"X",""),"") | T50: =IF(F50>30,IF(F50<=40,"X",""),"") | U50: =IF(F50>40,IF(F50<=50,"X",""),"") | V50: =IF(F50>50,IF(F50<=70,"X",""),"") | W50: =IF(F50>70,IF(F50<=100,"X",""),"") | Y50: =IF(P50="X",$I50,"") | Z50: =IF(Q50="X",$I50,"") | AA50: =IF(R50="X",$I50,"") | AB50: =IF(S50="X",$I50,"") | AC50: =IF(T50="X",$I50,"") | AD50: =IF(U50="X",$I50,"") | AE50: =IF(V50="X",$I50,"") | AF50: =IF(W50="X",$I50,"") | AH50: =IF(P50="X",$J50,"") | AI50: =IF(Q50="X",$J50,"") | AJ50: =IF(R50="X",$J50,"") | AK50: =IF(S50="X",$J50,"") | AL50: =IF(T50="X",$J50,"") | AM50: =IF(U50="X",$J50,"") | AN50: =IF(V50="X",$J50,"") | AO50: =IF(W50="X",$J50,"") | AQ50: =IF(AND(P50="X",$BJ50="F"),$K50,"") | AR50: =IF(AND(Q50="X",$BJ50="F"),$K50,"") | AS50: =IF(AND(R50="X",$BJ50="F"),$K50,"") | AT50: =IF(AND(S50="X",$BJ50="F"),$K50,"") | AU50: =IF(AND(T50="X",$BJ50="F"),$K50,"") | AV50: =IF(AND(U50="X",$BJ50="F"),$K50,"") | AW50: =IF(AND(V50="X",$BJ50="F"),$K50,"") | AX50: =IF(AND(W50="X",$BJ50="F"),$K50,"") | AZ50: =IF(AND(P50="X",$BJ50="P"),$K50,"") | BA50: =IF(AND(Q50="X",$BJ50="P"),$K50,"") | BB50: =IF(AND(R50="X",$BJ50="P"),$K50,"") | BC50: =IF(AND(S50="X",$BJ50="P"),$K50,"") | BD50: =IF(AND(T50="X",$BJ50="P"),$K50,"") | BE50: =IF(AND(U50="X",$BJ50="P"),$K50,"") | BF50: =IF(AND(V50="X",$BJ50="P"),$K50,"") | BG50: =IF(AND(W50="X",$BJ50="P"),$K50,"") | BJ50: =IF(L50="","",IF(L50="SI","P","F")) | BL50: =IF(P50="X",$BJ50,"") | BM50: =IF(Q50="X",$BJ50,"") | BN50: =IF(R50="X",$BJ50,"") | BO50: =IF(S50="X",$BJ50,"") | BP50: =IF(T50="X",$BJ50,"") | BQ50: =IF(U50="X",$BJ50,"") | BR50: =IF(V50="X",$BJ50,"") | BS50: =IF(W50="X",$BJ50,"") | BU50: =IF(H50="SI",E50,"") | BW50: =IF(H50="NO",IF(F50<=9,"X",""),"") | BX50: =IF(H50="NO",IF(F50>=10,IF(F50<=15,"X",""),"")) -> FALSE | BY50: =IF(H50="NO",IF(F50>=16,IF(F50<=20,"X",""),"")) -> FALSE | BZ50: =IF(H50="NO",IF(F50>=21,IF(F50<=30,"X",""),"")) -> FALSE | CA50: =IF(H50="NO",IF(F50>=31,IF(F50<=40,"X",""),"")) -> FALSE | CB50: =IF(H50="NO",IF(F50>=41,IF(F50<=50,"X",""),"")) -> FALSE | CC50: =IF(H50="NO",IF(F50>=51,IF(F50<=70,"X",""),"")) -> FALSE | CD50: =IF(H50="NO",IF(F50>=71,IF(F50<=90,"X",""),"")) -> FALSE
A51: 46 | N51: 5.5 km | P51: =IF(F51<=9,IF(F51>=1,"X",""),"") | Q51: =IF(F51>=10,IF(F51<=15,"X",""),"") | R51: =IF(F51>15,IF(F51<=20,"X",""),"") | S51: =IF(F51>20,IF(F51<=30,"X",""),"") | T51: =IF(F51>30,IF(F51<=40,"X",""),"") | U51: =IF(F51>40,IF(F51<=50,"X",""),"") | V51: =IF(F51>50,IF(F51<=70,"X",""),"") | W51: =IF(F51>70,IF(F51<=100,"X",""),"") | Y51: =IF(P51="X",$I51,"") | Z51: =IF(Q51="X",$I51,"") | AA51: =IF(R51="X",$I51,"") | AB51: =IF(S51="X",$I51,"") | AC51: =IF(T51="X",$I51,"") | AD51: =IF(U51="X",$I51,"") | AE51: =IF(V51="X",$I51,"") | AF51: =IF(W51="X",$I51,"") | AH51: =IF(P51="X",$J51,"") | AI51: =IF(Q51="X",$J51,"") | AJ51: =IF(R51="X",$J51,"") | AK51: =IF(S51="X",$J51,"") | AL51: =IF(T51="X",$J51,"") | AM51: =IF(U51="X",$J51,"") | AN51: =IF(V51="X",$J51,"") | AO51: =IF(W51="X",$J51,"") | AQ51: =IF(AND(P51="X",$BJ51="F"),$K51,"") | AR51: =IF(AND(Q51="X",$BJ51="F"),$K51,"") | AS51: =IF(AND(R51="X",$BJ51="F"),$K51,"") | AT51: =IF(AND(S51="X",$BJ51="F"),$K51,"") | AU51: =IF(AND(T51="X",$BJ51="F"),$K51,"") | AV51: =IF(AND(U51="X",$BJ51="F"),$K51,"") | AW51: =IF(AND(V51="X",$BJ51="F"),$K51,"") | AX51: =IF(AND(W51="X",$BJ51="F"),$K51,"") | AZ51: =IF(AND(P51="X",$BJ51="P"),$K51,"") | BA51: =IF(AND(Q51="X",$BJ51="P"),$K51,"") | BB51: =IF(AND(R51="X",$BJ51="P"),$K51,"") | BC51: =IF(AND(S51="X",$BJ51="P"),$K51,"") | BD51: =IF(AND(T51="X",$BJ51="P"),$K51,"") | BE51: =IF(AND(U51="X",$BJ51="P"),$K51,"") | BF51: =IF(AND(V51="X",$BJ51="P"),$K51,"") | BG51: =IF(AND(W51="X",$BJ51="P"),$K51,"") | BJ51: =IF(L51="","",IF(L51="SI","P","F")) | BL51: =IF(P51="X",$BJ51,"") | BM51: =IF(Q51="X",$BJ51,"") | BN51: =IF(R51="X",$BJ51,"") | BO51: =IF(S51="X",$BJ51,"") | BP51: =IF(T51="X",$BJ51,"") | BQ51: =IF(U51="X",$BJ51,"") | BR51: =IF(V51="X",$BJ51,"") | BS51: =IF(W51="X",$BJ51,"") | BU51: =IF(H51="SI",E51,"") | BW51: =IF(H51="NO",IF(F51<=9,"X",""),"") | BX51: =IF(H51="NO",IF(F51>=10,IF(F51<=15,"X",""),"")) -> FALSE | BY51: =IF(H51="NO",IF(F51>=16,IF(F51<=20,"X",""),"")) -> FALSE | BZ51: =IF(H51="NO",IF(F51>=21,IF(F51<=30,"X",""),"")) -> FALSE | CA51: =IF(H51="NO",IF(F51>=31,IF(F51<=40,"X",""),"")) -> FALSE | CB51: =IF(H51="NO",IF(F51>=41,IF(F51<=50,"X",""),"")) -> FALSE | CC51: =IF(H51="NO",IF(F51>=51,IF(F51<=70,"X",""),"")) -> FALSE | CD51: =IF(H51="NO",IF(F51>=71,IF(F51<=90,"X",""),"")) -> FALSE
A52: 47 | N52: 5.5 km | P52: =IF(F52<=9,IF(F52>=1,"X",""),"") | Q52: =IF(F52>=10,IF(F52<=15,"X",""),"") | R52: =IF(F52>15,IF(F52<=20,"X",""),"") | S52: =IF(F52>20,IF(F52<=30,"X",""),"") | T52: =IF(F52>30,IF(F52<=40,"X",""),"") | U52: =IF(F52>40,IF(F52<=50,"X",""),"") | V52: =IF(F52>50,IF(F52<=70,"X",""),"") | W52: =IF(F52>70,IF(F52<=100,"X",""),"") | Y52: =IF(P52="X",$I52,"") | Z52: =IF(Q52="X",$I52,"") | AA52: =IF(R52="X",$I52,"") | AB52: =IF(S52="X",$I52,"") | AC52: =IF(T52="X",$I52,"") | AD52: =IF(U52="X",$I52,"") | AE52: =IF(V52="X",$I52,"") | AF52: =IF(W52="X",$I52,"") | AH52: =IF(P52="X",$J52,"") | AI52: =IF(Q52="X",$J52,"") | AJ52: =IF(R52="X",$J52,"") | AK52: =IF(S52="X",$J52,"") | AL52: =IF(T52="X",$J52,"") | AM52: =IF(U52="X",$J52,"") | AN52: =IF(V52="X",$J52,"") | AO52: =IF(W52="X",$J52,"") | AQ52: =IF(AND(P52="X",$BJ52="F"),$K52,"") | AR52: =IF(AND(Q52="X",$BJ52="F"),$K52,"") | AS52: =IF(AND(R52="X",$BJ52="F"),$K52,"") | AT52: =IF(AND(S52="X",$BJ52="F"),$K52,"") | AU52: =IF(AND(T52="X",$BJ52="F"),$K52,"") | AV52: =IF(AND(U52="X",$BJ52="F"),$K52,"") | AW52: =IF(AND(V52="X",$BJ52="F"),$K52,"") | AX52: =IF(AND(W52="X",$BJ52="F"),$K52,"") | AZ52: =IF(AND(P52="X",$BJ52="P"),$K52,"") | BA52: =IF(AND(Q52="X",$BJ52="P"),$K52,"") | BB52: =IF(AND(R52="X",$BJ52="P"),$K52,"") | BC52: =IF(AND(S52="X",$BJ52="P"),$K52,"") | BD52: =IF(AND(T52="X",$BJ52="P"),$K52,"") | BE52: =IF(AND(U52="X",$BJ52="P"),$K52,"") | BF52: =IF(AND(V52="X",$BJ52="P"),$K52,"") | BG52: =IF(AND(W52="X",$BJ52="P"),$K52,"") | BJ52: =IF(L52="","",IF(L52="SI","P","F")) | BL52: =IF(P52="X",$BJ52,"") | BM52: =IF(Q52="X",$BJ52,"") | BN52: =IF(R52="X",$BJ52,"") | BO52: =IF(S52="X",$BJ52,"") | BP52: =IF(T52="X",$BJ52,"") | BQ52: =IF(U52="X",$BJ52,"") | BR52: =IF(V52="X",$BJ52,"") | BS52: =IF(W52="X",$BJ52,"") | BU52: =IF(H52="SI",E52,"") | BW52: =IF(H52="NO",IF(F52<=9,"X",""),"") | BX52: =IF(H52="NO",IF(F52>=10,IF(F52<=15,"X",""),"")) -> FALSE | BY52: =IF(H52="NO",IF(F52>=16,IF(F52<=20,"X",""),"")) -> FALSE | BZ52: =IF(H52="NO",IF(F52>=21,IF(F52<=30,"X",""),"")) -> FALSE | CA52: =IF(H52="NO",IF(F52>=31,IF(F52<=40,"X",""),"")) -> FALSE | CB52: =IF(H52="NO",IF(F52>=41,IF(F52<=50,"X",""),"")) -> FALSE | CC52: =IF(H52="NO",IF(F52>=51,IF(F52<=70,"X",""),"")) -> FALSE | CD52: =IF(H52="NO",IF(F52>=71,IF(F52<=90,"X",""),"")) -> FALSE
A53: 48 | N53: 5.5 km | P53: =IF(F53<=9,IF(F53>=1,"X",""),"") | Q53: =IF(F53>=10,IF(F53<=15,"X",""),"") | R53: =IF(F53>15,IF(F53<=20,"X",""),"") | S53: =IF(F53>20,IF(F53<=30,"X",""),"") | T53: =IF(F53>30,IF(F53<=40,"X",""),"") | U53: =IF(F53>40,IF(F53<=50,"X",""),"") | V53: =IF(F53>50,IF(F53<=70,"X",""),"") | W53: =IF(F53>70,IF(F53<=100,"X",""),"") | Y53: =IF(P53="X",$I53,"") | Z53: =IF(Q53="X",$I53,"") | AA53: =IF(R53="X",$I53,"") | AB53: =IF(S53="X",$I53,"") | AC53: =IF(T53="X",$I53,"") | AD53: =IF(U53="X",$I53,"") | AE53: =IF(V53="X",$I53,"") | AF53: =IF(W53="X",$I53,"") | AH53: =IF(P53="X",$J53,"") | AI53: =IF(Q53="X",$J53,"") | AJ53: =IF(R53="X",$J53,"") | AK53: =IF(S53="X",$J53,"") | AL53: =IF(T53="X",$J53,"") | AM53: =IF(U53="X",$J53,"") | AN53: =IF(V53="X",$J53,"") | AO53: =IF(W53="X",$J53,"") | AQ53: =IF(AND(P53="X",$BJ53="F"),$K53,"") | AR53: =IF(AND(Q53="X",$BJ53="F"),$K53,"") | AS53: =IF(AND(R53="X",$BJ53="F"),$K53,"") | AT53: =IF(AND(S53="X",$BJ53="F"),$K53,"") | AU53: =IF(AND(T53="X",$BJ53="F"),$K53,"") | AV53: =IF(AND(U53="X",$BJ53="F"),$K53,"") | AW53: =IF(AND(V53="X",$BJ53="F"),$K53,"") | AX53: =IF(AND(W53="X",$BJ53="F"),$K53,"") | AZ53: =IF(AND(P53="X",$BJ53="P"),$K53,"") | BA53: =IF(AND(Q53="X",$BJ53="P"),$K53,"") | BB53: =IF(AND(R53="X",$BJ53="P"),$K53,"") | BC53: =IF(AND(S53="X",$BJ53="P"),$K53,"") | BD53: =IF(AND(T53="X",$BJ53="P"),$K53,"") | BE53: =IF(AND(U53="X",$BJ53="P"),$K53,"") | BF53: =IF(AND(V53="X",$BJ53="P"),$K53,"") | BG53: =IF(AND(W53="X",$BJ53="P"),$K53,"") | BJ53: =IF(L53="","",IF(L53="SI","P","F")) | BL53: =IF(P53="X",$BJ53,"") | BM53: =IF(Q53="X",$BJ53,"") | BN53: =IF(R53="X",$BJ53,"") | BO53: =IF(S53="X",$BJ53,"") | BP53: =IF(T53="X",$BJ53,"") | BQ53: =IF(U53="X",$BJ53,"") | BR53: =IF(V53="X",$BJ53,"") | BS53: =IF(W53="X",$BJ53,"") | BU53: =IF(H53="SI",E53,"") | BW53: =IF(H53="NO",IF(F53<=9,"X",""),"") | BX53: =IF(H53="NO",IF(F53>=10,IF(F53<=15,"X",""),"")) -> FALSE | BY53: =IF(H53="NO",IF(F53>=16,IF(F53<=20,"X",""),"")) -> FALSE | BZ53: =IF(H53="NO",IF(F53>=21,IF(F53<=30,"X",""),"")) -> FALSE | CA53: =IF(H53="NO",IF(F53>=31,IF(F53<=40,"X",""),"")) -> FALSE | CB53: =IF(H53="NO",IF(F53>=41,IF(F53<=50,"X",""),"")) -> FALSE | CC53: =IF(H53="NO",IF(F53>=51,IF(F53<=70,"X",""),"")) -> FALSE | CD53: =IF(H53="NO",IF(F53>=71,IF(F53<=90,"X",""),"")) -> FALSE
A54: 49 | N54: 5.5 km | P54: =IF(F54<=9,IF(F54>=1,"X",""),"") | Q54: =IF(F54>=10,IF(F54<=15,"X",""),"") | R54: =IF(F54>15,IF(F54<=20,"X",""),"") | S54: =IF(F54>20,IF(F54<=30,"X",""),"") | T54: =IF(F54>30,IF(F54<=40,"X",""),"") | U54: =IF(F54>40,IF(F54<=50,"X",""),"") | V54: =IF(F54>50,IF(F54<=70,"X",""),"") | W54: =IF(F54>70,IF(F54<=100,"X",""),"") | Y54: =IF(P54="X",$I54,"") | Z54: =IF(Q54="X",$I54,"") | AA54: =IF(R54="X",$I54,"") | AB54: =IF(S54="X",$I54,"") | AC54: =IF(T54="X",$I54,"") | AD54: =IF(U54="X",$I54,"") | AE54: =IF(V54="X",$I54,"") | AF54: =IF(W54="X",$I54,"") | AH54: =IF(P54="X",$J54,"") | AI54: =IF(Q54="X",$J54,"") | AJ54: =IF(R54="X",$J54,"") | AK54: =IF(S54="X",$J54,"") | AL54: =IF(T54="X",$J54,"") | AM54: =IF(U54="X",$J54,"") | AN54: =IF(V54="X",$J54,"") | AO54: =IF(W54="X",$J54,"") | AQ54: =IF(AND(P54="X",$BJ54="F"),$K54,"") | AR54: =IF(AND(Q54="X",$BJ54="F"),$K54,"") | AS54: =IF(AND(R54="X",$BJ54="F"),$K54,"") | AT54: =IF(AND(S54="X",$BJ54="F"),$K54,"") | AU54: =IF(AND(T54="X",$BJ54="F"),$K54,"") | AV54: =IF(AND(U54="X",$BJ54="F"),$K54,"") | AW54: =IF(AND(V54="X",$BJ54="F"),$K54,"") | AX54: =IF(AND(W54="X",$BJ54="F"),$K54,"") | AZ54: =IF(AND(P54="X",$BJ54="P"),$K54,"") | BA54: =IF(AND(Q54="X",$BJ54="P"),$K54,"") | BB54: =IF(AND(R54="X",$BJ54="P"),$K54,"") | BC54: =IF(AND(S54="X",$BJ54="P"),$K54,"") | BD54: =IF(AND(T54="X",$BJ54="P"),$K54,"") | BE54: =IF(AND(U54="X",$BJ54="P"),$K54,"") | BF54: =IF(AND(V54="X",$BJ54="P"),$K54,"") | BG54: =IF(AND(W54="X",$BJ54="P"),$K54,"") | BJ54: =IF(L54="","",IF(L54="SI","P","F")) | BL54: =IF(P54="X",$BJ54,"") | BM54: =IF(Q54="X",$BJ54,"") | BN54: =IF(R54="X",$BJ54,"") | BO54: =IF(S54="X",$BJ54,"") | BP54: =IF(T54="X",$BJ54,"") | BQ54: =IF(U54="X",$BJ54,"") | BR54: =IF(V54="X",$BJ54,"") | BS54: =IF(W54="X",$BJ54,"") | BU54: =IF(H54="SI",E54,"") | BW54: =IF(H54="NO",IF(F54<=9,"X",""),"") | BX54: =IF(H54="NO",IF(F54>=10,IF(F54<=15,"X",""),"")) -> FALSE | BY54: =IF(H54="NO",IF(F54>=16,IF(F54<=20,"X",""),"")) -> FALSE | BZ54: =IF(H54="NO",IF(F54>=21,IF(F54<=30,"X",""),"")) -> FALSE | CA54: =IF(H54="NO",IF(F54>=31,IF(F54<=40,"X",""),"")) -> FALSE | CB54: =IF(H54="NO",IF(F54>=41,IF(F54<=50,"X",""),"")) -> FALSE | CC54: =IF(H54="NO",IF(F54>=51,IF(F54<=70,"X",""),"")) -> FALSE | CD54: =IF(H54="NO",IF(F54>=71,IF(F54<=90,"X",""),"")) -> FALSE
A55: 50 | N55: 5.5 km | P55: =IF(F55<=9,IF(F55>=1,"X",""),"") | Q55: =IF(F55>=10,IF(F55<=15,"X",""),"") | R55: =IF(F55>15,IF(F55<=20,"X",""),"") | S55: =IF(F55>20,IF(F55<=30,"X",""),"") | T55: =IF(F55>30,IF(F55<=40,"X",""),"") | U55: =IF(F55>40,IF(F55<=50,"X",""),"") | V55: =IF(F55>50,IF(F55<=70,"X",""),"") | W55: =IF(F55>70,IF(F55<=100,"X",""),"") | Y55: =IF(P55="X",$I55,"") | Z55: =IF(Q55="X",$I55,"") | AA55: =IF(R55="X",$I55,"") | AB55: =IF(S55="X",$I55,"") | AC55: =IF(T55="X",$I55,"") | AD55: =IF(U55="X",$I55,"") | AE55: =IF(V55="X",$I55,"") | AF55: =IF(W55="X",$I55,"") | AH55: =IF(P55="X",$J55,"") | AI55: =IF(Q55="X",$J55,"") | AJ55: =IF(R55="X",$J55,"") | AK55: =IF(S55="X",$J55,"") | AL55: =IF(T55="X",$J55,"") | AM55: =IF(U55="X",$J55,"") | AN55: =IF(V55="X",$J55,"") | AO55: =IF(W55="X",$J55,"") | AQ55: =IF(AND(P55="X",$BJ55="F"),$K55,"") | AR55: =IF(AND(Q55="X",$BJ55="F"),$K55,"") | AS55: =IF(AND(R55="X",$BJ55="F"),$K55,"") | AT55: =IF(AND(S55="X",$BJ55="F"),$K55,"") | AU55: =IF(AND(T55="X",$BJ55="F"),$K55,"") | AV55: =IF(AND(U55="X",$BJ55="F"),$K55,"") | AW55: =IF(AND(V55="X",$BJ55="F"),$K55,"") | AX55: =IF(AND(W55="X",$BJ55="F"),$K55,"") | AZ55: =IF(AND(P55="X",$BJ55="P"),$K55,"") | BA55: =IF(AND(Q55="X",$BJ55="P"),$K55,"") | BB55: =IF(AND(R55="X",$BJ55="P"),$K55,"") | BC55: =IF(AND(S55="X",$BJ55="P"),$K55,"") | BD55: =IF(AND(T55="X",$BJ55="P"),$K55,"") | BE55: =IF(AND(U55="X",$BJ55="P"),$K55,"") | BF55: =IF(AND(V55="X",$BJ55="P"),$K55,"") | BG55: =IF(AND(W55="X",$BJ55="P"),$K55,"") | BJ55: =IF(L55="","",IF(L55="SI","P","F")) | BL55: =IF(P55="X",$BJ55,"") | BM55: =IF(Q55="X",$BJ55,"") | BN55: =IF(R55="X",$BJ55,"") | BO55: =IF(S55="X",$BJ55,"") | BP55: =IF(T55="X",$BJ55,"") | BQ55: =IF(U55="X",$BJ55,"") | BR55: =IF(V55="X",$BJ55,"") | BS55: =IF(W55="X",$BJ55,"") | BU55: =IF(H55="SI",E55,"") | BW55: =IF(H55="NO",IF(F55<=9,"X",""),"") | BX55: =IF(H55="NO",IF(F55>=10,IF(F55<=15,"X",""),"")) -> FALSE | BY55: =IF(H55="NO",IF(F55>=16,IF(F55<=20,"X",""),"")) -> FALSE | BZ55: =IF(H55="NO",IF(F55>=21,IF(F55<=30,"X",""),"")) -> FALSE | CA55: =IF(H55="NO",IF(F55>=31,IF(F55<=40,"X",""),"")) -> FALSE | CB55: =IF(H55="NO",IF(F55>=41,IF(F55<=50,"X",""),"")) -> FALSE | CC55: =IF(H55="NO",IF(F55>=51,IF(F55<=70,"X",""),"")) -> FALSE | CD55: =IF(H55="NO",IF(F55>=71,IF(F55<=90,"X",""),"")) -> FALSE
E56: =+SUM(E6:E55) -> 46 | F56: =+SUM(F6:F55) -> 192 | G56: LONGITUD TUBERIA (m) | I56: =SUM(I6:I55) -> 741 | K56: =SUM(K6:K55) -> 256 | P56: =COUNTIF('FICHAS '!P6:P55,"X") -> 42 | Q56: =COUNTIF(Q6:Q55,"X") -> 2 | R56: =COUNTIF('FICHAS '!R6:R55,"X") -> 0 | S56: =COUNTIF(S6:S55,"X") -> 0 | T56: =COUNTIF('FICHAS '!T6:T55,"X") -> 0 | U56: =COUNTIF(U6:U55,"X") -> 0 | V56: =COUNTIF('FICHAS '!V6:V55,"X") -> 0 | W56: =COUNTIF(W6:W55,"X") -> 0 | Y56: =SUM(Y6:Y55) -> 691 | Z56: =SUM(Z6:Z55) -> 50 | AA56: =SUM(AA6:AA55) -> 0 | AB56: =SUM(AB6:AB55) -> 0 | AC56: =SUM(AC6:AC55) -> 0 | AD56: =SUM(AD6:AD55) -> 0 | AE56: =SUM(AE6:AE55) -> 0 | AF56: =SUM(AF6:AF55) -> 0 | AH56: =SUM(AH6:AH55) -> 716 | AI56: =SUM(AI6:AI55) -> 50 | AJ56: =SUM(AJ6:AJ55) -> 0 | AK56: =SUM(AK6:AK55) -> 0 | AL56: =SUM(AL6:AL55) -> 0 | AM56: =SUM(AM6:AM55) -> 0 | AN56: =SUM(AN6:AN55) -> 0 | AO56: =SUM(AO6:AO55) -> 0 | AQ56: =SUM(AQ6:AQ55) -> 45 | AR56: =SUM(AR6:AR55) -> 50 | AS56: =SUM(AS6:AS55) -> 0 | AT56: =SUM(AT6:AT55) -> 0 | AU56: =SUM(AU6:AU55) -> 0 | AV56: =SUM(AV6:AV55) -> 0 | AW56: =SUM(AW6:AW55) -> 0 | AX56: =SUM(AX6:AX55) -> 0 | AZ56: =SUM(AZ6:AZ55) -> 157 | BA56: =SUM(BA6:BA55) -> 4 | BB56: =SUM(BB6:BB55) -> 0 | BC56: =SUM(BC6:BC55) -> 0 | BD56: =SUM(BD6:BD55) -> 0 | BE56: =SUM(BE6:BE55) -> 0 | BF56: =SUM(BF6:BF55) -> 0 | BG56: =SUM(BG6:BG55) -> 0 | BI56: f | BJ56: =COUNTIF(BJ6:BJ55,"F") -> 2 | BL56: =COUNTIF(BL6:BL55,"F") -> 1 | BM56: =COUNTIF(BM6:BM55,"F") -> 1 | BN56: =COUNTIF(BN6:BN55,"F") -> 0 | BO56: =COUNTIF(BO6:BO55,"F") -> 0 | BP56: =COUNTIF(BP6:BP55,"F") -> 0 | BQ56: =COUNTIF(BQ6:BQ55,"F") -> 0 | BR56: =COUNTIF(BR6:BR55,"F") -> 0 | BS56: =COUNTIF(BS6:BS55,"F") -> 0 | BU56: =SUM(BU6:BU55) -> 46 | BW56: =COUNTIF(BW6:BW55,"X") -> 0 | BX56: =COUNTIF(BX6:BX55,"X") -> 0 | BY56: =COUNTIF(BY6:BY55,"X") -> 0 | BZ56: =COUNTIF(BZ6:BZ55,"X") -> 0 | CA56: =COUNTIF(CA6:CA55,"X") -> 0 | CB56: =COUNTIF(CB6:CB55,"X") -> 0 | CC56: =COUNTIF(CC6:CC55,"X") -> 0 | CD56: =COUNTIF(CD6:CD55,"X") -> 0
K57: =+#REF!-K56 -> #REF! | L57: =+#REF!-K56 -> #REF! | M57: Promedio | N57: =AVERAGE(N6:N56) -> 5.7727273 | P57: Total tanques | Q57: =SUM(P56:W56) -> 44 | Y57: =IF(Y56=0,0,(AVERAGE(Y6:Y55))) -> 16.452381 | Z57: =IF(Z56=0,0,(AVERAGE(Z6:Z55))) -> 25 | AA57: =IF(AA56=0,0,(AVERAGE(AA6:AA55))) -> 0 | AB57: =IF(AB56=0,0,(AVERAGE(AB6:AB55))) -> 0 | AC57: =IF(AC56=0,0,(AVERAGE(AC6:AC55))) -> 0 | AD57: =IF(AD56=0,0,(AVERAGE(AD6:AD55))) -> 0 | AE57: =IF(AE56=0,0,(AVERAGE(AE6:AE55))) -> 0 | AF57: =IF(AF56=0,0,(AVERAGE(AF6:AF55))) -> 0 | AH57: =IF(AH56=0,0,(AVERAGE(AH6:AH55))) -> 17.047619 | AI57: =IF(AI56=0,0,(AVERAGE(AI6:AI55))) -> 25 | AJ57: =IF(AJ56=0,0,(AVERAGE(AJ6:AJ55))) -> 0 | AK57: =IF(AK56=0,0,(AVERAGE(AK6:AK55))) -> 0 | AL57: =IF(AL56=0,0,(AVERAGE(AL6:AL55))) -> 0 | AM57: =IF(AM56=0,0,(AVERAGE(AM6:AM55))) -> 0 | AN57: =IF(AN56=0,0,(AVERAGE(AN6:AN55))) -> 0 | AO57: =IF(AO56=0,0,(AVERAGE(AO6:AO55))) -> 0 | AQ57: =IF(AQ56=0,0,(AVERAGE(AQ6:AQ55))) -> 45 | AR57: =IF(AR56=0,0,(AVERAGE(AR6:AR55))) -> 50 | AS57: =IF(AS56=0,0,(AVERAGE(AS6:AS55))) -> 0 | AT57: =IF(AT56=0,0,(AVERAGE(AT6:AT55))) -> 0 | AU57: =IF(AU56=0,0,(AVERAGE(AU6:AU55))) -> 0 | AV57: =IF(AV56=0,0,(AVERAGE(AV6:AV55))) -> 0 | AW57: =IF(AW56=0,0,(AVERAGE(AW6:AW55))) -> 0 | AX57: =IF(AX56=0,0,(AVERAGE(AX6:AX55))) -> 0 | AZ57: =IF(AZ56=0,0,(AVERAGE(AZ6:AZ55))) -> 3.8292683 | BA57: =IF(BA56=0,0,(AVERAGE(BA6:BA55))) -> 4 | BB57: =IF(BB56=0,0,(AVERAGE(BB6:BB55))) -> 0 | BC57: =IF(BC56=0,0,(AVERAGE(BC6:BC55))) -> 0 | BD57: =IF(BD56=0,0,(AVERAGE(BD6:BD55))) -> 0 | BE57: =IF(BE56=0,0,(AVERAGE(BE6:BE55))) -> 0 | BF57: =IF(BF56=0,0,(AVERAGE(BF6:BF55))) -> 0 | BG57: =IF(BG56=0,0,(AVERAGE(BG6:BG55))) -> 0 | BI57: p | BJ57: =COUNTIF(BJ6:BJ55,"P") -> 42 | BL57: =COUNTIF(BL6:BL55,"P") -> 41 | BM57: =COUNTIF(BM6:BM55,"P") -> 1 | BN57: =COUNTIF(BN6:BN55,"P") -> 0 | BO57: =COUNTIF(BO6:BO55,"P") -> 0 | BP57: =COUNTIF(BP6:BP55,"P") -> 0 | BQ57: =COUNTIF(BQ6:BQ55,"P") -> 0 | BR57: =COUNTIF(BR6:BR55,"P") -> 0 | BS57: =COUNTIF(BS6:BS55,"P") -> 0
B58: APORTES PERCAPITA PARA AGUAS RESIDUALES DOMESTICAS
I59: APORTES PERCAPITA PARA AGUAS RESIDUALES DOMESTICAS | BM59: F
I60: SEGUN EL COBRO DE TASAS RETRIBUTIVAS (EEPPM y CORANTIOQUIA) | N60: =+N64*15 -> 690 | BM60: P
A62: PARAMETRO | C62: INTERVALO | D62: VALOR SUGERIDO | I62: PARAMETRO | L62: VALOR
A63: DBO (20C) (gr/hab-dia) | C63: 25-80 | D63: 50 | I63: DBO (20C) (kg/hab-dia) | L63: 0.045 | M63: No. Total de tanques | N63: =+Q57 -> 44
A64: SST (gr/hab-dia) | C64: 30-100 | D64: 50 | I64: SST (kg/hab-dia) | L64: 0.0432 | M64: No. total viv. Beneficiadas | N64: =E56 -> 46
M65: Población Total beneficiada | N65: =+F56 -> 192
A67: TOTAL POBLACION | C67: =+F56 -> 192
A68: CARGA CONTAM. DBO (ton/dia) | C68: =+(L63*C67)/1000 -> 0.00864 | F68: CARGA CONTAM. DBO (kg/dia) | G68: =+(L63*F56) -> 8.64
A69: CARGA CONTAM. SST (ton/dia) | C69: =+(L64*F56)/1000 -> 0.0082944 | F69: CARGA CONTAM. SST (Kg/dia) | G69: =+(L64*F56) -> 8.2944
A70: TOTAL CARGA CONTAM. | C70: =SUM(C68:C69) -> 0.0169344 | F70: TOTAL CARGA CONTAM. | G70: =SUM(G68:G69) -> 16.9344
A72: CARGA CONTAM. DBO (ton/año) | C72: =+(L63*F56*365)/1000 -> 3.1536
A73: CARGA CONTAM. SST (ton/año) | C73: =+(L64*F56*365)/1000 -> 3.027456
A74: TOTAL CARGA CONTAM. | C74: =SUM(C72:C73) -> 6.181056

Sheet A.P.U. 2023
A1: ANÁLISIS DE PRECIOS UNITARIOS (A.P.U) 2023 | J1: Cantidad | K1: Cuando es cantidad se obtiene el valor total sin IVA como producto (multiplicación) de las columnas CAN/REN y valor unitario INCLUYE IVA
J2: Rendimiento | K2: Cuando es rendimiento se obtiene el valor total sin IVA como la relación (división) de las columnas CAN/REN y valor unitario INCLUYE IVA
A3: DESCRIPCION | B3: UN | C3: CAN/REN | D3: VALOR UNITARIO INCLUYE IVA | E3: IVA PARA TRÁMITE DE EXCLUSIÓN | F3: V/TOTAL SIN IVA | G3: V/TOTAL CON IVA
A5: EXCAVACIÓN MANUAL EN MATERIAL COMÚN HASTA 4 m DE PROFUNDIDAD, BAJO CUALQUIER GRADO DE HUMEDAD (m3)
A6: Dos ayudantes (día) | B6: día (Rend) | C6: 5 | D6: ='Salarios y transporte'!C4 -> 133396 | F6: =+D6/C6 -> 26679.2 | G6: =+D6/C6 -> 26679.2
A7: Herramienta menor (0.05 MO) | B7: gl | C7: 0.05 | D7: =+G6 -> 26679.2 | F7: =+D7*C7 -> 1333.96 | G7: =+D7*C7 -> 1333.96
A9: COSTO DIRECTO (m3) | F9: =SUM(F6:F7) -> 28013.16 | G9: =SUM(G6:G7) -> 28013.16
A11: EXCAVACION EN ROCA A CUALQUIER PROFUNDIDAD (m3)
A12: Material expansivo | B12: kg | C12: 3 | D12: ='Actualizacion de precios'!C16 -> 31361.389 | F12: =+D12*C12 -> 94084.166 | G12: =+D12*C12 -> 94084.166
A13: Minero | B13: día | C13: 3 | D13: ='Salarios y transporte'!C8 -> 97301 | F13: =+D13/C13 -> 32433.667 | G13: =+D13/C13 -> 32433.667
A14: Ayudante | B14: día | C14: 4 | D14: =+'Salarios y transporte'!C3 -> 66698 | F14: =+D14/C14 -> 16674.5 | G14: =+D14/C14 -> 16674.5
A15: Herramienta menor (0.05 MO) | B15: gl | C15: 0.05 | D15: =+G14+G13 -> 49108.167 | F15: =+D15*C15 -> 2455.4083 | G15: =+D15*C15 -> 2455.4083
A17: COSTO DIRECTO (m3) | F17: =SUM(F12:F16) -> 145647.74 | G17: =SUM(G12:G16) -> 145647.74
A19: LLENO Y APISONADO DE ZANJAS Y APIQUES CON MATERIAL SELECTO DE LA EXCAVACIÓN, INCLUYE ACARREO INTERNO (m3)
A20: Mano de obra (dos ayudantes) | B20: día | C20: 6 | D20: ='Salarios y transporte'!C4 -> 133396 | F20: =+D20/C20 -> 22232.667 | G20: =+D20/C20 -> 22232.667
A21: Herramienta menor (0.05 MO) | B21: gl | C21: 0.05 | D21: =+G20 -> 22232.667 | F21: =+D21*C21 -> 1111.6333 | G21: =+D21*C21 -> 1111.6333
A23: COSTO DIRECTO (m3) | F23: =SUM(F20:F22) -> 23344.3 | G23: =SUM(G20:G22) -> 23344.3
A25: REGADA DE MATERIAL PROVENIENTE DE LA EXCAVACIÓN Y CONFORMACIÓN DEL TERRENO (m3)
A26: Mano de obra (1 Ayudante) | B26: día | C26: 25 | D26: =+'Salarios y transporte'!C3 -> 66698 | F26: =+D26/C26 -> 2667.92 | G26: =+D26/C26 -> 2667.92
A27: Herramienta menor (0.05 MO) | B27: gl | C27: 0.05 | D27: =+G26 -> 2667.92 | F27: =+D27*C27 -> 133.396 | G27: =+D27*C27 -> 133.396
A29: COSTO DIRECTO (m3) | F29: =SUM(F26:F28) -> 2801.316 | G29: =SUM(G26:G28) -> 2801.316
A31: S.T.I. TUBERÍA PVC-S DE Ø2" (50 mm) INCLUYE ACCESORIOS (m). conexiones externas de diferentes derivaciones de redes provenientes de vivenda
A32: Suministro de tuberia PVC-S Ø2" | B32: m | C32: 1.05 | D32: ='Actualizacion de precios'!C31 -> 15121.5 | E32: =G32-F32 -> 2535.075 | F32: =C32*(D32/1.19) -> 13342.5 | G32: =D32*C32 -> 15877.575 | I32: ='ppto sistema septico'!V16 -> 289 | J32: =$I$32*(F32+F33+F35) -> 8787339.6 | K32: =$I$32*(G32+G33+G35) -> 10456934 | L32: =K32-J32 -> 1669594.5
A33: Accesorios | B33: gl | C33: 1 | D33: ='Actualizacion de precios'!C5 -> 18653.488 | E33: =G33-F33 -> 2978.288 | F33: =C33*(D33/1.19) -> 15675.2 | G33: =+C33*(D33) -> 18653.488
A34: Transporte | B34: viaje | C34: 0.001 | D34: ='Salarios y transporte'!C28 -> 166359.83 | E34: =G34-F34 -> 0 | F34: =+D34*C34 -> 166.35983 | G34: =+D34*C34 -> 166.35983
A35: Soldadura y limpiador | B35: 1/128 Galón | C35: 0.15 | D35: ='Actualizacion de precios'!C19 -> 11014 | E35: =G35-F35 -> 263.78067 | F35: =+D35*C35/1.19 -> 1388.3193 | G35: =+D35*C35 -> 1652.1
A36: Mano de obra (Oficial + 1 ayudante)/50m-día | B36: ml | C36: 50 | D36: ='Salarios y transporte'!C5 -> 194603 | E36: =G36-F36 -> 0 | F36: =+D36/C36 -> 3892.06 | G36: =+D36/C36 -> 3892.06
A37: Herramienta menor (0.05 MO) | B37: gl | C37: 0.05 | D37: =+G36 -> 3892.06 | E37: =G37-F37 -> 0 | F37: =+D37*C37 -> 194.603 | G37: =+D37*C37 -> 194.603
AA38: =+'A.P.U. 2023'!G3108 -> 0
A39: COSTO DIRECTO (m) | F39: =SUM(F32:F38) -> 34659.042 | G39: =SUM(G32:G38) -> 40436.186 | N39: Purga lodos: 2 codo 45º en un tramo de 3 m. de longitud
A41: S.T.I. TUBERÍA PVC-S DE Ø3" (75 mm) INCLUYE ACCESORIOS (m). Y la purga VER ESQUEMA,conexiones externas de diferentes derivaciones
A42: Suministro de tuberia PVC-S Ø3" | B42: ml | C42: 1.05 | D42: ='Actualizacion de precios'!C32 -> 22586 | E42: =G42-F42 -> 3786.4765 | F42: =C42*(D42/1.19) -> 19928.824 | G42: =+C42*(D42) -> 23715.3 | I42: ='ppto sistema septico'!V17 -> 741 | J42: =$I$42*(F42+F43+F45) -> 18948834 | K42: =$I$42*(G42+G43+G45) -> 22549113 | L42: =K42-J42 -> 3600278.5
A43: Accesorios | B43: global | C43: 1 | D43: ='Actualizacion de precios'!C6 -> 5063.2512 | E43: =G43-F43 -> 808.41826 | F43: =C43*(D43/1.19) -> 4254.8329 | G43: =+C43*(D43) -> 5063.2512
A44: Transporte | B44: viaje | C44: 0.001 | D44: ='Salarios y transporte'!C28 -> 166359.83 | E44: =G44-F44 -> 0 | F44: =+D44*C44 -> 166.35983 | G44: =+D44*C44 -> 166.35983
A45: Soldadura y limpiador | B45: 1/128 Galón | C45: 0.15 | D45: ='Actualizacion de precios'!C19 -> 11014 | E45: =G45-F45 -> 263.78067 | F45: =+C45*D45/1.19 -> 1388.3193 | G45: =+C45*D45 -> 1652.1
A46: Mano de obra (Oficial + ayudante)/40m-día | B46: ml | C46: 40 | D46: ='Salarios y transporte'!C5 -> 194603 | E46: =G46-F46 -> 0 | F46: =+D46/C46 -> 4865.075 | G46: =+D46/C46 -> 4865.075
A47: Herramienta menor (0.05 MO) | B47: gl | C47: 0.05 | D47: =+G46 -> 4865.075 | E47: =G47-F47 -> 0 | F47: =+D47*C47 -> 243.25375 | G47: =+D47*C47 -> 243.25375
A49: COSTO DIRECTO (m) | F49: =SUM(F42:F48) -> 30846.664 | G49: =SUM(G42:G48) -> 35705.34
A51: S.T.I. Tubería pvc-s de ø2" (50 mm). Trampa de grasa. Incluye accesorios
A52: Suministro de tuberia PVC-S Ø2" | B52: ml | C52: 1.05 | D52: ='Actualizacion de precios'!C31 -> 15121.5 | E52: =G52-F52 -> 2535.075 | F52: =C52*(D52/1.19) -> 13342.5 | G52: =+C52*(D52) -> 15877.575
A53: Accesorios | B53: global | C53: 1 | D53: ='Actualizacion de precios'!C6 -> 5063.2512 | E53: =G53-F53 -> 808.41826 | F53: =C53*(D53/1.19) -> 4254.8329 | G53: =+C53*(D53) -> 5063.2512
A54: Transporte | B54: viaje | C54: 0.001 | D54: ='Salarios y transporte'!C28 -> 166359.83 | E54: =G54-F54 -> 0 | F54: =+D54*C54 -> 166.35983 | G54: =+D54*C54 -> 166.35983
A55: Soldadura y limpiador | B55: 1/128 Galón | C55: 0.15 | D55: ='Actualizacion de precios'!C19 -> 11014 | E55: =G55-F55 -> 263.78067 | F55: =+C55*D55/1.19 -> 1388.3193 | G55: =+C55*D55 -> 1652.1
A56: Mano de obra (Oficial + ayudante)/40m-día | B56: ml | C56: 50 | D56: ='Salarios y transporte'!C5 -> 194603 | E56: =G56-F56 -> 0 | F56: =+D56/C56 -> 3892.06 | G56: =+D56/C56 -> 3892.06 | I56: =+'ppto sistema septico'!V18 -> 766 | J56: =$I$42*(F52+F53+F55) -> 14068368 | K56: =$I$42*(G52+G53+G55) -> 16741358 | L56: =K56-J56 -> 2672990
A57: Herramienta menor (0.05 MO) | B57: gl | C57: 0.05 | D57: =+G56 -> 3892.06 | E57: =G57-F57 -> 0 | F57: =+D57*C57 -> 194.603 | G57: =+D57*C57 -> 194.603
A59: COSTO DIRECTO (m) | F59: =SUM(F52:F58) -> 23238.675 | G59: =SUM(G52:G58) -> 26845.949
A61: S.T.I. DE SIFÓN S.R. DE 135° EN PVC-S Ø3" PARA CONTROL DE OLORES. (un)
A62: Suministro de Sifón S.R. de 135° en PVC-S Ø3" | B62: un | C62: 1 | D62: ='Actualizacion de precios'!C29 -> 13459 | E62: =G62-F62 -> 2148.916 | F62: =C62*(D62/1.19) -> 11310.084 | G62: =+C62*(D62) -> 13459 | I62: ='ppto sistema septico'!V19 -> 44 | J62: =(F62+F63+F64+F65)*$I$62 -> 1484389.9 | K62: =(G62+G63+G64+G65)*$I$62 -> 1766424 | L62: =K62-J62 -> 282034.08
A63: Suministro de Codo 45° de PVC-S Ø3" CXE | B63: un | C63: 1 | D63: ='Actualizacion de precios'!C24 -> 10371 | E63: =G63-F63 -> 1655.8739 | F63: =C63*(D63/1.19) -> 8715.1261 | G63: =+C63*(D63) -> 10371
A64: Suministro de Codo 90° de PVC-S Ø3" CXE | B64: un | C64: 1 | D64: ='Actualizacion de precios'!C27 -> 10809 | E64: =G64-F64 -> 1725.8067 | F64: =C64*(D64/1.19) -> 9083.1933 | G64: =+C64*(D64) -> 10809
A65: Soldadura y limpiador | B65: 1/128 Galón | C65: 0.5 | D65: ='Actualizacion de precios'!C19 -> 11014 | E65: =G65-F65 -> 879.26891 | F65: =+C65*D65/1.19 -> 4627.7311 | G65: =+D65*C65 -> 5507
A66: Transporte | B66: viaje | C66: 80 | D66: ='Salarios y transporte'!C28 -> 166359.83 | E66: =G66-F66 -> 0 | F66: =+D66/C66 -> 2079.4978 | G66: =+D66/C66 -> 2079.4978
A67: Mano de obra (Oficial) | B67: un | C67: 20 | D67: =+'Salarios y transporte'!C2 -> 127905 | F67: =+D67/C67 -> 6395.25 | G67: =+D67/C67 -> 6395.25
A68: Herramienta menor (0.05 MO) | B68: gl | C68: 0.05 | D68: =+G67 -> 6395.25 | F68: =+D68*C68 -> 319.7625 | G68: =+D68*C68 -> 319.7625
A70: COSTO DIRECTO (un) | F70: =SUM(F62:F69) -> 42530.645 | G70: =SUM(G62:G68) -> 48940.51
A72: S.T.I. DE SIFÓN S.R. DE 135° EN PVC-S Ø4" PARA CONTROL DE OLORES. (un)
A73: Suministro de Sifón S.R. de 135° en PVC-S Ø4" | B73: un | C73: 1 | D73: ='Actualizacion de precios'!C30 -> 29417 | E73: =G73-F73 -> 4696.8319 | F73: =C73*(D73/1.19) -> 24720.168 | G73: =+C73*(D73) -> 29417 | I73: =+'ppto sistema septico'!V20 -> 0 | J73: =(F73+F74+F75+F76)*$I$73 -> 0 | K73: =(G73+G74+G75+G76)*$I$73 -> 0 | L73: =K73-J73 -> 0
A74: Suministro de Codo 45° de PVC-S Ø4" CXE | B74: un | C74: 1 | D74: ='Actualizacion de precios'!C25 -> 18265 | E74: =G74-F74 -> 2916.2605 | F74: =C74*(D74/1.19) -> 15348.739 | G74: =+C74*(D74) -> 18265
A75: Suministro de Codo 90° de PVC-S Ø4" CxE | B75: un | C75: 1 | D75: ='Actualizacion de precios'!C28 -> 20016 | E75: =G75-F75 -> 3195.8319 | F75: =C75*(D75/1.19) -> 16820.168 | G75: =+C75*(D75) -> 20016
A76: Soldadura y limpiador | B76: 1/128 Galón | C76: 0.75 | D76: ='Actualizacion de precios'!C19 -> 11014 | E76: =G76-F76 -> 1318.9034 | F76: =+C76*D76/1.19 -> 6941.5966 | G76: =+D76*C76 -> 8260.5
A77: Transporte | B77: viaje | C77: 60 | D77: ='Salarios y transporte'!C28 -> 166359.83 | E77: =G77-F77 -> 0 | F77: =+D77/C77 -> 2772.6638 | G77: =+D77/C77 -> 2772.6638
A78: Mano de obra (Oficial) | B78: ml | C78: 15 | D78: =+'Salarios y transporte'!C2 -> 127905 | F78: =+D78/C78 -> 8527 | G78: =+D78/C78 -> 8527
A79: Herramienta menor (0.05 MO) | B79: gl | C79: 0.05 | D79: =+G78 -> 8527 | F79: =+D79*C79 -> 426.35 | G79: =+D79*C79 -> 426.35
A81: COSTO DIRECTO (un) | F81: =SUM(F73:F80) -> 75556.686 | G81: =SUM(G73:G79) -> 87684.514
A83: S.T.I. sistema séptico y FAFA prefabricado en P.R.F.V (Poliéster Reforzado Con Fibra De Vidrio) con capacidad para atender una población entre tres a nueve (3 a 9) habitantes(INCLUYE: ACCESORIOS INTERNOS, MATERIAL FILTRANTE PARA EL FAFA EN POLIPROPILENO DE BAJA DENSIDAD QUE GARANTICEN UN ÁREA SUPERFICIAL DE CONTACTO ≥ DE 90m2/m3, TUBERÍA DE PVC-S Ø2" CON ACCESORIOS Y MALLA MOSQUITERA DOBLE Y TRANSPORTE Y ACARREO HASTA EL SITIO DE LAS OBRAS). ADICIONALMENTE INCLUYE EL PROCESO DE ARRANQUE Y PUESTA EN MARCHA DEL SISTEMA Y SUMINISTRO DE LODO PARA SU INOCULACIÓN (un). Volumen de 1,500-1,800 litros.
A84: sistema séptico y FAFA prefabricado en P.R.F.V (Poliéster Reforzado Con Fibra De Vidrio) con capacidad para atender una población entre tres a nueve (3 a 9) habitantes, (incluye: accesorios internos, material filtrante para el FAFA que garanticen un área superficial de contacto ≥ 90m2/m3, tubería de PVC-S ø2" con accesorios y malla mosquitera doble. Volumen de 1,500-1,800 litros. | B84: un | C84: 1 | D84: =+'VALOR UNITARIO SS Y TG'!C5 -> 3363362 | E84: =G84-F84 -> 537007.38 | F84: =C84*(D84/1.19) -> 2826354.6 | G84: =+C84*(D84) -> 3363362 | I84: ='ppto sistema septico'!V21 -> 42 | J84: =I84*(F84+F87+F85) -> 1.1966628e+08 | K84: =I84*(G87+G84+G85) -> 1.4240287e+08 | L84: =K84-J84 -> 22736593
A85: Suministro de tuberia PVC-S Ø2" | B85: m | C85: 1 | D85: ='Actualizacion de precios'!C31 -> 15121.5 | E85: =G85-F85 -> 2414.3571 | F85: =C85*(D85/1.19) -> 12707.143 | G85: =+C85*(D85) -> 15121.5
A86: Suministro de Codo 90° de PVC-S Ø2" | B86: un | C86: 2 | D86: 0 | E86: =G86-F86 -> 0 | F86: =+C86*D86/1.19 -> 0 | G86: =+C86*(D86) -> 0
A87: Buje de 4x3 | B87: un | C87: 1 | D87: ='Actualizacion de precios'!C12 -> 12061 | E87: =G87-F87 -> 1925.7059 | F87: =+C87*D87/1.19 -> 10135.294 | G87: =+C87*(D87) -> 12061
A88: Malla mosquitera doble | B88: un | D88: 0 | F88: =+C88*D88/1.19 -> 0 | G88: =+C88*(D88) -> 0
A89: Transporte externo e interno | B89: un | C89: 1 | D89: ='Salarios y transporte'!C26 -> 162527.98 | F89: =+D89/C89 -> 162527.98 | G89: =+D89/C89 -> 162527.98
A90: COSTO SUMINISTRO Y TRANSPORTE (un) | F90: =SUM(F84:F89) -> 3011725.1 | G90: =SUM(G84:G89) -> 3553072.5
A91: Mano de obra (Oficial + 2 ayudantes) | B91: dia | C91: 0.6 | D91: ='Salarios y transporte'!C6 -> 261301 | F91: =+D91/C91 -> 435501.67 | G91: =+D91/C91 -> 435501.67
A92: Herramienta menor (0.05 MO) | B92: gl | C92: 0.05 | D92: =+G91 -> 435501.67 | F92: =+D92*C92 -> 21775.083 | G92: =+D92*C92 -> 21775.083
A93: COSTO INSTALACIÓN | F93: =SUM(F91:F92) -> 457276.75 | G93: =SUM(G91:G92) -> 457276.75
A94: COSTO DIRECTO (un) | F94: =F90+F91+F92 -> 3469001.8 | G94: =G90+G91+G92 -> 4010349.3
A96: S.T.I. Trampa de grasas prefabricada en P.R.F.V (Poliéster Reforzado con Fibra De Vidrio) con capacidad para atender una población de tres a nueve (3 a 9) habitantes.
A97: Trampa de grasas prefabricada en P.R.F.V (Poliéster Reforzado con Fibra De Vidrio) con capacidad para atender una población de tres a nueve (3 a 9) habitantes. | B97: un | C97: 1 | D97: ='VALOR UNITARIO SS Y TG'!C19 -> 536821.32 | E97: =G97-F97 -> 85710.967 | F97: =C97*(D97/1.19) -> 451110.35 | G97: =+C97*(D97) -> 536821.32
A99: Suministro de Codo 90° de PVC-S Ø3" | B99: un | C99: 2 | D99: ='Actualizacion de precios'!C26 -> 2800 | E99: =G99-F99 -> 894.11765 | F99: =+C99*D99/1.19 -> 4705.8824 | G99: =+C99*(D99) -> 5600
A100: Unión para tubería sanitaria Ø3" | B100: un | C100: 1 | D100: ='Actualizacion de precios'!C37 -> 4693 | E100: =G100-F100 -> 749.30252 | F100: =+C100*D100/1.19 -> 3943.6975 | G100: =+C100*(D100) -> 4693
A101: Transporte externo e interno | B101: un | C101: 1 | D101: ='Salarios y transporte'!C28 -> 166359.83 | F101: =+D101/C101 -> 166359.83 | G101: =+D101/C101 -> 166359.83
A102: COSTO SUMINISTRO Y TRANSPORTE (un) | F102: =SUM(F97:F101) -> 626119.76 | G102: =SUM(G97:G101) -> 713474.14 | I102: ='ppto sistema septico'!V22 -> 46 | J102: =I102*(F97+F99+F100) -> 21148957 | K102: =I102*(G97+G99+G100) -> 25167259 | L102: =K102-J102 -> 4018301.8
A103: Mano de obra (Oficial) | B103: dia | C103: 2 | D103: ='Salarios y transporte'!C2 -> 127905 | F103: =+D103/C103 -> 63952.5 | G103: =+D103/C103 -> 63952.5
A104: Herramienta menor (0.05 MO) | B104: gl | C104: 0.05 | D104: =+G103 -> 63952.5 | F104: =+D104*C104 -> 3197.625 | G104: =+D104*C104 -> 3197.625
A105: COSTO INSTALACIÓN | F105: =SUM(F103:F104) -> 67150.125 | G105: =SUM(G103:G104) -> 67150.125
A106: COSTO DIRECTO (un) | F106: =F102+F103+F104 -> 693269.88 | G106: =G102+G103+G104 -> 780624.27
A108: S.T.I. sistema séptico y FAFA prefabricado en P.R.F.V (Poliéster Reforzado Con Fibra De Vidrio) con capacidad para atender una población de diez a quince (10 a 15) habitantes (INCLUYE: ACCESORIOS INTERNOS, MATERIAL FILTRANTE PARA EL FAFA EN POLIPROPILENO DE BAJA DENSIDAD QUE GARANTICEN UN ÁREA SUPERFICIAL DE CONTACTO ≥ DE 90m2/m3, TUBERÍA DE PVC-S Ø2" CON ACCESORIOS Y MALLA MOSQUITERA DOBLE Y TRANSPORTE Y ACARREO HASTA EL SITIO DE LAS OBRAS). ADICIONALMENTE INCLUYE EL PROCESO DE ARRANQUE Y PUESTA EN MARCHA DEL SISTEMA Y SUMINISTRO DE LODO PARA SU INOCULACIÓN (un). Volumen de 2,300-2,500 litros.
A109: sistema séptico y FAFA prefabricado en P.R.F.V (Poliéster Reforzado Con Fibra De Vidrio) con capacidad para atender una población de diez a quince (10 a 15) habitantes, (incluye: accesorios internos, material filtrante para el FAFA que garanticen un área superficial de contacto ≥ 90m2/m3, tubería de PVC-S ø2" con accesorios y malla mosquitera doble. Volumen de 2,300-2,500 litros. | B109: un | C109: 1 | D109: =+'VALOR UNITARIO SS Y TG'!C6 -> 4185235.3 | E109: =G109-F109 -> 668230.85 | F109: =+C109*D109/1.19 -> 3517004.5 | G109: =+C109*D109 -> 4185235.3 | I109: =+'ppto sistema septico'!V23 -> 2 | J109: =I109*(F109+F112+F110) -> 7079693.8 | K109: =I109*(G109+G112+G110) -> 8424835.6 | L109: =K109-J109 -> 1345141.8
A110: Suministro de tuberia PVC-S Ø2" | B110: m | C110: 1 | D110: ='Actualizacion de precios'!C31 -> 15121.5 | E110: =G110-F110 -> 2414.3571 | F110: =C110*(D110/1.19) -> 12707.143 | G110: =+C110*(D110) -> 15121.5
A111: Suministro de Codo 90° de PVC-S Ø2" | B111: un | C111: 2 | D111: 0 | E111: =G111-F111 -> 0 | F111: =+C111*D111/1.19 -> 0 | G111: =+C111*D111 -> 0
A112: Buje de 4x3 | B112: un | C112: 1 | D112: ='Actualizacion de precios'!C12 -> 12061 | E112: =G112-F112 -> 1925.7059 | F112: =+C112*D112/1.19 -> 10135.294 | G112: =+C112*D112 -> 12061
A113: Malla mosquitera doble | B113: un | D113: 0 | E113: =G113-F113 -> 0 | F113: =+C113*D113/1.19 -> 0 | G113: =+C113*D113 -> 0
A114: Transporte externo e interno | B114: un | C114: 1 | D114: ='Salarios y transporte'!D26 -> 246828.52 | F114: =+D114/C114 -> 246828.52 | G114: =+D114/C114 -> 246828.52
A115: COSTO SUMINISTRO Y TRANSPORTE (un) | E115: =G115-F115 -> 672570.91 | F115: =SUM(F109:F114) -> 3786675.4 | G115: =SUM(G109:G114) -> 4459246.3
A116: Mano de obra (Oficial + 2 ayudantes) | B116: dia | C116: 0.6 | D116: =+'Salarios y transporte'!C6 -> 261301 | E116: =G116-F116 -> 0 | F116: =+D116/C116 -> 435501.67 | G116: =+D116/C116 -> 435501.67
A117: Herramienta menor (0.05 MO) | B117: gl | C117: 0.05 | D117: =+G116 -> 435501.67 | E117: =G117-F117 -> 0 | F117: =+D117*C117 -> 21775.083 | G117: =+D117*C117 -> 21775.083
A118: COSTO INSTALACIÓN | F118: =SUM(F116:F117) -> 457276.75 | G118: =SUM(G116:G117) -> 457276.75
A119: COSTO DIRECTO (un) | F119: =F115+F116+F117 -> 4243952.2 | G119: =G115+G116+G117 -> 4916523.1
A121: S.T.I. Trampa de grasas prefabricada en P.R.F.V (Poliéster Reforzado con Fibra De Vidrio) con capacidad para atender una población de diez a quince (10 a 15) habitantes.
A122: Trampa de grasas prefabricada en P.R.F.V (Poliéster Reforzado con Fibra De Vidrio) con capacidad para atender una población de diez a quince (10 a 15) habitantes. | B122: un | C122: 1 | D122: ='VALOR UNITARIO SS Y TG'!C20 -> 596612.9 | E122: =G122-F122 -> 95257.522 | F122: =C122*(D122/1.19) -> 501355.38 | G122: =+C122*(D122) -> 596612.9
...

Sheet Actualizacion de precios
A1: Ver informe técnico: 110-IT2302-1897
A3: PAVCO
A4: DESCRIPCIÓN | B4: UN | C4: VALOR UNITARIO INCLUYE IVA | F4: Se actualiza con IPC 13,12% o con catalogo Gerfor
A5: Accesorios | B5: gl | C5: =16490+16490*13.12% -> 18653.488 | F5: Catalogo PAVCO
A6: Accesorios | B6: global | C6: =4476+4476*13.12% -> 5063.2512
A7: Accesorios "Y doble" PVC Ø2 | B7: un | C7: =29584+29584*13.12% -> 33465.421
A8: Accesorios codos de 90° PVC Ø2 | B8: un | C8: =4971+4971*13.12% -> 5623.1952
A9: Adaptador macho de 3" | B9: un | C9: =28314+28314*13.12% -> 32028.797
A10: Adaptadores macho de 2" | B10: un | C10: =7230+7230*13.12% -> 8178.576
A11: Buje 3" X 2" en PVC-S | B11: un | C11: 6846
A12: Buje de 4x3 | B12: un | C12: 12061
A13: Codo 90 PVC S Ø4" | B13: un | C13: =17800+17800*13.12% -> 20135.36
A14: Extension de 50 cm en tuberia novafort de 12'' | B14: m | C14: =110444+110444*13.12% -> 124934.25
A15: Malla mosquitera doble | B15: un | C15: 0
A16: Material expansivo | B16: kg | C16: =27724+27724*13.12% -> 31361.389
A17: Medio codo de 45°x2" | B17: un | C17: 4825
A18: Medio codo de 45°x3" | B18: un | C18: 10371
A19: Soldadura y limpiador | B19: 1/128 Galón | C19: =(3957+7057) -> 11014
A20: Soldadura(1/32 galón), teflón (de 3/4"*1 m) y limpiador (1/32 galón) | B20: gl | C20: =23666+10452 -> 34118
A21: Suministro de adaptador hembra PVC de Ø2" | B21: un | C21: 12048
A22: Suministro de adaptador hembra PVC de Ø3" | B22: un | C22: 35394
A23: Suministro de adaptador macho rápido en PE de Ø3" | B23: un | C23: 31853
A24: Suministro de Codo 45° de PVC-S Ø3" CXE | B24: un | C24: 10371
A25: Suministro de Codo 45° de PVC-S Ø4" CXE | B25: un | C25: 18265
A26: Suministro de Codo 90° de PVC-S Ø2" | B26: un | C26: 2800
A27: Suministro de Codo 90° de PVC-S Ø3" CXE | B27: un | C27: 10809
A28: Suministro de Codo 90° de PVC-S Ø4" CxE | B28: un | C28: 20016
A29: Suministro de Sifón S.R. de 135° en PVC-S Ø3" | B29: un | C29: 13459
A30: Suministro de Sifón S.R. de 135° en PVC-S Ø4" | B30: un | C30: 29417
A31: Suministro de tuberia PVC-S Ø2" | B31: m | C31: =90729/6 -> 15121.5
A32: Suministro de tuberia PVC-S Ø3" | B32: ml | C32: =135516/6 -> 22586
A33: Suministro válvula de bola de Ø2" en PVC | B33: un | C33: =53802+53802*13.12% -> 60860.822
A34: TEE PVC S Ø 4" | B34: un | C34: =21504+21504*13.12% -> 24325.325
A35: Tubería PVS S perforada Ø 4" | B35: un | C35: =31006+31006*13.12% -> 35073.987
A36: Unión para tubería sanitaria Ø2" | B36: un | C36: 3251
A37: Unión para tubería sanitaria Ø3" | B37: un | C37: 4693
A38: Suministro de tuberia PVC-S Ø2" perforada | B38: m | C38: =13372+13372*13.12% -> 15126.406
A39: Otros No PAVCO
A40: DESCRIPCION | B40: UN | C40: VALOR UNITARIO INCLUYE IVA | D40: Proveedores
A41: =+'A.P.U. 2023'!A382:G382 -> S.T.I. GEOTEXTIL NT REFERENCIA 1600 (m2) | B41: m2 | C41: =5498+5498*13.12% -> 6219.3376 | D41: Se actualiza el valor de acuerdo al IPC 13,12%
A42: =+'A.P.U. 2023'!A390:G390 -> S.T.I. CAJAS PLÁSTICAS DE GASEOSA RECICLADAS DE 0,41mx0,34mx0,25m COMO MEDIO DE SOPORTE (m3) | B42: un | C42: =10200+10200*13.12% -> 11538.24 | D42: Se actualiza el valor de acuerdo al IPC 13,12%
A43: Suministro de adaptador macho rápido en PE de Ø2" | B43: un | C43: =16302.7238735354+16302.7238735354*13.12% -> 18441.641 | D43: Se actualiza el valor de acuerdo al IPC 13,12%
A44: suministro de apoyos metálicos para techo tipo invernadero | B44: un | C44: =89262.4385476333+89262.4385476333*13.12% -> 100973.67 | D44: Se actualiza el valor de acuerdo al IPC 13,12%
A45: Suministro de material filtrante grava 2" | B45: m3 | C45: =851031.445675694+851031.445675694*13.12% -> 962686.77 | D45: Antioqueña de arenas Tel 3030001 Cl. 36 Sur #26a-30, LA MIEL, Envigado, Caldas,
A46: Suministro de pintura epóxica para protección de tuberia expuesta | B46: galon | C46: 199900 | D46: https://www.homecenter.com.co/homecenter-co/category/cat6040001/pinturas-especializadas-e-industriales/
A47: Suministro de tubería de polietileno C40 - Ø2" | B47: m | C47: =5811.59856501338+5811.59856501338*13.12% -> 6574.0803 | D47: Se actualiza el valor de acuerdo al IPC 13,12%
A48: Suministro de tubería de polietileno C40 - Ø3" | B48: m | C48: =11878.9697419581+11878.9697419581*13.12% -> 13437.491 | D48: Se actualiza el valor de acuerdo al IPC 13,12%
A49: Suministro válvula de bola de Ø3" en PVC | B49: un | C49: 85093 | D49: https://www.hidroequipos.com.co/valvulas.html
A50: Tapa en fibra de vidrio de 12'' de diámetro, con manila | B50: un | C50: =81925+81925*13.12% -> 92673.56 | D50: consulta telefonica FISSAS Y SIPAS tel: 3225262324 4 4446099
A51: Techo tipo invernadero con cubierta en teja traslucida | B51: un | C51: 290900 | D51: https://www.homecenter.com.co/homecenter-co/category/cat5820029/tejas-traslucidas/
A52: Material triturado | B52: m3 | C52: 12500 | D52: Antioqueña de arenas Tel 3030001 Cl. 36 Sur #26a-30, LA MIEL, Envigado, Caldas,
A54: Suministro válvula de bola de Ø3" en PVC
A55: Fecha última consulta 21/02/2023
A68: Techo tipo invernadero con cubierta en teja traslucida Fecha última consulta 21/02/2023
A87: Suministro de pintura epóxica para protección de tuberia expuesta
A88: Fecha última consulta 31/05/2022

Sheet VALOR UNITARIO SS Y TG
A1: Ver informe técnico:110-IT2302-1897
A3: PRECIOS UNITARIOS SISTEMAS SÉPTICOS 2023
A4: CAPACIDAD DEL SISTEMA | B4: Valor usado 2022 | C4: Valor a usar 2023
A5: Suministro sistema séptico y FAFA prefabricado en P.R.F.V (Poliéster Reforzado Con Fibra De Vidrio) con capacidad para atender una población de tres a nueve (3 a 9) habitantes, (incluye: accesorios internos, material filtrante para el FAFA que garanticen un área superficial de contacto ≥ 90m2/m3, tubería de PVC-S ø2" con accesorios y malla mosquitera doble. Volumen de 1,500-1,800 litros | B5: 3194527.3 | C5: 3363362
A6: Suministro sistema séptico y FAFA prefabricado en P.R.F.V (Poliéster Reforzado Con Fibra De Vidrio) con capacidad para atender una población de diez a quince (10 a 15) habitantes, (incluye: accesorios internos, material filtrante para el FAFA que garanticen un área superficial de contacto ≥ 90m2/m3, tubería de PVC-S ø2" con accesorios y malla mosquitera doble. Volumen de 2,300-2,500 litros | B6: 3967834.3 | C6: 4185235.3
A7: Suministro sistema séptico y FAFA prefabricado en P.R.F.V (Poliéster Reforzado Con Fibra De Vidrio) con capacidad para atender una población de dieciséis a veinte (16 a 20) habitantes, (incluye: accesorios internos, material filtrante para el FAFA que garanticen un área superficial de contacto ≥ 90m2/m3, tubería de PVC-S ø2" con accesorios y malla mosquitera doble. Volumen de 3,000-3,300 litros | B7: 5213417.1 | C7: 5849730.9
A8: Suministro sistema séptico y FAFA prefabricado en P.R.F.V (Poliéster Reforzado Con Fibra De Vidrio) con capacidad para atender una población de veinti uno a treinta (21 a 30) habitantes, (incluye: accesorios internos, material filtrante para el FAFA que garanticen un área superficial de contacto ≥ 90m2/m3, tubería de PVC-S ø2" con accesorios y malla mosquitera doble. Volumen de 4,500-5,000 litros | B8: 7017761.5 | C8: 8197169.8
A9: Suministro sistema séptico y FAFA prefabricado en P.R.F.V (Poliéster Reforzado Con Fibra De Vidrio) con capacidad para atender una población de treinta y uno a cuarenta (31 a 40) habitantes, (incluye: accesorios internos, material filtrante para el FAFA que garanticen un área superficial de contacto ≥ 90m2/m3, tubería de PVC-S ø2" con accesorios y malla mosquitera doble. Volumen de 6,000-6,500 litros. | B9: 9601323.8 | C9: 10990728
A10: Suministro sistema séptico y FAFA prefabricado en P.R.F.V (Poliéster Reforzado Con Fibra De Vidrio) con capacidad para atender una población de cuarenta y uno a cincuenta (41 a 50) habitantes, (incluye: accesorios internos, material filtrante para el FAFA que garanticen un área superficial de contacto ≥ 90m2/m3, tubería de PVC-S ø2" con accesorios y malla mosquitera doble. Volumen de 7,500-8,000 litros. | B10: 12316724 | C10: 15032575
A11: Suministro sistema séptico y FAFA prefabricado en P.R.F.V (Poliéster Reforzado Con Fibra De Vidrio) con capacidad para atender una población de cincuenta y uno a setenta (51 a 70) habitantes, (incluye: accesorios internos, material filtrante para el FAFA que garanticen un área superficial de contacto ≥ 90m2/m3, tubería de PVC-S ø2" con accesorios y malla mosquitera doble. Volumen de 10,000-12,000 litros. | B11: 16810618 | C11: 19893570
A12: Suministro sistema séptico y FAFA prefabricado en P.R.F.V (Poliéster Reforzado Con Fibra De Vidrio) con capacidad para atender una población de setenta y uno a noventa (71 a 90) habitantes, (incluye: accesorios internos, material filtrante para el FAFA que garanticen un área superficial de contacto ≥ 90m2/m3, tubería de PVC-S ø2" con accesorios y malla mosquitera doble. Volumen > 12,000 litros. | B12: 21011516 | C12: 25060552
A13: Suministro de canal de entrada elaborado en P.R.F.V (Poliéster Reforzado con Fibra de Vidrio) L=2,20m | B13: 5376647.8 | C13: =+B13+B13*13.12% -> 6082064
A14: Suministro de lecho de secado elaborado en P.R.F.V (Poliéster Reforzado con Fibra de Vidrio) Ø=1,2m h=1,0m. | B14: 5020388.9 | C14: =+B14+B14*13.12% -> 5679063.9
A15: NOTA: LOS PROMEDIOS INCLUYEN IVA DEL 19%
A17: PRECIOS UNITARIOSTRAMPAS DE GRASA 2023
A18: CAPACIDAD DE LA TRAMPA DE GRASA | B18: Valor usado 2022 | C18: Valor a usar 2023
A19: ='A.P.U. 2023'!A97 -> Trampa de grasas prefabricada en P.R.F.V (Poliéster Reforzado con Fibra De Vidrio) con capacidad para atender una población de tres a nueve (3 a 9) habitantes. | B19: 419842.5 | C19: 536821.32
A20: ='A.P.U. 2023'!A122 -> Trampa de grasas prefabricada en P.R.F.V (Poliéster Reforzado con Fibra De Vidrio) con capacidad para atender una población de diez a quince (10 a 15) habitantes. | B20: 450782.5 | C20: 596612.9
A21: ='A.P.U. 2023'!A147 -> Trampa de grasas prefabricada en P.R.F.V (Poliéster Reforzado con Fibra De Vidrio) con capacidad para atender una población de dieciséis a veinte (16 a 20) habitantes. | B21: 529917.5 | C21: 750512.54
A22: ='A.P.U. 2023'!A171 -> Trampa de grasas prefabricada en P.R.F.V (Poliéster Reforzado con Fibra De Vidrio) con capacidad para atender una población de veinti uno a treinta (21 a 30) habitantes. | B22: 806820 | C22: 849118.14
A23: ='A.P.U. 2023'!A195 -> Trampa de grasas prefabricada en P.R.F.V (Poliéster Reforzado con Fibra De Vidrio) con capacidad para atender una población de treinta y uno a cuarenta (31 a 40) habitantes. | B23: 917886.67 | C23: 1491309.9
A24: ='A.P.U. 2023'!A219 -> Trampa de grasas prefabricada en P.R.F.V (Poliéster Reforzado con Fibra De Vidrio) con capacidad para atender una población de cuarenta y uno a cincuenta (41 a 50) habitantes. | B24: 1100750 | C24: 1784901
A25: ='A.P.U. 2023'!A242 -> Trampa de grasas prefabricada en P.R.F.V (Poliéster Reforzado con Fibra De Vidrio) con capacidad para atender una población de cincuenta y uno a setenta (51 a 70) habitantes. | B25: 1473220 | C25: 2756556.8
A26: ='A.P.U. 2023'!A266 -> Trampa de grasas prefabricada en P.R.F.V (Poliéster Reforzado con Fibra De Vidrio) con capacidad para atender una población de setenta y uno a noventa (71 a 90) habitantes. | B26: 1844500 | C26: 3586383.8
A27: NOTA: LOS VALORES INCLUYEN IVA DEL 19%

Sheet ESTUDIO MERCADO 2023
B1: Ver informe técnico: 110-IT2302-1897
B3: Ejercicio 1. Semáforo: Promedio de valores de cotización para tanques sépticos, canales de entrada y lechos de secado
B4: SUMINISTRO DE SISTEMA SÉPTICO DE ACUERDO A LA CAPACIDAD | C4: 1 | D4: 2 | E4: 3 | F4: 4 | G4: 5 | H4: Análisis de datos
C5: Fibrasing S.A.S | D5: Fiberglasing S.A.S | E5: Solo Fibras | F5: Fibras Industriales JL | G5: Ingeaguas S.A.S
C6: 110-COE2301-1508 | D6: 110-COE2302-5538 | E6: 110-COE2301-2792 | F6: 110-COE2302-5079 | G6: 110-COE2302-5730
C7: VALOR CON IVA DEL 19% | D7: VALOR CON IVA DEL 19% | E7: VALOR CON IVA DEL 19% | F7: VALOR CON IVA DEL 19% | G7: VALOR CON IVA DEL 19% | H7: Media Geométrica
A8: 1 | B8: Suministro sistema séptico y FAFA prefabricado en P.R.F.V (Poliéster Reforzado Con Fibra De Vidrio) con capacidad para atender una población de tres a nueve (3 a 9) habitantes, (incluye: accesorios internos, material filtrante para el FAFA que garanticen un área superficial de contacto ≥ 90m2/m3, tubería de PVC-S ø2" con accesorios y malla mosquitera doble. Recogido en fábrica. Volumen de 1.500-1.800 Litros. | C8: 3213000 | D8: 4715000 | E8: 3195150 | F8: 3094000 | G8: 2873850 | H8: =+GEOMEAN(C8:G8) -> 3363362
A9: 2 | B9: Suministro sistema séptico y FAFA prefabricado en P.R.F.V (Poliéster Reforzado Con Fibra De Vidrio) con capacidad para atender una población de diez a quince (10 a 15) habitantes, (incluye: accesorios internos, material filtrante para el FAFA que garanticen un área superficial de contacto ≥ 90m2/m3, tubería de PVC-S ø2" con accesorios y malla mosquitera doble.Recogido en fábrica. Volumen de 2.300-2.500 Litros. | C9: 4284000 | D9: 5068900 | E9: 4176900 | F9: 4165000 | G9: 3399125 | H9: =+GEOMEAN(C9:G9) -> 4185235.3
A10: 3 | B10: Suministro sistema séptico y FAFA prefabricado en P.R.F.V (Poliéster Reforzado Con Fibra De Vidrio) con capacidad para atender una población de dieciséis a veinte (16 a 20) habitantes, (incluye: accesorios internos, material filtrante para el FAFA que garanticen un área superficial de contacto ≥ 90m2/m3, tubería de PVC-S ø2" con accesorios y malla mosquitera doble. Recogido en fábrica. Volumen de 3.000-3.300 Litros. | C10: 5474000 | D10: 6898900 | E10: 5831000 | F10: 4879000 | G10: 6375598 | H10: =+GEOMEAN(C10:G10) -> 5849730.9
A11: 4 | B11: Suministro sistema séptico y FAFA prefabricado en P.R.F.V (Poliéster Reforzado Con Fibra De Vidrio) con capacidad para atender una población de veinti uno a treinta (21 a 30) habitantes, (incluye: accesorios internos, material filtrante para el FAFA que garanticen un área superficial de contacto ≥ 90m2/m3, tubería de PVC-S ø2" con accesorios y malla mosquitera doble. Recogido en fábrica. Volumen de 4.500-5.000 Litros. | C11: 8568000 | D11: 8466000 | E11: 8687000 | F11: 6069000 | G11: 9677763 | H11: =+GEOMEAN(C11:G11) -> 8197169.8
A12: 5 | B12: Suministro sistema séptico y FAFA prefabricado en P.R.F.V (Poliéster Reforzado Con Fibra De Vidrio) con capacidad para atender una población de treinta y uno a cuarenta (31 a 40) habitantes, (incluye: accesorios internos, material filtrante para el FAFA que garanticen un área superficial de contacto ≥ 90m2/m3, tubería de PVC-S ø2" con accesorios y malla mosquitera doble. Recogido en fábrica. Volumen de 6.000-6.500 Litros. | C12: 12495000 | D12: 11739500 | E12: 11067000 | F12: 8984500 | G12: 10995692 | H12: =+GEOMEAN(C12:G12) -> 10990728
A13: 6 | B13: Suministro sistema séptico y FAFA prefabricado en P.R.F.V (Poliéster Reforzado Con Fibra De Vidrio) con capacidad para atender una población de cuarenta y uno a cincuenta (41 a 50) habitantes, (incluye: accesorios internos, material filtrante para el FAFA que garanticen un área superficial de contacto ≥ 90m2/m3, tubería de PVC-S ø2" con accesorios y malla mosquitera doble. Recogido en fábrica. Volumen de 7.500-8.000 Litros. | C13: 17850000 | D13: 16964954 | E13: 14280000 | F13: 11959500 | G13: 14843449 | H13: =+GEOMEAN(C13:G13) -> 15032575
A14: 7 | B14: Suministro sistema séptico y FAFA prefabricado en P.R.F.V (Poliéster Reforzado Con Fibra De Vidrio) con capacidad para atender una población de cincuenta y uno a setenta (51 a 70) habitantes, (incluye: accesorios internos, material filtrante para el FAFA que garanticen un área superficial de contacto ≥ 90m2/m3, tubería de PVC-S ø2" con accesorios y malla mosquitera doble. Recogido en fábrica. Volumen de 10.000-12.000 Litros. | C14: 26180000 | D14: 18848296 | E14: 20468000 | F14: 17731000 | G14: 17398557 | H14: =+GEOMEAN(C14:G14) -> 19893570
A15: 8 | B15: Suministro sistema séptico y FAFA prefabricado en P.R.F.V (Poliéster Reforzado Con Fibra De Vidrio) con capacidad para atender una población de setenta y uno a noventa (71 a 90) habitantes, (incluye: accesorios internos, material filtrante para el FAFA que garanticen un área superficial de contacto ≥ 90m2/m3, tubería de PVC-S ø2" con accesorios y malla mosquitera doble. Recogido en fábrica. Volumen >12.000 Litros. | C15: 34510000 | D15: 22932279 | E15: 28560000 | F15: 22015000 | G15: 19864794 | H15: =+GEOMEAN(C15:G15) -> 25060552
A16: 9 | B16: Suministro de canal de entrada elaborado en P.R.F.V (Poliéster Reforzado con Fibra de Vidrio) L=2,20m | C16: 6902000 | D16: 8395791 | E16: 7259000 | F16: 2784600 | G16: 2698957 | H16: =+GEOMEAN(C16:G16) -> 5011577.3
A17: 10 | B17: Suministro de lecho de secado elaborado en P.R.F.V (Poliéster Reforzado con Fibra de Vidrio) Ø=1,2m h=1,0m. | C17: 6545000 | D17: 8976097 | E17: 7378000 | F17: 2308600 | G17: 2404654 | H17: =+GEOMEAN(C17:G17) -> 4745341
B19: Suministro de canal de entrada y lechos de secado | C19: Valor empleado en la vigencia 2022 | D19: Valor a emplear vigencia 2023 IPC
C20: 110-IT2207-7799 | D20: IPC 13,12%
B21: Suministro de canal de entrada elaborado en P.R.F.V (Poliéster Reforzado con Fibra de Vidrio) L=2,20m | C21: 5376647.8 | D21: =+C21+C21*13.12% -> 6082064
B22: Suministro de lecho de secado elaborado en P.R.F.V (Poliéster Reforzado con Fibra de Vidrio) Ø=1,2m h=1,0m. | C22: 5020388.9 | D22: =+C22+C22*13.12% -> 5679063.9
B24: ESTUDIO DE MERCADO PARA TRAMPAS DE GRASA VIGENCIA 2023.
B25: SUMINISTRO DE TRAMPA DE GRASA DE ACUERDO A LA CAPACIDAD | C25: 1 | D25: 2 | E25: 3 | F25: 4 | G25: 5 | H25: Análisis de datos
C26: Fibrasing S.A.S | D26: Fiberglasing S.A.S | E26: Solo Fibras | F26: Fibras Industriales JL | G26: Ingeaguas S.A.S
C27: 110-COE2301-1508 | D27: 110-COE2301-2768 | E27: 110-COE2301-2792 | F27: 110-COE2302-5079 | G27: 110-COE2302-5730
C28: VALOR CON IVA DEL 19% | D28: VALOR CON IVA DEL 19% | E28: VALOR CON IVA DEL 19% | F28: VALOR CON IVA DEL 19% | G28: VALOR CON IVA DEL 19% | H28: Media Geométrica
A29: 1 | B29: Trampa de grasas prefabricada en P.R.F.V (Poliéster Reforzado con Fibra De Vidrio) con capacidad para atender una población de tres a nueve (3-9) habitantes. | C29: 654500 | D29: 651000 | E29: 416500 | F29: =+E29+E29*19% -> 495635 | G29: 506852 | H29: =+GEOMEAN(C29:G29) -> 536821.32
A30: 2 | B30: Trampa de grasas prefabricada en P.R.F.V (Poliéster Reforzado con Fibra De Vidrio) con capacidad para atender una población de diez a quince (10-15) habitantes. | C30: 892500 | D30: 651000 | E30: 416500 | F30: =+E30+E30*19% -> 495635 | G30: 630227 | H30: =+GEOMEAN(C30:G30) -> 596612.9
A31: 3 | B31: Trampa de grasas prefabricada en P.R.F.V (Poliéster Reforzado con Fibra De Vidrio) con capacidad para atender una población de dieciséis a veinte (16 a 20) habitantes. | C31: 975800 | D31: 651000 | E31: 654500 | F31: =+E31+E31*19% -> 778855 | G31: 735329 | H31: =+GEOMEAN(C31:G31) -> 750512.54
A32: 4 | B32: Trampa de grasas prefabricada en P.R.F.V (Poliéster Reforzado con Fibra De Vidrio) con capacidad para atender una población de veinti uno a treinta (21 a 30) habitantes. | C32: 1428000 | D32: 651000 | E32: 654500 | F32: =+E32+E32*19% -> 778855 | G32: 931462 | H32: =+GEOMEAN(C32:G32) -> 849118.14
A33: 5 | B33: Trampa de grasas prefabricada en P.R.F.V (Poliéster Reforzado con Fibra De Vidrio) con capacidad para atender una población de treinta y uno a cuarenta (31 a 40) habitantes. | C33: 1904000 | D33: 1060000 | E33: 1642200 | F33: =+E33+E33*19% -> 1954218 | G33: 1138853 | H33: =+GEOMEAN(C33:G33) -> 1491309.9
A34: 6 | B34: Trampa de grasas prefabricada en P.R.F.V (Poliéster Reforzado con Fibra De Vidrio) con capacidad para atender una población de cuarenta y uno a cincuenta (41 a 50) habitantes. | C34: 2380000 | D34: No reporta Valor | E34: 1642200 | F34: =+E34+E34*19% -> 1954218 | G34: 1328864 | H34: =+GEOMEAN(C34:G34) -> 1784901
A35: 7 | B35: Trampa de grasas prefabricada en P.R.F.V (Poliéster Reforzado con Fibra De Vidrio) con capacidad para atender una población de cincuenta y uno a setenta (51 a 70) habitantes. | C35: 3570000 | D35: No reporta Valor | E35: 2618000 | F35: =+E35+E35*19% -> 3115420 | G35: 1982957 | H35: =+GEOMEAN(C35:G35) -> 2756556.8
A36: 8 | B36: Trampa de grasas prefabricada en P.R.F.V (Poliéster Reforzado con Fibra De Vidrio) con capacidad para atender una población de setenta y uno a noventa (71 a 90) habitantes. | C36: 4760000 | D36: No reporta Valor | E36: 3094000 | F36: =+E36+E36*19% -> 3681860 | G36: 3050932 | H36: =+GEOMEAN(C36:G36) -> 3586383.8

Sheet Salarios y transporte
B1: Remuneración del personal (jornales) | E1: 190-MEM2301-176 Jornal 2023
B2: Salario dia Oficial con prestaciones | C2: 127905
B3: Salario dia Ayudante con prestaciones | C3: 66698
B4: Salario dia 2 Ayudantes con prestaciones | C4: =+C3*2 -> 133396
B5: Salario Oficial + Ayudante dia con prestaciones | C5: =+C3+C2 -> 194603
B6: Salario Oficial + 2 Ayudantes dia | C6: =+C2+C3*2 -> 261301
B7: Salario Oficial + 3 Ayudantes dia | C7: =+C2+3*C3 -> 327999
B8: Minero | C8: 97301
B9: Nota: De acuerdo al conocimiento de los profesionales en la ejecución de obra, el salario del oficial se considera como dos veces el salario de un ayudante, es decir que equivale a dos mínimos.
B11: TRANSPORTE
B13: RESUMEN
B15: SELECCIONAR EL MUNICIPIO Y EL PROMEDIO DE DISTANCIAS DE LAS VEREDAS PARA EL CONVENIO
B16: Municipio/Capacidad del sistema | C16: Sistema de 1500-1800 | D16: Sistema de 2300-2500 | E16: Sistema de 3000-3300 | F16: Sistema de 4500-5000 | G16: Sistema de 6000-6500 | H16: Sistema de 7500-8000 | I16: Sistema de 10000-12000 | J16: Sistema mayor de 12000
A17: 1 | B17: Santa Fe de Antioquia | C17: =VLOOKUP($B$17,$B$48:$K$126,3,FALSE) -> 262783.42 | D17: =VLOOKUP($B$17,$B$48:$K$126,4,FALSE) -> 267110.26 | E17: =VLOOKUP($B$17,$B$48:$K$126,5,FALSE) -> 275763.94 | F17: =VLOOKUP($B$17,$B$48:$K$126,6,FALSE) -> 298840.42 | G17: =VLOOKUP($B$17,$B$48:$K$126,7,FALSE) -> 307494.1 | H17: =VLOOKUP($B$17,$B$48:$K$126,8,FALSE) -> 324801.46 | I17: =VLOOKUP($B$17,$B$48:$K$126,9,FALSE) -> 355089.34 | J17: =VLOOKUP($B$17,$B$48:$K$126,10,FALSE) -> 366627.58
A18: 2 | B18: Distancia vereda >= 10 km | C18: =VLOOKUP(B$18,B$155:J$156,2,FALSE) -> 224800.53 | D18: =VLOOKUP(C$18,C$155:K$156,2,FALSE) -> 226546.78 | E18: =VLOOKUP(D$18,D$155:L$156,2,FALSE) -> 230039.28 | F18: =VLOOKUP(E$18,E$155:M$156,2,FALSE) -> 239352.61 | G18: =VLOOKUP(F$18,F$155:N$156,2,FALSE) -> 242845.11 | H18: =VLOOKUP(G$18,G$155:O$156,2,FALSE) -> 249830.11 | I18: =VLOOKUP(H$18,H$155:P$156,2,FALSE) -> 262053.86 | J18: =VLOOKUP(I$18,I$155:Q$156,2,FALSE) -> 266710.52
B19: Promedio de las distancias veredales a la cabecera | C19: =+'FICHAS '!N57 -> 5.7727273
B21: VALOR TRANSPORTE CONVENIO
A22: 4 | B22: Cantidad tanques del convenio | C22: ='ppto sistema septico'!F8 -> 42 | D22: ='ppto sistema septico'!H8 -> 2 | E22: ='ppto sistema septico'!J8 -> 0 | F22: ='ppto sistema septico'!L8 -> 0 | G22: ='ppto sistema septico'!N8 -> 0 | H22: ='ppto sistema septico'!P8 -> 0 | I22: ='ppto sistema septico'!R8 -> 0 | J22: ='ppto sistema septico'!T8 -> 0
A23: 5 | B23: N° viajes x capacidad | C23: =ROUNDUP(C22/3,0) -> 14 | D23: =ROUNDUP(D22/3,0) -> 1 | E23: =ROUNDUP(E22/3,0) -> 0 | F23: =ROUNDUP(F22/2,0) -> 0 | G23: =ROUNDUP(G22/2,0) -> 0 | H23: =ROUNDUP(H22/1,0) -> 0 | I23: =ROUNDUP(I22/1,0) -> 0 | J23: =ROUNDUP(J22/1,0) -> 0
A24: 3=1+2 | B24: Valor transporte por sistema | C24: =C17+C18 -> 487583.95 | D24: =D17+D18 -> 493657.04 | E24: =E17+E18 -> 505803.22 | F24: =F17+F18 -> 538193.03 | G24: =G17+G18 -> 550339.21 | H24: =H17+H18 -> 574631.57 | I24: =I17+I18 -> 617143.19 | J24: =J17+J18 -> 633338.1
A25: 6=5*3 | B25: Valor Transporte por capacidad | C25: =C24*C23 -> 6826175.3 | D25: =D24*D23 -> 493657.04 | E25: =E24*E23 -> 0 | F25: =F24*F23 -> 0 | G25: =G24*G23 -> 0 | H25: =H24*H23 -> 0 | I25: =I24*I23 -> 0 | J25: =J24*J23 -> 0
A26: 7=6/4 | B26: Valor Transporte sistema por viaje | C26: =IFERROR(C25/C22,"0") -> 162527.98 | D26: =IFERROR(D25/D22,"0") -> 246828.52 | E26: =IFERROR(E25/E22,"0") -> 0 | F26: =IFERROR(F25/F22,"0") -> 0 | G26: =IFERROR(G25/G22,"0") -> 0 | H26: =IFERROR(H25/H22,"0") -> 0 | I26: =IFERROR(I25/I22,"0") -> 0 | J26: =IFERROR(J25/J22,"0") -> 0
A27: Suma 6 | B27: Valor total transporte | C27: =SUM(C25:J25) -> 7319832.3
A28: Promedio 6 respecto 4 | B28: Valor unitario | C28: =C27/('ppto sistema septico'!F8+'ppto sistema septico'!H8+'ppto sistema septico'!J8+'ppto sistema septico'!L8+'ppto sistema septico'!N8+'ppto sistema septico'!P8+'ppto sistema septico'!R8+'ppto sistema septico'!T8) -> 166359.83
B30: VARIABLES
B32: Ver informe técnico: 110-IT2302-1897
B33: Transporte | C33: Valores empleados vigencia 2022 según informe técnico 110-IT2207-7799 | H33: Valores a emplear vigencia 2023 IPC
C34: 1 | D34: 2 | E34: 3 | F34: ANÁLISIS DE DATOS | H34: ANÁLISIS DE DATOS
C35: MaproAgua 110-COE2205-17539 | D35: Fibrasing 110-COE2205-18554 | E35: Fibrambiente 110-COE2205-17528 | F35: Promedio (1) | G35: Promedio (2) | H35: Promedio (1) IPC 13,12% | I35: Promedio (2) IPC 13,12%
B36: Transporte por kilómetro recorrido para un sistema séptico y FAFA prefabricado en P.R.F.V (Poliéster Reforzado Con Fibra De Vidrio) con capacidad para atender una población de tres a nueve (3 a 9) habitantes. Volumen de 1.500-1.800 litros | C36: 4760 | D36: 4350 | E36: 10200 | F36: =AVERAGE(C36:E36) -> 6436.6667 | G36: =AVERAGE(C36:D36) -> 4555 | H36: =+F36+F36*13.12% -> 7281.1573 | I36: =+G36+G36*13.12% -> 5152.616
B37: Transporte por kilómetro recorrido para un sistema séptico y FAFA prefabricado en P.R.F.V (Poliéster Reforzado Con Fibra De Vidrio)con capacidad para atender una población de diez a quince (10 a 15) habitantes. Volumen de 2.300-2.500 litros. | C37: 4760 | D37: 4500 | E37: 10200 | F37: =AVERAGE(C37:E37) -> 6486.6667 | G37: =AVERAGE(C37:D37) -> 4630 | H37: =+F37+F37*13.12% -> 7337.7173 | I37: =+G37+G37*13.12% -> 5237.456
B38: Transporte por kilómetro recorrido para un sistema séptico y FAFA prefabricado en P.R.F.V (Poliéster Reforzado Con Fibra De Vidrio)con capacidad para atender una población dieciséis a veinte (16 a 20) habitantes. Volumen de 3.000-3.300 litros. | C38: 4760 | D38: 4800 | E38: 10200 | F38: =AVERAGE(C38:E38) -> 6586.6667 | G38: =AVERAGE(C38:D38) -> 4780 | H38: =+F38+F38*13.12% -> 7450.8373 | I38: =+G38+G38*13.12% -> 5407.136
B39: Transporte por kilómetro recorrido para un sistema séptico y FAFA prefabricado en P.R.F.V (Poliéster Reforzado Con Fibra De Vidrio)con capacidad para atender una población de veinti uno a treinta (21 a 30) habitantes.Volumen de 4.500-5.000 litros. | C39: 4760 | D39: 5600 | E39: 10200 | F39: =AVERAGE(C39:E39) -> 6853.3333 | G39: =AVERAGE(C39:D39) -> 5180 | H39: =+F39+F39*13.12% -> 7752.4907 | I39: =+G39+G39*13.12% -> 5859.616
B40: Transporte por kilómetro recorrido para un sistema séptico y FAFA prefabricado en P.R.F.V (Poliéster Reforzado Con Fibra De Vidrio)con capacidad para atender una población de treinta y uno a cuarenta (31 a 40) habitantes.Volumen de6.000-6.500 litros. | C40: 4760 | D40: 5900 | E40: 10200 | F40: =AVERAGE(C40:E40) -> 6953.3333 | G40: =AVERAGE(C40:D40) -> 5330 | H40: =+F40+F40*13.12% -> 7865.6107 | I40: =+G40+G40*13.12% -> 6029.296
B41: Transporte por kilómetro recorrido para un sistema séptico y FAFA prefabricado en P.R.F.V (Poliéster Reforzado Con Fibra De Vidrio)con capacidad para atender una población de cuarenta y uno a cincuenta (41 a 50) habitantes. Volumen de 7.500-8.000 litros. | C41: 4760 | D41: 6500 | E41: 10200 | F41: =AVERAGE(C41:E41) -> 7153.3333 | G41: =AVERAGE(C41:D41) -> 5630 | H41: =+F41+F41*13.12% -> 8091.8507 | I41: =+G41+G41*13.12% -> 6368.656
B42: Transporte por kilómetro recorrido para un sistema séptico y FAFA prefabricado en P.R.F.V (Poliéster Reforzado Con Fibra De Vidrio)con capacidad para atender una población de cincuenta y uno a setenta (51 a 70) habitantes. Volumen de 10.000-12.000 litros. | C42: 4760 | D42: 7550 | E42: 10200 | F42: =AVERAGE(C42:E42) -> 7503.3333 | G42: =AVERAGE(C42:D42) -> 6155 | H42: =+F42+F42*13.12% -> 8487.7707 | I42: =+G42+G42*13.12% -> 6962.536
B43: Transporte por kilómetro recorrido para un sistema séptico y FAFA prefabricado en P.R.F.V (Poliéster Reforzado Con Fibra De Vidrio)con capacidad para atender una población de setenta y uno a noventa (71 a 90) habitantes. Volumen > 12.000 litros. | C43: 4760 | D43: 7950 | E43: 10200 | F43: =AVERAGE(C43:E43) -> 7636.6667 | G43: =AVERAGE(C43:D43) -> 6355 | H43: =+F43+F43*13.12% -> 8638.5973 | I43: =+G43+G43*13.12% -> 7188.776
A45: 1 | B45: Transporte de Medellín a Cabeceras municipales: Valor unitario por kilómetro recorrido.
B46: Municipios Corantioquia
B47: Municipio | C47: Distancia [km] | D47: Sistema de 1500-1800 | E47: Sistema de 2300-2500 | F47: Sistema de 3000-3300 | G47: Sistema de 4500-5000 | H47: Sistema de 6000-6500 | I47: Sistema de 7500-8000 | J47: Sistema de 10000-12000 | K47: Sistema mayor de 12000
B48: Medellín | C48: 0 | D48: =C48*G$36 -> 0 | E48: =C48*G$37 -> 0 | F48: =C48*G$38 -> 0 | G48: =C48*G$39 -> 0 | H48: =C48*G$40 -> 0 | I48: =C48*G$41 -> 0 | J48: =C48*G$42 -> 0 | K48: =C48*G$43 -> 0
A49: P2 | B49: Bello | C49: 2 | D49: =+C49*I$36 -> 10305.232 | E49: =+C49*I$37 -> 10474.912 | F49: =+C49*I$38 -> 10814.272 | G49: =+C49*I$39 -> 11719.232 | H49: =+C49*I$40 -> 12058.592 | I49: =+C49*I$41 -> 12737.312 | J49: =+C49*I$42 -> 13925.072 | K49: =+C49*I$43 -> 14377.552
A50: P2 | B50: Envigado | C50: 5 | D50: =+C50*I$36 -> 25763.08 | E50: =+C50*I$37 -> 26187.28 | F50: =+C50*I$38 -> 27035.68 | G50: =+C50*I$39 -> 29298.08 | H50: =+C50*I$40 -> 30146.48 | I50: =+C50*I$41 -> 31843.28 | J50: =+C50*I$42 -> 34812.68 | K50: =+C50*I$43 -> 35943.88
A51: P2 | B51: Itagüí | C51: 5 | D51: =+C51*I$36 -> 25763.08 | E51: =+C51*I$37 -> 26187.28 | F51: =+C51*I$38 -> 27035.68 | G51: =+C51*I$39 -> 29298.08 | H51: =+C51*I$40 -> 30146.48 | I51: =+C51*I$41 -> 31843.28 | J51: =+C51*I$42 -> 34812.68 | K51: =+C51*I$43 -> 35943.88
A52: P2 | B52: Sabaneta | C52: 7.5 | D52: =+C52*I$36 -> 38644.62 | E52: =+C52*I$37 -> 39280.92 | F52: =+C52*I$38 -> 40553.52 | G52: =+C52*I$39 -> 43947.12 | H52: =+C52*I$40 -> 45219.72 | I52: =+C52*I$41 -> 47764.92 | J52: =+C52*I$42 -> 52219.02 | K52: =+C52*I$43 -> 53915.82
A53: P2 | B53: La Estrella | C53: 9.5 | D53: =+C53*I$36 -> 48949.852 | E53: =+C53*I$37 -> 49755.832 | F53: =+C53*I$38 -> 51367.792 | G53: =+C53*I$39 -> 55666.352 | H53: =+C53*I$40 -> 57278.312 | I53: =+C53*I$41 -> 60502.232 | J53: =+C53*I$42 -> 66144.092 | K53: =+C53*I$43 -> 68293.372
A54: P2 | B54: Copacabana | C54: 10.6 | D54: =+C54*I$36 -> 54617.73 | E54: =+C54*I$37 -> 55517.034 | F54: =+C54*I$38 -> 57315.642 | G54: =+C54*I$39 -> 62111.93 | H54: =+C54*I$40 -> 63910.538 | I54: =+C54*I$41 -> 67507.754 | J54: =+C54*I$42 -> 73802.882 | K54: =+C54*I$43 -> 76201.026
A55: P2 | B55: Caldas | C55: 16.2 | D55: =+C55*I$36 -> 83472.379 | E55: =+C55*I$37 -> 84846.787 | F55: =+C55*I$38 -> 87595.603 | G55: =+C55*I$39 -> 94925.779 | H55: =+C55*I$40 -> 97674.595 | I55: =+C55*I$41 -> 103172.23 | J55: =+C55*I$42 -> 112793.08 | K55: =+C55*I$43 -> 116458.17
A56: P2 | B56: Girardota | C56: 17.8 | D56: =+C56*I$36 -> 91716.565 | E56: =+C56*I$37 -> 93226.717 | F56: =+C56*I$38 -> 96247.021 | G56: =+C56*I$39 -> 104301.16 | H56: =+C56*I$40 -> 107321.47 | I56: =+C56*I$41 -> 113362.08 | J56: =+C56*I$42 -> 123933.14 | K56: =+C56*I$43 -> 127960.21
A57: P2 | B57: Heliconia | C57: 21.6 | D57: =+C57*I$36 -> 111296.51 | E57: =+C57*I$37 -> 113129.05 | F57: =+C57*I$38 -> 116794.14 | G57: =+C57*I$39 -> 126567.71 | H57: =+C57*I$40 -> 130232.79 | I57: =+C57*I$41 -> 137562.97 | J57: =+C57*I$42 -> 150390.78 | K57: =+C57*I$43 -> 155277.56
A58: P2 | B58: San Jerónimo | C58: 30.3 | D58: =+C58*I$36 -> 156124.26 | E58: =+C58*I$37 -> 158694.92 | F58: =+C58*I$38 -> 163836.22 | G58: =+C58*I$39 -> 177546.36 | H58: =+C58*I$40 -> 182687.67 | I58: =+C58*I$41 -> 192970.28 | J58: =+C58*I$42 -> 210964.84 | K58: =+C58*I$43 -> 217819.91
A59: P2 | B59: Armenia | C59: 30.7 | D59: =+C59*I$36 -> 158185.31 | E59: =+C59*I$37 -> 160789.9 | F59: =+C59*I$38 -> 165999.08 | G59: =+C59*I$39 -> 179890.21 | H59: =+C59*I$40 -> 185099.39 | I59: =+C59*I$41 -> 195517.74 | J59: =+C59*I$42 -> 213749.86 | K59: =+C59*I$43 -> 220695.42
A60: P2 | B60: Angelópolis | C60: 31.9 | D60: =+C60*I$36 -> 164368.45 | E60: =+C60*I$37 -> 167074.85 | F60: =+C60*I$38 -> 172487.64 | G60: =+C60*I$39 -> 186921.75 | H60: =+C60*I$40 -> 192334.54 | I60: =+C60*I$41 -> 203160.13 | J60: =+C60*I$42 -> 222104.9 | K60: =+C60*I$43 -> 229321.95
... A110: P2 | B110: Vegachí | C110: 138.1 | D110: =+C110*I$36 -> 711576.27 | E110: =+C110*I$37 -> 723292.67 | F110: =+C110*I$38 -> 746725.48 | G110: =+C110*I$39 -> 809212.97 | H110: =+C110*I$40 -> 832645.78 | I110: =+C110*I$41 -> 879511.39 | J110: =+C110*I$42 -> 961526.22 | K110: =+C110*I$43 -> 992769.97
A111: P1 | B111: Valdivia | C111: 150 | D111: =+C111*H$36 -> 1092173.6 | E111: =+C111*H$37 -> 1100657.6 | F111: =+C111*H$38 -> 1117625.6 | G111: =+C111*H$39 -> 1162873.6 | H111: =+C111*H$40 -> 1179841.6 | I111: =+C111*H$41 -> 1213777.6 | J111: =+C111*H$42 -> 1273165.6 | K111: =+C111*H$43 -> 1295789.6
A112: P1 | B112: Toledo | C112: 164 | D112: =+C112*H$36 -> 1194109.8 | E112: =+C112*H$37 -> 1203385.6 | F112: =+C112*H$38 -> 1221937.3 | G112: =+C112*H$39 -> 1271408.5 | H112: =+C112*H$40 -> 1289960.1 | I112: =+C112*H$41 -> 1327063.5 | J112: =+C112*H$42 -> 1391994.4 | K112: =+C112*H$43 -> 1416730
A113: P1 | B113: Anorí | C113: 166.6 | D113: =+C113*H$36 -> 1213040.8 | E113: =+C113*H$37 -> 1222463.7 | F113: =+C113*H$38 -> 1241309.5 | G113: =+C113*H$39 -> 1291564.9 | H113: =+C113*H$40 -> 1310410.7 | I113: =+C113*H$41 -> 1348102.3 | J113: =+C113*H$42 -> 1414062.6 | K113: =+C113*H$43 -> 1439190.3
A114: P1 | B114: Briceño | C114: 167.2 | D114: =+C114*H$36 -> 1217409.5 | E114: =+C114*H$37 -> 1226866.3 | F114: =+C114*H$38 -> 1245780 | G114: =+C114*H$39 -> 1296216.4 | H114: =+C114*H$40 -> 1315130.1 | I114: =+C114*H$41 -> 1352957.4 | J114: =+C114*H$42 -> 1419155.3 | K114: =+C114*H$43 -> 1444373.5
A115: P1 | B115: Puerto Berrío | C115: 177.3 | D115: =+C115*H$36 -> 1290949.2 | E115: =+C115*H$37 -> 1300977.3 | F115: =+C115*H$38 -> 1321033.5 | G115: =+C115*H$39 -> 1374516.6 | H115: =+C115*H$40 -> 1394572.8 | I115: =+C115*H$41 -> 1434685.1 | J115: =+C115*H$42 -> 1504881.7 | K115: =+C115*H$43 -> 1531623.3
A116: P1 | B116: Remedios | C116: 181.6 | D116: =+C116*H$36 -> 1322258.2 | E116: =+C116*H$37 -> 1332529.5 | F116: =+C116*H$38 -> 1353072.1 | G116: =+C116*H$39 -> 1407852.3 | H116: =+C116*H$40 -> 1428394.9 | I116: =+C116*H$41 -> 1469480.1 | J116: =+C116*H$42 -> 1541379.2 | K116: =+C116*H$43 -> 1568769.3
A117: P1 | B117: Ituango | C117: 187.2 | D117: =+C117*H$36 -> 1363032.7 | E117: =+C117*H$37 -> 1373620.7 | F117: =+C117*H$38 -> 1394796.7 | G117: =+C117*H$39 -> 1451266.3 | H117: =+C117*H$40 -> 1472442.3 | I117: =+C117*H$41 -> 1514794.4 | J117: =+C117*H$42 -> 1588910.7 | K117: =+C117*H$43 -> 1617145.4
A118: P1 | B118: Segovia | C118: 190.6 | D118: =+C118*H$36 -> 1387788.6 | E118: =+C118*H$37 -> 1398568.9 | F118: =+C118*H$38 -> 1420129.6 | G118: =+C118*H$39 -> 1477624.7 | H118: =+C118*H$40 -> 1499185.4 | I118: =+C118*H$41 -> 1542306.7 | J118: =+C118*H$42 -> 1617769.1 | K118: =+C118*H$43 -> 1646516.7
A119: P1 | B119: Tarazá | C119: 212.3 | D119: =+C119*H$36 -> 1545789.7 | E119: =+C119*H$37 -> 1557797.4 | F119: =+C119*H$38 -> 1581812.8 | G119: =+C119*H$39 -> 1645853.8 | H119: =+C119*H$40 -> 1669869.1 | I119: =+C119*H$41 -> 1717899.9 | J119: =+C119*H$42 -> 1801953.7 | K119: =+C119*H$43 -> 1833974.2
A120: P1 | B120: Puerto Nare | C120: 219.7 | D120: =+C120*H$36 -> 1599670.3 | E120: =+C120*H$37 -> 1612096.5 | F120: =+C120*H$38 -> 1636949 | G120: =+C120*H$39 -> 1703222.2 | H120: =+C120*H$40 -> 1728074.7 | I120: =+C120*H$41 -> 1777779.6 | J120: =+C120*H$42 -> 1864763.2 | K120: =+C120*H$43 -> 1897899.8
A121: P1 | B121: Cáceres | C121: 219.8 | D121: =+C121*H$36 -> 1600398.4 | E121: =+C121*H$37 -> 1612830.3 | F121: =+C121*H$38 -> 1637694 | G121: =+C121*H$39 -> 1703997.4 | H121: =+C121*H$40 -> 1728861.2 | I121: =+C121*H$41 -> 1778588.8 | J121: =+C121*H$42 -> 1865612 | K121: =+C121*H$43 -> 1898763.7
A122: P1 | B122: Caucasia | C122: 275.1 | D122: =+C122*H$36 -> 2003046.4 | E122: =+C122*H$37 -> 2018606 | F122: =+C122*H$38 -> 2049725.4 | G122: =+C122*H$39 -> 2132710.2 | H122: =+C122*H$40 -> 2163829.5 | I122: =+C122*H$41 -> 2226068.1 | J122: =+C122*H$42 -> 2334985.7 | K122: =+C122*H$43 -> 2376478.1
... A126: P1 | B126: Zaragoza | C126: 360 | D126: =+C126*H$36 -> 2621216.6 | E126: =+C126*H$37 -> 2641578.2 | F126: =+C126*H$38 -> 2682301.4 | G126: =+C126*H$39 -> 2790896.6 | H126: =+C126*H$40 -> 2831619.8 | I126: =+C126*H$41 -> 2913066.2 | J126: =+C126*H$42 -> 3055597.4 | K126: =+C126*H$43 -> 3109895
B128: Nota: Distancias tomadas de: https://www.antioquiadatos.gov.co/index.php/1-6-distancias-y-tiempos-por-carretera-desde-medellin-hasta-los-demas-municipios-de-antioquia-ano-2017
A130: 2 | B130: Transporte de cabeceras municipales a sitio de instalación zona veredal.
B131: Promedio del transportesegún distancia de las veredas del municipio
B132: Transporte interno | C132: Valor del transporte por cada pozo con capacidad de 3 a 9 personas. Volumen de 1,500-1,800 litros. | D132: Valor del transporte por cada pozo con capacidad 10 a 15 personas. Volumen de 2,300-2,500 litros. | E132: Valor del transporte por cada pozo con capacidad 16 a 20 personas. Volumen de 3,000-3,300 litros. | F132: Valor del transporte por cada pozo con capacidad 21 a 30 personas. Volumen de 4,500-5,000 litros. | G132: Valor del transporte por cada pozo con capacidad 31 a 40 personas. Volumen de 6,000-6,500 litros. | H132: Valor del transporte por cada pozo con capacidad 41 a 50 personas. Volumen de 7,500-8,000 litros. | I132: Valor del transporte por cada pozo con capacidad 51 a 70 personas. Volumen de 10,000-12,000 litros. | J132: Valor del transporte por cada pozo con capacidad 71 a 90 personas. Volumen > 12,000 litros.
B133: =C49 -> 2 | C133: =B133*H$36 -> 14562.315 | D133: =B133*H$37 -> 14675.435 | E133: =B133*H$38 -> 14901.675 | F133: =B133*H$39 -> 15504.981 | G133: =B133*H$40 -> 15731.221 | H133: =B133*H$41 -> 16183.701 | I133: =B133*H$42 -> 16975.541 | J133: =B133*H$43 -> 17277.195
B134: =C50 -> 5 | C134: =B134*H$36 -> 36405.787 | D134: =B134*H$37 -> 36688.587 | E134: =B134*H$38 -> 37254.187 | F134: =B134*H$39 -> 38762.453 | G134: =B134*H$40 -> 39328.053 | H134: =B134*H$41 -> 40459.253 | I134: =B134*H$42 -> 42438.853 | J134: =B134*H$43 -> 43192.987
B135: =C51 -> 5 | C135: =B135*H$36 -> 36405.787 | D135: =B135*H$37 -> 36688.587 | E135: =B135*H$38 -> 37254.187 | F135: =B135*H$39 -> 38762.453 | G135: =B135*H$40 -> 39328.053 | H135: =B135*H$41 -> 40459.253 | I135: =B135*H$42 -> 42438.853 | J135: =B135*H$43 -> 43192.987
B136: =C52 -> 7.5 | C136: =B136*H$36 -> 54608.68 | D136: =B136*H$37 -> 55032.88 | E136: =B136*H$38 -> 55881.28 | F136: =B136*H$39 -> 58143.68 | G136: =B136*H$40 -> 58992.08 | H136: =B136*H$41 -> 60688.88 | I136: =B136*H$42 -> 63658.28 | J136: =B136*H$43 -> 64789.48
B137: =C53 -> 9.5 | C137: =B137*H$36 -> 69170.995 | D137: =B137*H$37 -> 69708.315 | E137: =B137*H$38 -> 70782.955 | F137: =B137*H$39 -> 73648.661 | G137: =B137*H$40 -> 74723.301 | H137: =B137*H$41 -> 76872.581 | I137: =B137*H$42 -> 80633.821 | J137: =B137*H$43 -> 82066.675
B138: =C54 -> 10.6 | C138: =B138*H$36 -> 77180.268 | D138: =B138*H$37 -> 77779.804 | E138: =B138*H$38 -> 78978.876 | F138: =B138*H$39 -> 82176.401 | G138: =B138*H$40 -> 83375.473 | H138: =B138*H$41 -> 85773.617 | I138: =B138*H$42 -> 89970.369 | J138: =B138*H$43 -> 91569.132
B139: =C55 -> 16.2 | C139: =B139*H$36 -> 117954.75 | D139: =B139*H$37 -> 118871.02 | E139: =B139*H$38 -> 120703.56 | F139: =B139*H$39 -> 125590.35 | G139: =B139*H$40 -> 127422.89 | H139: =B139*H$41 -> 131087.98 | I139: =B139*H$42 -> 137501.88 | J139: =B139*H$43 -> 139945.28
B140: =C56 -> 17.8 | C140: =B140*H$36 -> 129604.6 | D140: =B140*H$37 -> 130611.37 | E140: =B140*H$38 -> 132624.9 | F140: =B140*H$39 -> 137994.33 | G140: =B140*H$40 -> 140007.87 | H140: =B140*H$41 -> 144034.94 | I140: =B140*H$42 -> 151082.32 | J140: =B140*H$43 -> 153767.03
B141: =C57 -> 21.6 | C141: =B141*H$36 -> 157273 | D141: =B141*H$37 -> 158494.69 | E141: =B141*H$38 -> 160938.09 | F141: =B141*H$39 -> 167453.8 | G141: =B141*H$40 -> 169897.19 | H141: =B141*H$41 -> 174783.97 | I141: =B141*H$42 -> 183335.85 | J141: =B141*H$43 -> 186593.7
B142: =C58 -> 30.3 | C142: =B142*H$36 -> 220619.07 | D142: =B142*H$37 -> 222332.84 | E142: =B142*H$38 -> 225760.37 | F142: =B142*H$39 -> 234900.47 | G142: =B142*H$40 -> 238328 | H142: =B142*H$41 -> 245183.08 | I142: =B142*H$42 -> 257179.45 | J142: =B142*H$43 -> 261749.5
B143: =C59 -> 30.7 | C143: =B143*H$36 -> 223531.53 | D143: =B143*H$37 -> 225267.92 | E143: =B143*H$38 -> 228740.71 | F143: =B143*H$39 -> 238001.46 | G143: =B143*H$40 -> 241474.25 | H143: =B143*H$41 -> 248419.82 | I143: =B143*H$42 -> 260574.56 | J143: =B143*H$43 -> 265204.94
B144: =C60 -> 31.9 | C144: =B144*H$36 -> 232268.92 | D144: =B144*H$37 -> 234073.18 | E144: =B144*H$38 -> 237681.71 | F144: =B144*H$39 -> 247304.45 | G144: =B144*H$40 -> 250912.98 | H144: =B144*H$41 -> 258130.04 | I144: =B144*H$42 -> 270759.88 | J144: =B144*H$43 -> 275571.25
... B153: =C69 -> 46.2 | C153: =B153*H$36 -> 336389.47 | D153: =B153*H$37 -> 339002.54 | E153: =B153*H$38 -> 344228.68 | F153: =B153*H$39 -> 358165.07 | G153: =B153*H$40 -> 363391.21 | H153: =B153*H$41 -> 373843.5 | I153: =B153*H$42 -> 392135 | J153: =B153*H$43 -> 399103.2
B154: Valor promedio de Medellín a cada cabecera Municipal < 50 km | C154: =AVERAGE(C133:C153) -> 187333.78 | D154: =AVERAGE(D133:D153) -> 188788.98 | E154: =AVERAGE(E133:E153) -> 191699.4 | F154: =AVERAGE(F133:F153) -> 199460.51 | G154: =AVERAGE(G133:G153) -> 202370.93 | H154: =AVERAGE(H133:H153) -> 208191.76 | I154: =AVERAGE(I133:I153) -> 218378.21 | J154: =AVERAGE(J133:J153) -> 222258.77
B155: Distancia vereda < 10km | C155: =C154 -> 187333.78 | D155: =D154 -> 188788.98 | E155: =E154 -> 191699.4 | F155: =F154 -> 199460.51 | G155: =G154 -> 202370.93 | H155: =H154 -> 208191.76 | I155: =I154 -> 218378.21 | J155: =J154 -> 222258.77
B156: Distancia vereda >= 10 km | C156: =C155*1.2 -> 224800.53 | D156: =D155*1.2 -> 226546.78 | E156: =E155*1.2 -> 230039.28 | F156: =F155*1.2 -> 239352.61 | G156: =G155*1.2 -> 242845.11 | H156: =H155*1.2 -> 249830.11 | I156: =I155*1.2 -> 262053.86 | J156: =J155*1.2 -> 266710.52

Sheet A.U
A1: Aunar esfuerzos para contribuir al saneamiento hídrico rural
C2: VALOR EN $ | D2: SUBTOTAL($) | F2: PORCENTAJE (%)
A3: 1. | B3: ADMINISTRACIÓN
A4: 1.1 | B4: Costos de preparación de la oferta | D4: _____________
B5: Otros (especificar en hoja aparte) | C5: _____________
A7: 1.2 | B7: Costos de legalización | D7: _____________
A8: 1.2.1 | B8: Garantías | C8: _____________ | F8: 2
A9: 1.2.2 | B9: Impuestos | C9: _____________ | F9: 15
A10: 1.2.3 | B10: Otros (especificar en hoja aparte) | C10: _____________
B11: Total | F11: 17
A12: 1.3 | B12: Costos del personal de administración del contrato | D12: _____________
A13: 1.3.1 | B13: Director de obras | C13: _____________
A14: 1.3.2 | B14: Ingeniero residente(s) | C14: _____________
A15: 1.3.4 | B15: Maestro(s) de obra, almacenista(s) y encargado(s) de diferentes actividades, secretaria(s) y mensajero(s) | C15: _____________
B16: total | F16: 2
A17: 1.4 | B17: Otros costos | D17: _____________
A18: 1.4.1 | B18: Arrendamientos, servicios, gastos de papelería, equipos de oficina y comunicaciones, | C18: _____________
A19: Total | F19: 2
B20: TOTAL ADMINISTRACIÓN | D20: _____________ | F20: 0.21
A23: 2. | B23: UTILIDAD | D23: _____________ | F23: 0.04
B25: TOTAL A.U. | D25: % | F25: =F20+F23 -> 0.25
